Workbook

Sheet ORÇAMENTO
A2: PREFEITURA MUNICIPAL DE SOUSA
A3: PLANILHA ORÇAMENTÁRIA SINTÉTICA
A4: OBRA : CENTRO DE ONCOLOGIA DE SOUSA
A5: ENDEREÇO: RUA LUIZ PEREIRA DA SILVA, S/N, CENTRO, SOUSA-PB
A6: REFERÊNCIA: ORSE, SEINFRA-CE E SINAPI-PB(FEVEREIRO/2022) C/DESONERAÇÃO - ENCARGOS SOCIAIS : 86,59% (HORA) - 48,16 % (MÊS) | H6: BDI = 26,63%
A7: Empresa: COMPACTO CONSTRUÇÕES E SERVIÇOS - EIRELE - CNPJ: 09.545.520/0001-54 - Telefone: (83) 9 9117-7810 - Email: compactoconstrucoes1@gmail.com
A8: Responsável Técnico: LÚCIO LAURO BARBOSA - CREA/PB Nº 160.594.868-3
A9: ITEM | B9: FONTE | C9: CÓDIGO | D9: DISCRIMINAÇÃO DO SERVIÇOS | E9: UNID. | F9: QUANT. | G9: VALOR UNIT. (R$) | H9: VALOR TOTAL (R$)
A11: 1 | B11: SERVIÇOS PRELIMINARES | H11: =SUM(H12:H16) -> 18776.64 | J11: 0.965
A12: 1.1 | B12: ORSE | C12: 51 | D12: Placa de Obra em chapa de aço galvanizado, instalada - Rev 02 01/2022 | E12: m² | F12: 4.5 | G12: =L12 -> 334.14 | H12: =ROUND(F12*G12,2) -> 1503.63 | K12: 346.26 | L12: =ROUND(K12*$J$11,2) -> 334.14
A13: 1.2 | B13: SINAPI | C13: 97622 | D13: DEMOLIÇÃO DE ALVENARIA DE BLOCOFURADO, DE FORMA MANUAL, SEM REAPROVEITAMENTO | E13: m³ | F13: 63.41 | G13: =L13 -> 36.7 | H13: =ROUND(F13*G13,2) -> 2327.15 | K13: 38.03 | L13: =ROUND(K13*$J$11,2) -> 36.7
A14: 1.3 | B14: ORSE | C14: 3240 | D14: Demolição de piso de alta resistência | E14: m² | F14: 774.83 | G14: =L14 -> 16.44 | H14: =ROUND(F14*G14,2) -> 12738.21 | K14: 17.04 | L14: =ROUND(K14*$J$11,2) -> 16.44
A15: 1.4 | B15: SINAPI | C15: 97650 | D15: REMOÇÃO DE TRAMA DE MADEIRA PARA COBERTURA, DE FORMA MANUAL, SEM REAPROVEITAMENTO. AF 12/2017 | E15: m² | F15: 309.93 | G15: =L15 -> 4.75 | H15: =ROUND(F15*G15,2) -> 1472.17 | K15: 4.92 | L15: =ROUND(K15*$J$11,2) -> 4.75
A16: 1.5 | B16: SINAPI | C16: 100981 | D16: CARGA, MANOBRA E DESCARGA DE ENTULHO EM CAMINHÃO BASCULANTE 6 M³ - CARGA COM ESCAVADEIRA HIDRÁULICA (CAÇAMBA DE 0,80 M³/111 HP) E DESCARGA LIVRE (UNIDADE: M³). AF 07/2020 | E16: m³ | F16: 102.15 | G16: =L16 -> 7.2 | H16: =ROUND(F16*G16,2) -> 735.48 | K16: 7.46 | L16: =ROUND(K16*$J$11,2) -> 7.2
L17: =ROUND(K17*$J$11,2) -> 0
A18: 2 | B18: INFRA ESTRUTURA E SUPERESTRUTURA | H18: =SUM(H19:H34) -> 92960.22 | L18: =ROUND(K18*$J$11,2) -> 0
A19: 2.1 | B19: SINAPI | C19: 96523 | D19: ESCAVAÇÃO MANUAL PARA BLOCO DE COROAMENTO OU SAPATA (INCLUINDO ESCAVAÇÃO PARA COLOCAÇÃO DE FÔRMAS). AF_06/2017 | E19: m³ | F19: 28.86 | G19: =L19 -> 63.86 | H19: =ROUND(F19*G19,2) -> 1843 | K19: 66.18 | L19: =ROUND(K19*$J$11,2) -> 63.86
A20: 2.2 | B20: SINAPI | C20: 101964 | D20: LAJE PRÉ-MOLDADA UNIDIRECIONAL, BIAPOIADA, PARA FORRO, ENCHIMENTO EM CERÂMICA, VIGOTA CONVENCIONAL, ALTURA TOTAL DA LAJE (ENCHIMENTO+CAPA) = (8+3). AF_11/2020 | E20: m² | F20: 57.88 | G20: =L20 -> 141.66 | H20: =ROUND(F20*G20,2) -> 8199.28 | K20: 146.8 | L20: =ROUND(K20*$J$11,2) -> 141.66
A21: 2.3 | B21: SINAPI | C21: 96619 | D21: LASTRO DE CONCRETO MAGRO, APLICADO EM BLOCOS DE COROAMENTO OU SAPATAS, ESPESSURA DE 5 CM. AF_08/2017 | E21: m² | F21: 19.24 | G21: =L21 -> 22.75 | H21: =ROUND(F21*G21,2) -> 437.71 | K21: 23.57 | L21: =ROUND(K21*$J$11,2) -> 22.75
A22: 2.4 | B22: SINAPI | C22: 94971 | D22: CONCRETO FCK = 25MPA, TRAÇO 1:2,3:2,7 (EM MASSA SECA DE CIMENTO/ AREIA MÉDIA/ BRITA 1) - PREPARO MECÂNICO COM BETONEIRA 600 L. AF_05/2021 | E22: m³ | F22: 5.8 | G22: =L22 -> 353.29 | H22: =ROUND(F22*G22,2) -> 2049.08 | K22: 366.1 | L22: =ROUND(K22*$J$11,2) -> 353.29
A23: 2.5 | B23: SINAPI | C23: 94972 | D23: CONCRETO FCK = 30MPA, TRAÇO 1:2,1:2,5 (EM MASSA SECA DE CIMENTO/ AREIA MÉDIA/ BRITA 1) - PREPARO MECÂNICO COM BETONEIRA 600 L. AF_05/2021 | E23: m³ | F23: 30.1 | G23: =L23 -> 364.81 | H23: =ROUND(F23*G23,2) -> 10980.78 | K23: 378.04 | L23: =ROUND(K23*$J$11,2) -> 364.81
A24: 2.6 | B24: SINAPI | C24: 92873 | D24: LANÇAMENTO COM USO DE BALDES, ADENSAMENTO E ACABAMENTO DE CONCRETO EM ESTRUTURAS. AF_12/2015 | E24: m³ | F24: 35.9 | G24: =L24 -> 191.33 | H24: =ROUND(F24*G24,2) -> 6868.75 | K24: 198.27 | L24: =ROUND(K24*$J$11,2) -> 191.33
A25: 2.7 | B25: ORSE | C25: 90 | D25: Forma plana para fundações, em tábua de pinho, 07 usos. | E25: m² | F25: 19.3 | G25: =L25 -> 65.36 | H25: =ROUND(F25*G25,2) -> 1261.45 | K25: 67.73 | L25: =ROUND(K25*$J$11,2) -> 65.36
A26: 2.8 | B26: ORSE | C26: 3366 | D26: Forma plana para estruturas, em compensado plastificado de 12mm, 07 usos. | E26: m² | F26: 421.3 | G26: =L26 -> 55.18 | H26: =ROUND(F26*G26,2) -> 23247.33 | K26: 57.18 | L26: =ROUND(K26*$J$11,2) -> 55.18
A27: 2.9 | B27: SINAPI | C27: 92763 | D27: ARMAÇÃO DE PILAR OU VIGA DE UMA ESTRUTURA CONVENCIONAL DE CONCRETO ARMADO EM UM EDIFÍCIO DE MÚLTIPLOS PAVIMENTOS UTILIZANDO AÇO CA-50 DE 12,5 MM - MONTAGEM. AF_12/2015 | E27: kg | F27: 480.3 | G27: =L27 -> 10.32 | H27: =ROUND(F27*G27,2) -> 4956.7 | K27: 10.69 | L27: =ROUND(K27*$J$11,2) -> 10.32
A28: 2.10 | B28: SINAPI | C28: 92762 | D28: ARMAÇÃO DE PILAR OU VIGA DE UMA ESTRUTURA CONVENCIONAL DE CONCRETO ARMADO EM UM EDIFÍCIO DE MÚLTIPLOS PAVIMENTOS UTILIZANDO AÇO CA-50 DE 10,0 MM - MONTAGEM. AF_12/2015 | E28: kg | F28: 1608.2 | G28: =L28 -> 12.09 | H28: =ROUND(F28*G28,2) -> 19443.14 | K28: 12.53 | L28: =ROUND(K28*$J$11,2) -> 12.09
A29: 2.11 | B29: SINAPI | C29: 92764 | D29: ARMAÇÃO DE PILAR OU VIGA DE UMA ESTRUTURA CONVENCIONAL DE CONCRETO ARMADO EM UM EDIFÍCIO DE MÚLTIPLOS PAVIMENTOS UTILIZANDO AÇO CA-50 DE 16,0 MM - MONTAGEM. AF_12/2015 | E29: kg | F29: 63.1 | G29: =L29 -> 9.97 | H29: =ROUND(F29*G29,2) -> 629.11 | K29: 10.33 | L29: =ROUND(K29*$J$11,2) -> 9.97
A30: 2.12 | B30: SINAPI | C30: 92759 | D30: ARMAÇÃO DE PILAR OU VIGA DE UMA ESTRUTURA CONVENCIONAL DE CONCRETO ARMADO EM UM EDIFÍCIO DE MÚLTIPLOS PAVIMENTOS UTILIZANDO AÇO CA-60 DE 5,0 MM - MONTAGEM. AF_12/2015 | E30: kg | F30: 651.9 | G30: =L30 -> 13.99 | H30: =ROUND(F30*G30,2) -> 9120.08 | K30: 14.5 | L30: =ROUND(K30*$J$11,2) -> 13.99
... A34: 2.16 | B34: SINAPI | C34: 93194 | D34: CONTRAVERGA PRÉ-MOLDADA PARA VÃOS DE ATÉ 1,5 M DE COMPRIMENTO. AF_03/2016 | E34: m | F34: 16.9 | G34: =L34 -> 39.74 | H34: =ROUND(F34*G34,2) -> 671.61 | K34: 41.18 | L34: =ROUND(K34*$J$11,2) -> 39.74
L35: =ROUND(K35*$J$11,2) -> 0
A36: 3 | B36: ALVENARIA E VEDAÇÕES | H36: =SUM(H37:H38) -> 43303.58 | L36: =ROUND(K36*$J$11,2) -> 0
A37: 3.1 | B37: SINAPI | C37: 103326 | D37: ALVENARIA DE VEDAÇÃO DE BLOCOS CERÂMICOS FURADOS NA VERTICAL DE 19X19X39 CM (ESPESSURA 19 CM) E ARGAMASSA DE ASSENTAMENTO COM PREPARO EM BETONEIRA. AF_12/2021 | E37: m² | F37: 209.45 | G37: =L37 -> 61.96 | H37: =ROUND(F37*G37,2) -> 12977.52 | K37: 64.21 | L37: =ROUND(K37*$J$11,2) -> 61.96
A38: 3.2 | B38: ORSE | C38: 191 | D38: Divisória em granito cinza andorinha polido, e=2cm, inclusive com montagem em ferragem - Rev 02. | E38: m² | F38: 53.89 | G38: =L38 -> 562.74 | H38: =ROUND(F38*G38,2) -> 30326.06 | K38: 583.15 | L38: =ROUND(K38*$J$11,2) -> 562.74
L39: =ROUND(K39*$J$11,2) -> 0
A40: 4 | B40: IMPERMEABILIZAÇÕES | H40: =SUM(H41:H42) -> 6503.26 | L40: =ROUND(K40*$J$11,2) -> 0
A41: 4.1 | B41: SINAPI | C41: 98557 | D41: IMPERMEABILIZAÇÃO DE SUPERFÍCIE COM EMULSÃO ASFÁLTICA, 2 DEMÃOS AF_06/2018 | E41: m² | F41: 25.12 | G41: =L41 -> 38.52 | H41: =ROUND(F41*G41,2) -> 967.62 | K41: 39.92 | L41: =ROUND(K41*$J$11,2) -> 38.52
A42: 4.2 | B42: SINAPI | C42: 98546 | D42: IMPERMEABILIZAÇÃO DE SUPERFÍCIE COM MANTA ASFÁLTICA, UMA CAMADA, INCLUSIVE APLICAÇÃO DE PRIMER ASFÁLTICO, E=3MM. AF_06/2018 | E42: m² | F42: 57.88 | G42: =L42 -> 95.64 | H42: =ROUND(F42*G42,2) -> 5535.64 | K42: 99.11 | L42: =ROUND(K42*$J$11,2) -> 95.64
L43: =ROUND(K43*$J$11,2) -> 0
A44: 5 | B44: COBERTURAS E PROTEÇÕES | H44: =SUM(H45:H47) -> 51264.13 | L44: =ROUND(K44*$J$11,2) -> 0
A45: 5.1 | B45: SINAPI | C45: 92539 | D45: TRAMA DE MADEIRA COMPOSTA POR RIPAS, CAIBROS E TERÇAS PARA TELHADOS DE ATÉ 2 ÁGUAS PARA TELHA DE ENCAIXE DE CERÂMICA OU DE CONCRETO, INCLUSO TRANSPORTE VERTICAL. AF_07/2019 | E45: m² | F45: 309.93 | G45: =L45 -> 60.47 | H45: =ROUND(F45*G45,2) -> 18741.47 | K45: 62.66 | L45: =ROUND(K45*$J$11,2) -> 60.47
A46: 5.2 | B46: SINAPI | C46: 94201 | D46: TELHAMENTO COM TELHA CERÂMICA CAPA-CANAL, TIPO COLONIAL, COM ATÉ 2 ÁGUAS, INCLUSO TRANSPORTE VERTICAL. AF_07/2019 | E46: m² | F46: 309.93 | G46: =L46 -> 29.61 | H46: =ROUND(F46*G46,2) -> 9177.03 | K46: 30.68 | L46: =ROUND(K46*$J$11,2) -> 29.61
A47: 5.3 | B47: SINAPI | C47: 96113 | D47: FORRO EM PLACAS DE GESSO, PARA AMBIENTES COMERCIAIS. AF_05/2017_P | E47: m² | F47: 774.83 | G47: =L47 -> 30.13 | H47: =ROUND(F47*G47,2) -> 23345.63 | K47: 31.22 | L47: =ROUND(K47*$J$11,2) -> 30.13
L48: =ROUND(K48*$J$11,2) -> 0
A49: 6 | B49: ESQUADRIAS | H49: =H50+H62+H66 -> 90991.08 | L49: =ROUND(K49*$J$11,2) -> 0
A50: 6.1 | B50: METÁLICA, ALUMÍNIO C/ VIDRO E MADEIRA | H50: =SUM(H51:H60) -> 66276.94 | L50: =ROUND(K50*$J$11,2) -> 0
A51: 6.1.1 | B51: SINAPI | C51: 94570 | D51: JANELA DE ALUMÍNIO DE CORRER COM 2 FOLHAS PARA VIDROS, COM VIDROS, BATENTE, ACABAMENTO COM ACETATO OU BRILHANTE E FERRAGENS. EXCLUSIVE ALIZAR E CONTRAMARCO. FORNECIMENTO E INSTALAÇÃO. AF_12/2019 | E51: m² | F51: 16.56 | G51: =L51 -> 609.28 | H51: =ROUND(F51*G51,2) -> 10089.68 | K51: 631.38 | L51: =ROUND(K51*$J$11,2) -> 609.28
A52: 6.1.2 | B52: SINAPI | C52: 94569 | D52: JANELA DE ALUMÍNIO TIPO MAXIM-AR, COM VIDROS, BATENTE E FERRAGENS. EXCLUSIVE ALIZAR, ACABAMENTO E CONTRAMARCO. FORNECIMENTO E INSTALAÇÃO. AF_12/2019 | E52: m² | F52: 2.5 | G52: =L52 -> 1144.23 | H52: =ROUND(F52*G52,2) -> 2860.58 | K52: 1185.73 | L52: =ROUND(K52*$J$11,2) -> 1144.23
A53: 6.1.3 | B53: SINAPI | C53: 91341 | D53: PORTA EM ALUMÍNIO DE ABRIR TIPO VENEZIANA COM GUARNIÇÃO, FIXAÇÃO COM PARAFUSOS - FORNECIMENTO E INSTALAÇÃO. AF_12/2019 | E53: m² | F53: 7.92 | G53: =L53 -> 765.63 | H53: =ROUND(F53*G53,2) -> 6063.79 | K53: 793.4 | L53: =ROUND(K53*$J$11,2) -> 765.63
A54: 6.1.4 | B54: SINAPI | C54: 100701 | D54: PORTA DE FERRO, DE ABRIR, TIPO GRADE COM CHAPA, COM GUARNIÇÕES. AF_12/2019 | E54: m² | F54: 5.31 | G54: =L54 -> 571.84 | H54: =ROUND(F54*G54,2) -> 3036.47 | K54: 592.58 | L54: =ROUND(K54*$J$11,2) -> 571.84
A55: 6.1.5 | B55: ORSE | C55: 12036 | D55: Portão em ferro, em tubo de aço galvanizado 2" e tela ondulada, malha 3/8". | E55: m² | F55: 6.62 | G55: =L55 -> 743.01 | H55: =ROUND(F55*G55,2) -> 4918.73 | K55: 769.96 | L55: =ROUND(K55*$J$11,2) -> 743.01
A56: 6.1.6 | B56: SINAPI | C56: 90841 | D56: KIT DE PORTA DE MADEIRA PARA PINTURA, SEMI-OCA (LEVE OU MÉDIA), PADRÃO MÉDIO, 60X210CM, ESPESSURA DE 3,5CM, ITENS INCLUSOS: DOBRADIÇAS, MONTAGEM E INSTALAÇÃO DO BATENTE, FECHADURA COM EXECUÇÃO DO FURO - FORNECIMENTO E INSTALAÇÃO. AF_12/2019 | E56: unid | F56: 8 | G56: =L56 -> 800.72 | H56: =ROUND(F56*G56,2) -> 6405.76 | K56: 829.76 | L56: =ROUND(K56*$J$11,2) -> 800.72
A57: 6.1.7 | B57: SINAPI | C57: 90842 | D57: KIT DE PORTA DE MADEIRA PARA PINTURA, SEMI-OCA (LEVE OU MÉDIA), PADRÃO MÉDIO, 70X210CM, ESPESSURA DE 3,5CM, ITENS INCLUSOS: DOBRADIÇAS, MONTAGEM E INSTALAÇÃO DO BATENTE, FECHADURA COM EXECUÇÃO DO FURO - FORNECIMENTO E INSTALAÇÃO. AF_12/2019 | E57: unid | F57: 3 | G57: =L57 -> 807.21 | H57: =ROUND(F57*G57,2) -> 2421.63 | K57: 836.49 | L57: =ROUND(K57*$J$11,2) -> 807.21
A58: 6.1.8 | B58: SINAPI | C58: 90843 | D58: KIT DE PORTA DE MADEIRA PARA PINTURA, SEMI-OCA (LEVE OU MÉDIA), PADRÃO MÉDIO, 80X210CM, ESPESSURA DE 3,5CM, ITENS INCLUSOS: DOBRADIÇAS, MONTAGEM E INSTALAÇÃO DO BATENTE, FECHADURA COM EXECUÇÃO DO FURO - FORNECIMENTO E INSTALAÇÃO. AF_12/2019 | E58: unid | F58: 2 | G58: =L58 -> 843.46 | H58: =ROUND(F58*G58,2) -> 1686.92 | K58: 874.05 | L58: =ROUND(K58*$J$11,2) -> 843.46
A59: 6.1.9 | B59: SINAPI | C59: 90844 | D59: KIT DE PORTA DE MADEIRA PARA PINTURA, SEMI-OCA (LEVE OU MÉDIA), PADRÃO MÉDIO, 90X210CM, ESPESSURA DE 3,5CM, ITENS INCLUSOS: DOBRADIÇAS, MONTAGEM E INSTALAÇÃO DO BATENTE, FECHADURA COM EXECUÇÃO DO FURO - FORNECIMENTO E INSTALAÇÃO. AF_12/2019 | E59: unid | F59: 22 | G59: =L59 -> 907.58 | H59: =ROUND(F59*G59,2) -> 19966.76 | K59: 940.5 | L59: =ROUND(K59*$J$11,2) -> 907.58
A60: 6.1.10 | B60: ORSE | C60: 3629 | D60: Porta em madeira compensada (canela), lisa e semi-oca, 1,00 x 2,10 m, inclusive batentes e ferragens. | E60: unid | F60: 11 | G60: =L60 -> 802.42 | H60: =ROUND(F60*G60,2) -> 8826.62 | K60: 831.52 | L60: =ROUND(K60*$J$11,2) -> 802.42
L61: =ROUND(K61*$J$11,2) -> 0
A62: 6.2 | B62: VIDRO | H62: =SUM(H63:H64) -> 23917.04 | L62: =ROUND(K62*$J$11,2) -> 0
A63: 6.2.1 | B63: ORSE | C63: 13096 | D63: Porta em vidro temperado 10mm, incolor,inclusive ferragens de fixação e instalação, exclusive puxador. | E63: m² | F63: 23.1 | G63: =L63 -> 527.82 | H63: =ROUND(F63*G63,2) -> 12192.64 | K63: 546.96 | L63: =ROUND(K63*$J$11,2) -> 527.82
A64: 6.2.2 | B64: SINAPI | C64: 100702 | D64: PORTA DE CORRER DE ALUMÍNIO, COM DUAS FOLHAS PARA VIDRO, INCLUSO VIDRO LISO INCOLOR, FECHADURA E PUXADOR, SEM ALIZAR. AF_12/2019 | E64: m² | F64: 25.08 | G64: =L64 -> 467.48 | H64: =ROUND(F64*G64,2) -> 11724.4 | K64: 484.44 | L64: =ROUND(K64*$J$11,2) -> 467.48
L65: =ROUND(K65*$J$11,2) -> 0
A66: 6.3 | B66: FERRAGENS | H66: =SUM(H67:H68) -> 797.1 | L66: =ROUND(K66*$J$11,2) -> 0
A67: 6.3.1 | B67: ORSE | C67: 9733 | D67: Puxador duplo para porta, em alumínio polido, d = 1", I = 40mm, ref. 3008, Vesfer | E67: unid | F67: 2 | G67: =L67 -> 200.85 | H67: =ROUND(F67*G67,2) -> 401.7 | K67: 208.13 | L67: =ROUND(K67*$J$11,2) -> 200.85
A68: 6.3.2 | B68: SINAPI | C68: 100705 | D68: TARJETA TIPO LIVRE/OCUPADO PARA PORTA DE BANHEIRO. AF_12/2019 | E68: unid | F68: 6 | G68: =L68 -> 65.9 | H68: =ROUND(F68*G68,2) -> 395.4 | K68: 68.29 | L68: =ROUND(K68*$J$11,2) -> 65.9
L69: =ROUND(K69*$J$11,2) -> 0
A70: 7 | B70: REVESTIMENTO | H70: =SUM(H71:H74) -> 77673.48 | L70: =ROUND(K70*$J$11,2) -> 0
A71: 7.1 | B71: SINAPI | C71: 87529 | D71: MASSA ÚNICA, PARA RECEBIMENTO DE PINTURA, EM ARGAMASSA TRAÇO 1:2:8, PREPARO MECÂNICO COM BETONEIRA 400L, APLICADA MANUALMENTE EM FACES INTERNAS DE PAREDES, ESPESSURA DE 20MM, COM EXECUÇÃO DE TALISCAS. AF_06/2014 | E71: m² | F71: 418.9 | G71: =L71 -> 24.97 | H71: =ROUND(F71*G71,2) -> 10459.93 | K71: 25.88 | L71: =ROUND(K71*$J$11,2) -> 24.97
A72: 7.2 | B72: SINAPI | C72: 87879 | D72: CHAPISCO APLICADO EM ALVENARIAS E ESTRUTURAS DE CONCRETO INTERNAS, COM COLHER DE PEDREIRO. ARGAMASSA TRAÇO 1:3 COM PREPARO EM BETONEIRA 400L. AF_06/2014 | E72: m² | F72: 418.9 | G72: 2.99 | H72: =ROUND(F72*G72,2) -> 1252.51 | K72: 2099 | L72: =ROUND(K72*$J$11,2) -> 2025.54
A73: 7.3 | B73: SINAPI | C73: 87273 | E73: m² | F73: 423.52 | G73: =L73 -> 61.37 | H73: =ROUND(F73*G73,2) -> 25991.42 | K73: 63.6 | L73: =ROUND(K73*$J$11,2) -> 61.37
A74: 7.4 | B74: ORSE | C74: 12420 | E74: m² | F74: 99.65 | G74: =L74 -> 401.1 | H74: =ROUND(F74*G74,2) -> 39969.62 | K74: 415.65 | L74: =ROUND(K74*$J$11,2) -> 401.1
L75: =ROUND(K75*$J$11,2) -> 0
A76: 8 | B76: PAVIMENTAÇÃO | H76: =SUM(H77:H80) -> 139210.14 | L76: =ROUND(K76*$J$11,2) -> 0
A77: 8.1 | B77: SINAPI | C77: 87620 | D77: CONTRAPISO EM ARGAMASSA TRAÇO 1:4 (CIMENTO E AREIA), PREPARO MECÂNICO COM BETONEIRA 400 L, APLICADO EM ÁREAS SECAS SOBRE LAJE, ADERIDO, ACABAMENTO NÃO REFORÇADO, ESPESSURA 2CM. AF_07/2021 | E77: m² | F77: 774.83 | G77: =L77 -> 22.3 | H77: =ROUND(F77*G77,2) -> 17278.71 | K77: 23.11 | L77: =ROUND(K77*$J$11,2) -> 22.3
A78: 8.2 | B78: SINAPI | C78: 87263 | D78: REVESTIMENTO CERÂMICO PARA PISO COM PLACAS TIPO PORCELANATO DE DIMENSÕES 60X60 CM APLICADA EM AMBIENTES DE ÁREA MAIOR QUE 10 M². AF_06/2014 | E78: m² | F78: 774.83 | G78: =L78 -> 145.32 | H78: =ROUND(F78*G78,2) -> 112598.3 | K78: 150.59 | L78: =ROUND(K78*$J$11,2) -> 145.32
A79: 8.3 | B79: SINAPI | C79: 98504 | D79: PLANTIO DE GRAMA EM PLACAS. AF_05/2018 | E79: m² | F79: 176.89 | G79: =L79 -> 13.07 | H79: =ROUND(F79*G79,2) -> 2311.95 | K79: 13.54 | L79: =ROUND(K79*$J$11,2) -> 13.07
A80: 8.4 | B80: SINAPI | C80: 101819 | D80: RECOMPOSIÇÃO DE PAVIMENTO EM PARALELEPÍPEDOS, REJUNTAMENTO COM ARGAMASSA, COM REAPROVEITAMENTO DOS PARALELEPÍPEDOS, PARA O FECHAMENTO DE VALAS - INCLUSO RETIRADA E COLOCAÇÃO DO MATERIAL. AF_12/2020 | E80: m² | F80: 155.13 | G80: =L80 -> 45.26 | H80: =ROUND(F80*G80,2) -> 7021.18 | K80: 46.9 | L80: =ROUND(K80*$J$11,2) -> 45.26
L81: =ROUND(K81*$J$11,2) -> 0
A82: 9 | B82: INSTALAÇÕES HIDRO-SANITÁRIAS-PLUVIAL-INCÊNDIO | H82: =H83+H113+H139 -> 76924.92 | L82: =ROUND(K82*$J$11,2) -> 0
A83: 9.1 | B83: SISTEMA PREDIAL DE ESGOTO SANITÁRIO -NBR 9160 | H83: =SUM(H84:H111) -> 26869.97 | L83: =ROUND(K83*$J$11,2) -> 0
A84: 9.1.1 | B84: SINAPI | C84: 89707 | D84: CAIXA SIFONADA, PVC, DN 100 X 100 X 50 MM, JUNTA ELÁSTICA, FORNECIDA E INSTALADA EM RAMAL DE DESCARGA OU EM RAMAL DE ESGOTO SANITÁRIO. AF_12/2014 | E84: unid | F84: 28 | G84: 32.41 | H84: =ROUND(F84*G84,2) -> 907.48 | K84: 34.71 | L84: =ROUND(K84*$J$11,2) -> 33.5
A85: 9.1.2 | B85: SINAPI | C85: 89744 | D85: JOELHO 90 GRAUS, PVC, SERIE NORMAL, ESGOTO PREDIAL, DN 100 MM, JUNTA ELÁSTICA, FORNECIDO E INSTALADO EM RAMAL DE DESCARGA OU RAMAL DE ESGOTO SANITÁRIO. AF_12/2014 | E85: unid | F85: 13 | G85: =L85 -> 21 | H85: =ROUND(F85*G85,2) -> 273 | K85: 21.76 | L85: =ROUND(K85*$J$11,2) -> 21
A86: 9.1.3 | B86: SINAPI | C86: 89724 | D86: JOELHO 90 GRAUS, PVC, SERIE NORMAL, ESGOTO PREDIAL, DN 40 MM, JUNTA SOLDÁVEL, FORNECIDO E INSTALADO EM RAMAL DE DESCARGA OU RAMAL DE ESGOTO SANITÁRIO. AF_12/2014 | E86: unid | F86: 63 | G86: =L86 -> 8.46 | H86: =ROUND(F86*G86,2) -> 532.98 | K86: 8.77 | L86: =ROUND(K86*$J$11,2) -> 8.46
A87: 9.1.4 | B87: SINAPI | C87: 89731 | D87: JOELHO 90 GRAUS, PVC, SERIE NORMAL, ESGOTO PREDIAL, DN 50 MM, JUNTA ELÁSTICA, FORNECIDO E INSTALADO EM RAMAL DE DESCARGA OU RAMAL DE ESGOTO SANITÁRIO. AF_12/2014 | E87: unid | F87: 38 | G87: =L87 -> 8.92 | H87: =ROUND(F87*G87,2) -> 338.96 | K87: 9.24 | L87: =ROUND(K87*$J$11,2) -> 8.92
A88: 9.1.5 | B88: SINAPI | C88: 89726 | D88: JOELHO 45 GRAUS, PVC, SERIE NORMAL, ESGOTO PREDIAL, DN 40 MM, JUNTA SOLDÁVEL, FORNECIDO E INSTALADO EM RAMAL DE DESCARGA OU RAMAL DE ESGOTO SANITÁRIO. AF_12/2014 | E88: unid | F88: 30 | G88: =L88 -> 5.5 | H88: =ROUND(F88*G88,2) -> 165 | K88: 5.7 | L88: =ROUND(K88*$J$11,2) -> 5.5
A89: 9.1.6 | B89: SINAPI | C89: 89732 | D89: JOELHO 45 GRAUS, PVC, SERIE NORMAL, ESGOTO PREDIAL, DN 50 MM, JUNTA ELÁSTICA, FORNECIDO E INSTALADO EM RAMAL DE DESCARGA OU RAMAL DE ESGOTO SANITÁRIO. AF_12/2014 | E89: unid | F89: 25 | G89: =L89 -> 9.62 | H89: =ROUND(F89*G89,2) -> 240.5 | K89: 9.97 | L89: =ROUND(K89*$J$11,2) -> 9.62
A90: 9.1.7 | B90: SINAPI | C90: 89746 | D90: JOELHO 45 GRAUS, PVC, SERIE NORMAL, ESGOTO PREDIAL, DN 100 MM, JUNTA ELÁSTICA, FORNECIDO E INSTALADO EM RAMAL DE DESCARGA OU RAMAL DE ESGOTO SANITÁRIO. AF_12/2014 | E90: unid | F90: 11 | G90: =L90 -> 20.93 | H90: =ROUND(F90*G90,2) -> 230.23 | K90: 21.69 | L90: =ROUND(K90*$J$11,2) -> 20.93
A91: 9.1.8 | B91: SINAPI | C91: 89797 | D91: JUNÇÃO SIMPLES, PVC, SERIE NORMAL, ESGOTO PREDIAL, DN 100 X 100 MM, JUNTA ELÁSTICA, FORNECIDO E INSTALADO EM RAMAL DE DESCARGA OU RAMAL DE ESGOTO SANITÁRIO. AF_12/2014 | E91: unid | F91: 2 | G91: =L91 -> 42.5 | H91: =ROUND(F91*G91,2) -> 85 | K91: 44.04 | L91: =ROUND(K91*$J$11,2) -> 42.5
A92: 9.1.9 | B92: ORSE | C92: 1560 | D92: Junção simples em pvc rígido soldável, para esgoto primário, diâm = 75 x 50 mm. | E92: unid | F92: 3 | G92: =L92 -> 32.97 | H92: =ROUND(F92*G92,2) -> 98.91 | K92: 34.17 | L92: =ROUND(K92*$J$11,2) -> 32.97
A93: 9.1.10 | B93: ORSE | C93: 1562 | D93: Junção simples em pvc rígido soldável, para esgoto primário, diâm = 100 x 50 mm. | E93: unid | F93: 17 | G93: =L93 -> 41.31 | H93: =ROUND(F93*G93,2) -> 702.27 | K93: 42.81 | L93: =ROUND(K93*$J$11,2) -> 41.31
A94: 9.1.11 | B94: SINAPI | C94: 89784 | D94: TE, PVC, SERIE NORMAL, ESGOTO PREDIAL, DN 50 X 50 MM, JUNTA ELÁSTICA, FORNECIDO E INSTALADO EM RAMAL DE DESCARGA OU RAMAL DE ESGOTO SANITÁRIO. AF_12/2014 | E94: unid | F94: 28 | G94: =L94 -> 17.45 | H94: =ROUND(F94*G94,2) -> 488.6 | K94: 18.08 | L94: =ROUND(K94*$J$11,2) -> 17.45
A95: 9.1.12 | B95: SINAPI | C95: 89796 | D95: TE, PVC, SERIE NORMAL, ESGOTO PREDIAL, DN 100 X 100 MM, JUNTA ELÁSTICA, FORNECIDO E INSTALADO EM RAMAL DE DESCARGA OU RAMAL DE ESGOTO SANITÁRIO. AF_12/2014 | E95: unid | F95: 5 | G95: =L95 -> 36.06 | H95: =ROUND(F95*G95,2) -> 180.3 | K95: 37.37 | L95: =ROUND(K95*$J$11,2) -> 36.06
A96: 9.1.13 | B96: SINAPI | C96: 89714 | D96: TUBO PVC, SERIE NORMAL, ESGOTO PREDIAL, DN 100 MM, FORNECIDO E INSTALADO EM RAMAL DE DESCARGA OU RAMAL DE ESGOTO SANITÁRIO. AF_12/2014 | E96: m | F96: 190 | G96: =L96 -> 45.24 | H96: =ROUND(F96*G96,2) -> 8595.6 | K96: 46.88 | L96: =ROUND(K96*$J$11,2) -> 45.24
... A111: 9.1.28 | B111: SINAPI | C111: 89549 | D111: REDUÇÃO EXCÊNTRICA, PVC, SERIE R, ÁGUA PLUVIAL, DN 75 X 50 MM, JUNTA ELÁSTICA, FORNECIDO E INSTALADO EM RAMAL DE ENCAMINHAMENTO. AF_12/2014 | E111: unid | F111: 3 | G111: =L111 -> 14.04 | H111: =ROUND(F111*G111,2) -> 42.12 | K111: 14.55 | L111: =ROUND(K111*$J$11,2) -> 14.04
L112: =ROUND(K112*$J$11,2) -> 0
A113: 9.2 | B113: SISTEMA PREDIAL DE ÁGUA FRIA - NBR 5626 | H113: =SUM(H114:H137) -> 15338.21 | L113: =ROUND(K113*$J$11,2) -> 0
A114: 9.2.1 | B114: SINAPI | C114: 89450 | D114: TUBO, PVC, SOLDÁVEL, DN 60MM, INSTALADO EM PRUMADA DE ÁGUA - FORNECIMENTO E INSTALAÇÃO. AF_12/2014 | E114: m | F114: 23 | G114: =L114 -> 31.7 | H114: =ROUND(F114*G114,2) -> 729.1 | K114: 32.85 | L114: =ROUND(K114*$J$11,2) -> 31.7
A115: 9.2.2 | B115: SINAPI | C115: 89449 | D115: TUBO, PVC, SOLDÁVEL, DN 50MM, INSTALADO EM PRUMADA DE ÁGUA - FORNECIMENTO E INSTALAÇÃO. AF_12/2014 | E115: m | F115: 166 | G115: =L115 -> 19.05 | H115: =ROUND(F115*G115,2) -> 3162.3 | K115: 19.74 | L115: =ROUND(K115*$J$11,2) -> 19.05
A116: 9.2.3 | B116: SINAPI | C116: 89356 | D116: TUBO, PVC, SOLDÁVEL, DN 25MM, INSTALADO EM RAMAL OU SUB-RAMAL DE ÁGUA - FORNECIMENTO E INSTALAÇÃO. AF_12/2014 | E116: m | F116: 169 | G116: =L116 -> 16.29 | H116: =ROUND(F116*G116,2) -> 2753.01 | K116: 16.88 | L116: =ROUND(K116*$J$11,2) -> 16.29
A117: 9.2.4 | B117: SINAPI | C117: 89383 | D117: ADAPTADOR CURTO COM BOLSA E ROSCA PARA REGISTRO, PVC, SOLDÁVEL, DN 25MM X 3/4, INSTALADO EM RAMAL OU SUB-RAMAL DE ÁGUA - FORNECIMENTO E INSTALAÇÃO. AF_12/2014 | E117: unid | F117: 69 | G117: =L117 -> 4.94 | H117: =ROUND(F117*G117,2) -> 340.86 | K117: 5.12 | L117: =ROUND(K117*$J$11,2) -> 4.94
A118: 9.2.5 | B118: SINAPI | C118: 89605 | D118: LUVA DE REDUÇÃO, PVC, SOLDÁVEL, DN 60MM X 50MM, INSTALADO EM PRUMADA DE ÁGUA - FORNECIMENTO E INSTALAÇÃO. AF_12/2014 | E118: unid | F118: 1 | G118: =L118 -> 19.5 | H118: =ROUND(F118*G118,2) -> 19.5 | K118: 20.21 | L118: =ROUND(K118*$J$11,2) -> 19.5
A119: 9.2.6 | B119: SINAPI | C119: 89579 | D119: LUVA DE REDUÇÃO, PVC, SOLDÁVEL, DN 50MM X 25MM, INSTALADO EM PRUMADA DE ÁGUA FORNECIMENTO E INSTALAÇÃO. AF_12/2014 | E119: unid | F119: 1 | G119: =L119 -> 10.18 | H119: =ROUND(F119*G119,2) -> 10.18 | K119: 10.55 | L119: =ROUND(K119*$J$11,2) -> 10.18
...

Sheet REPROGRAMAÇÃO
A1: ESTADO DA PARAÍBA
A2: PREFEITURA MUNICIPAL DE SOUSA
A3: TOMADA DE PREÇO - CONTRATO Nº
A4: OBRA : CENTRO DE ONCOLOGIA DE SOUSA
A6: REPROGRAMAÇÃO
A7: ITEM | B7: REFERÊNCIA | C7: DESCRIÇÃO DOS SERVIÇOS | D7: ORIGEM | E7: UND. | F7: QUANTIDADES | J7: PREÇO UNITÁRIO COM BDI | K7: PREÇO TOTAL R$
F8: LICITADA | G8: ACRESCIDO | H8: SUPRIMIDO | I8: REPROGRAMADA | K8: LICITADO | L8: ACRESCIDO | M8: SUPRIMIDO | N8: REPROGRAMADO
C9: =[2]ORÇAMENTO!B11 -> SERVIÇOS PRELIMINARES
A10: =[2]ORÇAMENTO!A12 -> 1.1 | B10: =[2]ORÇAMENTO!C12 -> 51 | C10: =[2]ORÇAMENTO!D12 -> Placa de Obra em chapa de aço galvanizado, instalada - Rev 02 01/2022 | D10: =[2]ORÇAMENTO!B12 -> ORSE | E10: =[2]ORÇAMENTO!E12 -> m² | F10: =[2]ORÇAMENTO!F12 -> 4.5 | J10: =[2]ORÇAMENTO!G12*26.63%+[2]ORÇAMENTO!G12 -> 423.12148 | K10: =ROUND(F10*J10,2) -> 1904.05
A11: =[2]ORÇAMENTO!A13 -> 1.2 | B11: =[2]ORÇAMENTO!C13 -> 97622 | C11: =[2]ORÇAMENTO!D13 -> DEMOLIÇÃO DE ALVENARIA DE BLOCOFURADO, DE FORMA MANUAL, SEM REAPROVEITAMENTO | D11: =[2]ORÇAMENTO!B13 -> SINAPI | E11: =[2]ORÇAMENTO!E13 -> m³ | F11: =[2]ORÇAMENTO!F13 -> 63.41 | J11: =[2]ORÇAMENTO!G13*26.63%+[2]ORÇAMENTO!G13 -> 46.47321 | K11: =ROUND(F11*J11,2) -> 2946.87
A12: =[2]ORÇAMENTO!A14 -> 1.3 | B12: =[2]ORÇAMENTO!C14 -> 3240 | C12: =[2]ORÇAMENTO!D14 -> Demolição de piso de alta resistência | D12: =[2]ORÇAMENTO!B14 -> ORSE | E12: =[2]ORÇAMENTO!E14 -> m² | F12: =[2]ORÇAMENTO!F14 -> 774.83 | J12: =[2]ORÇAMENTO!G14*26.63%+[2]ORÇAMENTO!G14 -> 20.817972 | K12: =ROUND(F12*J12,2) -> 16130.39
A13: =[2]ORÇAMENTO!A15 -> 1.4 | B13: =[2]ORÇAMENTO!C15 -> 97650 | C13: =[2]ORÇAMENTO!D15 -> REMOÇÃO DE TRAMA DE MADEIRA PARA COBERTURA, DE FORMA MANUAL, SEM REAPROVEITAMENTO. AF 12/2017 | D13: =[2]ORÇAMENTO!B15 -> SINAPI | E13: =[2]ORÇAMENTO!E15 -> m² | F13: =[2]ORÇAMENTO!F15 -> 309.93 | J13: =[2]ORÇAMENTO!G15*26.63%+[2]ORÇAMENTO!G15 -> 6.014925 | K13: =ROUND(F13*J13,2) -> 1864.21
A14: =[2]ORÇAMENTO!A16 -> 1.5 | B14: =[2]ORÇAMENTO!C16 -> 100981 | C14: =[2]ORÇAMENTO!D16 -> CARGA, MANOBRA E DESCARGA DE ENTULHO EM CAMINHÃO BASCULANTE 6 M³ - CARGA COM ESCAVADEIRA HIDRÁULICA (CAÇAMBA DE 0,80 M³/111 HP) E DESCARGA LIVRE (UNIDADE: M³). AF 07/2020 | D14: =[2]ORÇAMENTO!B16 -> SINAPI | E14: =[2]ORÇAMENTO!E16 -> m³ | F14: =[2]ORÇAMENTO!F16 -> 102.15 | J14: =[2]ORÇAMENTO!G16*26.63%+[2]ORÇAMENTO!G16 -> 9.11736 | K14: =ROUND(F14*J14,2) -> 931.34
A15: 1.6 | B15: 7725 | C15: Remoção de pintura látex (raspagem e/ou lixamento e/ou escovação) | D15: ORSE | E15: m2 | G15: =[2]MEM!L12 -> 1218.784 | I15: 2115 | J15: ='[2]ITENS NOVOS'!I7 -> 7.46 | L15: =G15*J15 -> 9092.1286 | N15: =I15*J15 -> 15777.9
A16: 1.7 | B16: 90447 | C16: RASGO EM ALVENARIA PARA ELETRODUTOS COM DIAMETROS MENORES OU IGUAIS A 40 MM. AF_05/2015 | D16: SINAPI | E16: M | G16: =[2]MEM!L43 -> 247.3 | I16: =G16 -> 247.3 | J16: ='[2]ITENS NOVOS'!I8 -> 5.45 | L16: =G16*J16 -> 1347.785 | N16: =I16*J16 -> 1347.785
A17: 1.8 | B17: 3141 | C17: Remoção de caixão de madeira (aduela) | D17: ORSE | E17: un | G17: =[2]MEM!L74 -> 36 | I17: =G17 -> 36 | J17: ='[2]ITENS NOVOS'!I9 -> 8.09 | L17: =G17*J17 -> 291.24 | N17: =I17*J17 -> 291.24
A18: 1.9 | B18: 97645 | C18: REMOÇÃO DE JANELAS, DE FORMA MANUAL, SEM REAPROVEITAMENTO. AF_12/2017 | D18: SINAPI | E18: M2 | G18: =[2]MEM!L103 -> 14 | I18: =G18 -> 14 | J18: ='[2]ITENS NOVOS'!I10 -> 29.92 | L18: =G18*J18 -> 418.88 | N18: =I18*J18 -> 418.88
A19: 1.10 | B19: 97641 | C19: REMOÇÃO DE FORRO DE GESSO, DE FORMA MANUAL, SEM REAPROVEITAMENTO. AF_12/2017 | D19: SINAPI | E19: M2 | G19: =[2]MEM!L125 -> 396.84 | I19: =G19 -> 396.84 | J19: ='[2]ITENS NOVOS'!I11 -> 4.06 | L19: =G19*J19 -> 1611.1704 | N19: =I19*J19 -> 1611.1704
A20: 1.11 | B20: 97628 | C20: DEMOLIÇÃO DE LAJES, DE FORMA MANUAL, SEM REAPROVEITAMENTO. AF_12/2017 | D20: SINAPI | E20: M3 | G20: =[2]MEM!L137 -> 35.364 | I20: =G20 -> 35.364 | J20: ='[2]ITENS NOVOS'!I12 -> 229.97 | L20: =G20*J20 -> 8132.6591 | N20: =I20*J20 -> 8132.6591
A21: 1.14 | B21: 97647 | C21: REMOÇÃO DE TELHAS, DE FIBROCIMENTO, METÁLICA E CERÂMICA, DE FORMA MANUAL, SEM REAPROVEITAMENTO. AF_12/2017 | D21: SINAPI | E21: M2 | G21: =[2]MEM!L164 -> 636.84 | I21: =G21 -> 636.84 | J21: ='[2]ITENS NOVOS'!I15 -> 2.79 | L21: =G21*J21 -> 1776.7836 | N21: =I21*J21 -> 1776.7836
A22: 1.16 | B22: 26 | C22: Coleta e carga manuais de entulho | D22: ORSE | E22: M3 | G22: =[2]MEM!L172 -> 165.3964 | I22: =G22 -> 165.3964 | J22: ='[2]ITENS NOVOS'!I35 -> 18.65 | L22: =G22*J22 -> 3084.6429 | N22: =I22*J22 -> 3084.6429
A24: =[2]ORÇAMENTO!A18 -> 2 | C24: =[2]ORÇAMENTO!B18 -> INFRA ESTRUTURA E SUPERESTRUTURA
A25: =[2]ORÇAMENTO!A19 -> 2.1 | B25: =[2]ORÇAMENTO!C19 -> 96523 | C25: =[2]ORÇAMENTO!D19 -> ESCAVAÇÃO MANUAL PARA BLOCO DE COROAMENTO OU SAPATA (INCLUINDO ESCAVAÇÃO PARA COLOCAÇÃO DE FÔRMAS). AF_06/2017 | D25: =[2]ORÇAMENTO!B19 -> SINAPI | E25: =[2]ORÇAMENTO!E19 -> m³ | F25: =[2]ORÇAMENTO!F19 -> 28.86 | J25: =[2]ORÇAMENTO!G19*26.63%+[2]ORÇAMENTO!G19 -> 80.865918 | K25: =ROUND(F25*J25,2) -> 2333.79
A26: =[2]ORÇAMENTO!A20 -> 2.2 | B26: =[2]ORÇAMENTO!C20 -> 101964 | C26: =[2]ORÇAMENTO!D20 -> LAJE PRÉ-MOLDADA UNIDIRECIONAL, BIAPOIADA, PARA FORRO, ENCHIMENTO EM CERÂMICA, VIGOTA CONVENCIONAL, ALTURA TOTAL DA LAJE (ENCHIMENTO+CAPA) = (8+3). AF_11/2020 | D26: =[2]ORÇAMENTO!B20 -> SINAPI | E26: =[2]ORÇAMENTO!E20 -> m² | F26: =[2]ORÇAMENTO!F20 -> 57.88 | J26: =[2]ORÇAMENTO!G20*26.63%+[2]ORÇAMENTO!G20 -> 179.38406 | K26: =ROUND(F26*J26,2) -> 10382.75
A27: =[2]ORÇAMENTO!A21 -> 2.3 | B27: =[2]ORÇAMENTO!C21 -> 96619 | C27: =[2]ORÇAMENTO!D21 -> LASTRO DE CONCRETO MAGRO, APLICADO EM BLOCOS DE COROAMENTO OU SAPATAS, ESPESSURA DE 5 CM. AF_08/2017 | D27: =[2]ORÇAMENTO!B21 -> SINAPI | E27: =[2]ORÇAMENTO!E21 -> m² | F27: =[2]ORÇAMENTO!F21 -> 19.24 | J27: =[2]ORÇAMENTO!G21*26.63%+[2]ORÇAMENTO!G21 -> 28.808325 | K27: =ROUND(F27*J27,2) -> 554.27
A28: =[2]ORÇAMENTO!A22 -> 2.4 | B28: =[2]ORÇAMENTO!C22 -> 94971 | C28: =[2]ORÇAMENTO!D22 -> CONCRETO FCK = 25MPA, TRAÇO 1:2,3:2,7 (EM MASSA SECA DE CIMENTO/ AREIA MÉDIA/ BRITA 1) - PREPARO MECÂNICO COM BETONEIRA 600 L. AF_05/2021 | D28: =[2]ORÇAMENTO!B22 -> SINAPI | E28: =[2]ORÇAMENTO!E22 -> m³ | F28: =[2]ORÇAMENTO!F22 -> 5.8 | J28: =[2]ORÇAMENTO!G22*26.63%+[2]ORÇAMENTO!G22 -> 447.37113 | K28: =ROUND(F28*J28,2) -> 2594.75
A29: =[2]ORÇAMENTO!A23 -> 2.5 | B29: =[2]ORÇAMENTO!C23 -> 94972 | C29: =[2]ORÇAMENTO!D23 -> CONCRETO FCK = 30MPA, TRAÇO 1:2,1:2,5 (EM MASSA SECA DE CIMENTO/ AREIA MÉDIA/ BRITA 1) - PREPARO MECÂNICO COM BETONEIRA 600 L. AF_05/2021 | D29: =[2]ORÇAMENTO!B23 -> SINAPI | E29: =[2]ORÇAMENTO!E23 -> m³ | F29: =[2]ORÇAMENTO!F23 -> 30.1 | G29: =[2]MEM!L221 -> 12.2958 | I29: =F29+G29 -> 42.3958 | J29: =[2]ORÇAMENTO!G23*26.63%+[2]ORÇAMENTO!G23 -> 461.9589 | K29: =ROUND(F29*J29,2) -> 13904.96 | L29: =G29*J29 -> 5680.1543 | N29: =I29*J29 -> 19585.117
A30: =[2]ORÇAMENTO!A24 -> 2.6 | B30: =[2]ORÇAMENTO!C24 -> 92873 | C30: =[2]ORÇAMENTO!D24 -> LANÇAMENTO COM USO DE BALDES, ADENSAMENTO E ACABAMENTO DE CONCRETO EM ESTRUTURAS. AF_12/2015 | D30: =[2]ORÇAMENTO!B24 -> SINAPI | E30: =[2]ORÇAMENTO!E24 -> m³ | F30: =[2]ORÇAMENTO!F24 -> 35.9 | J30: =[2]ORÇAMENTO!G24*26.63%+[2]ORÇAMENTO!G24 -> 242.28118 | K30: =ROUND(F30*J30,2) -> 8697.89
A31: =[2]ORÇAMENTO!A25 -> 2.7 | B31: =[2]ORÇAMENTO!C25 -> 90 | C31: =[2]ORÇAMENTO!D25 -> Forma plana para fundações, em tábua de pinho, 07 usos. | D31: =[2]ORÇAMENTO!B25 -> ORSE | E31: =[2]ORÇAMENTO!E25 -> m² | F31: =[2]ORÇAMENTO!F25 -> 19.3 | J31: =[2]ORÇAMENTO!G25*26.63%+[2]ORÇAMENTO!G25 -> 82.765368 | K31: =ROUND(F31*J31,2) -> 1597.37
A32: =[2]ORÇAMENTO!A26 -> 2.8 | B32: =[2]ORÇAMENTO!C26 -> 3366 | C32: =[2]ORÇAMENTO!D26 -> Forma plana para estruturas, em compensado plastificado de 12mm, 07 usos. | D32: =[2]ORÇAMENTO!B26 -> ORSE | E32: =[2]ORÇAMENTO!E26 -> m² | F32: =[2]ORÇAMENTO!F26 -> 421.3 | J32: =[2]ORÇAMENTO!G26*26.63%+[2]ORÇAMENTO!G26 -> 69.874434 | K32: =ROUND(F32*J32,2) -> 29438.1
A33: =[2]ORÇAMENTO!A27 -> 2.9 | B33: =[2]ORÇAMENTO!C27 -> 92763 | C33: =[2]ORÇAMENTO!D27 -> ARMAÇÃO DE PILAR OU VIGA DE UMA ESTRUTURA CONVENCIONAL DE CONCRETO ARMADO EM UM EDIFÍCIO DE MÚLTIPLOS PAVIMENTOS UTILIZANDO AÇO CA-50 DE 12,5 MM - MONTAGEM. AF_12/2015 | D33: =[2]ORÇAMENTO!B27 -> SINAPI | E33: =[2]ORÇAMENTO!E27 -> kg | F33: =[2]ORÇAMENTO!F27 -> 480.3 | G33: =[2]MEM!L249 -> 99.05 | I33: =F33+G33 -> 579.35 | J33: =[2]ORÇAMENTO!G27*26.63%+[2]ORÇAMENTO!G27 -> 13.068216 | K33: =ROUND(F33*J33,2) -> 6276.66 | L33: =G33*J33 -> 1294.4068 | N33: =I33*J33 -> 7571.0709
A34: =[2]ORÇAMENTO!A28 -> 2.10 | B34: =[2]ORÇAMENTO!C28 -> 92762 | C34: =[2]ORÇAMENTO!D28 -> ARMAÇÃO DE PILAR OU VIGA DE UMA ESTRUTURA CONVENCIONAL DE CONCRETO ARMADO EM UM EDIFÍCIO DE MÚLTIPLOS PAVIMENTOS UTILIZANDO AÇO CA-50 DE 10,0 MM - MONTAGEM. AF_12/2015 | D34: =[2]ORÇAMENTO!B28 -> SINAPI | E34: =[2]ORÇAMENTO!E28 -> kg | F34: =[2]ORÇAMENTO!F28 -> 1608.2 | G34: =[2]MEM!L259 -> 446.57226 | I34: =F34+G34 -> 2054.7723 | J34: =[2]ORÇAMENTO!G28*26.63%+[2]ORÇAMENTO!G28 -> 15.309567 | K34: =ROUND(F34*J34,2) -> 24620.85 | L34: =G34*J34 -> 6836.8279 | N34: =I34*J34 -> 31457.674
A35: =[2]ORÇAMENTO!A29 -> 2.11 | B35: =[2]ORÇAMENTO!C29 -> 92764 | C35: =[2]ORÇAMENTO!D29 -> ARMAÇÃO DE PILAR OU VIGA DE UMA ESTRUTURA CONVENCIONAL DE CONCRETO ARMADO EM UM EDIFÍCIO DE MÚLTIPLOS PAVIMENTOS UTILIZANDO AÇO CA-50 DE 16,0 MM - MONTAGEM. AF_12/2015 | D35: =[2]ORÇAMENTO!B29 -> SINAPI | E35: =[2]ORÇAMENTO!E29 -> kg | F35: =[2]ORÇAMENTO!F29 -> 63.1 | J35: =[2]ORÇAMENTO!G29*26.63%+[2]ORÇAMENTO!G29 -> 12.625011 | K35: =ROUND(F35*J35,2) -> 796.64
A36: =[2]ORÇAMENTO!A30 -> 2.12 | B36: =[2]ORÇAMENTO!C30 -> 92759 | C36: =[2]ORÇAMENTO!D30 -> ARMAÇÃO DE PILAR OU VIGA DE UMA ESTRUTURA CONVENCIONAL DE CONCRETO ARMADO EM UM EDIFÍCIO DE MÚLTIPLOS PAVIMENTOS UTILIZANDO AÇO CA-60 DE 5,0 MM - MONTAGEM. AF_12/2015 | D36: =[2]ORÇAMENTO!B30 -> SINAPI | E36: =[2]ORÇAMENTO!E30 -> kg | F36: =[2]ORÇAMENTO!F30 -> 651.9 | J36: =[2]ORÇAMENTO!G30*26.63%+[2]ORÇAMENTO!G30 -> 17.715537 | K36: =ROUND(F36*J36,2) -> 11548.76
A37: =[2]ORÇAMENTO!A31 -> 2.13 | B37: =[2]ORÇAMENTO!C31 -> 96995 | C37: =[2]ORÇAMENTO!D31 -> REATERRO MANUAL APILOADO COM SOQUETE. AF_10/2017 | D37: =[2]ORÇAMENTO!B31 -> SINAPI | E37: =[2]ORÇAMENTO!E31 -> m³ | F37: =[2]ORÇAMENTO!F31 -> 24.3 | J37: =[2]ORÇAMENTO!G31*26.63%+[2]ORÇAMENTO!G31 -> 42.775614 | K37: =ROUND(F37*J37,2) -> 1039.45
A38: =[2]ORÇAMENTO!A32 -> 2.14 | B38: =[2]ORÇAMENTO!C32 -> 93184 | C38: =[2]ORÇAMENTO!D32 -> VERGA PRÉ-MOLDADA PARA PORTAS COM ATÉ 1,5 M DE VÃO. AF_03/2016 | D38: =[2]ORÇAMENTO!B32 -> SINAPI | E38: =[2]ORÇAMENTO!E32 -> m | F38: =[2]ORÇAMENTO!F32 -> 58.14 | J38: =[2]ORÇAMENTO!G32*26.63%+[2]ORÇAMENTO!G32 -> 37.786392 | K38: =ROUND(F38*J38,2) -> 2196.9
A39: =[2]ORÇAMENTO!A33 -> 2.15 | B39: =[2]ORÇAMENTO!C33 -> 93182 | C39: =[2]ORÇAMENTO!D33 -> VERGA PRÉ-MOLDADA PARA JANELAS COM ATÉ 1,5 M DE VÃO. AF_03/2016 | D39: =[2]ORÇAMENTO!B33 -> SINAPI | E39: =[2]ORÇAMENTO!E33 -> m | F39: =[2]ORÇAMENTO!F33 -> 16.9 | J39: =[2]ORÇAMENTO!G33*26.63%+[2]ORÇAMENTO!G33 -> 52.184223 | K39: =ROUND(F39*J39,2) -> 881.91
A40: =[2]ORÇAMENTO!A34 -> 2.16 | B40: =[2]ORÇAMENTO!C34 -> 93194 | C40: =[2]ORÇAMENTO!D34 -> CONTRAVERGA PRÉ-MOLDADA PARA VÃOS DE ATÉ 1,5 M DE COMPRIMENTO. AF_03/2016 | D40: =[2]ORÇAMENTO!B34 -> SINAPI | E40: =[2]ORÇAMENTO!E34 -> m | F40: =[2]ORÇAMENTO!F34 -> 16.9 | J40: =[2]ORÇAMENTO!G34*26.63%+[2]ORÇAMENTO!G34 -> 50.322762 | K40: =ROUND(F40*J40,2) -> 850.45
A41: 2.17 | B41: 101616 | C41: PREPARO DE FUNDO DE VALA COM LARGURA MENOR QUE 1,5 M (ACERTO DO SOLO NATURAL). AF_08/2020 | D41: SINAPI | E41: M2 | G41: =[2]MEM!L274 -> 29.88 | I41: =G41 -> 29.88 | J41: ='[2]ITENS NOVOS'!I36 -> 5.18 | L41: =G41*J41 -> 154.7784 | N41: =I41*J41 -> 154.7784
A43: =[2]ORÇAMENTO!A36 -> 3 | C43: =[2]ORÇAMENTO!B36 -> ALVENARIA E VEDAÇÕES
A44: =[2]ORÇAMENTO!A37 -> 3.1 | B44: =[2]ORÇAMENTO!C37 -> 103326 | C44: =[3]ORÇAMENTO!$AD$36 -> ALVENARIA DE VEDAÇÃO DE BLOCOS CERÂMICOS FURADOS NA HORIZONTAL DE 9X19X19 CM (ESPESSURA 9 CM) E ARGAMASSA DE ASSENTAMENTO COM PREPARO EM BETONEIRA. | D44: =[2]ORÇAMENTO!B37 -> SINAPI | E44: =[2]ORÇAMENTO!E37 -> m² | F44: =[2]ORÇAMENTO!F37 -> 209.45 | G44: =[2]MEM!L317 -> 239.3 | I44: =F44+G44 -> 448.75 | J44: =[2]ORÇAMENTO!G37*26.63%+[2]ORÇAMENTO!G37 -> 78.459948 | K44: =ROUND(F44*J44,2) -> 16433.44 | L44: =G44*J44 -> 18775.466 | N44: =I44*J44 -> 35208.902
A45: =[2]ORÇAMENTO!A38 -> 3.2 | B45: =[2]ORÇAMENTO!C38 -> 191 | C45: =[2]ORÇAMENTO!D38 -> Divisória em granito cinza andorinha polido, e=2cm, inclusive com montagem em ferragem - Rev 02. | D45: =[2]ORÇAMENTO!B38 -> ORSE | E45: =[2]ORÇAMENTO!E38 -> m² | F45: =[2]ORÇAMENTO!F38 -> 53.89 | J45: =[2]ORÇAMENTO!G38*26.63%+[2]ORÇAMENTO!G38 -> 712.59766 | K45: =ROUND(F45*J45,2) -> 38401.89
A46: 3.3 | B46: C0074 | C46: ALVENARIA DE TIJOLO CERÂMICO FURADO (9x19x19)cm C/ARGAMASSA MISTA DE CAL HIDRATADA ESP=20 cm | D46: SEINFRA | E46: M2 | G46: =[2]MEM!L338 -> 85.483 | I46: =G46 -> 85.483 | J46: ='[2]ITENS NOVOS'!I17 -> 128.24 | L46: =G46*J46 -> 10962.34 | N46: =I46*J46 -> 10962.34
A48: =[2]ORÇAMENTO!A40 -> 4 | C48: =[2]ORÇAMENTO!B40 -> IMPERMEABILIZAÇÕES
A49: =[2]ORÇAMENTO!A41 -> 4.1 | B49: =[2]ORÇAMENTO!C41 -> 98557 | C49: =[2]ORÇAMENTO!D41 -> IMPERMEABILIZAÇÃO DE SUPERFÍCIE COM EMULSÃO ASFÁLTICA, 2 DEMÃOS AF_06/2018 | D49: =[2]ORÇAMENTO!B41 -> SINAPI | E49: =[2]ORÇAMENTO!E41 -> m² | F49: =[2]ORÇAMENTO!F41 -> 25.12 | J49: =[2]ORÇAMENTO!G41*26.63%+[2]ORÇAMENTO!G41 -> 48.777876 | K49: =ROUND(F49*J49,2) -> 1225.3
A50: =[2]ORÇAMENTO!A42 -> 4.2 | B50: =[2]ORÇAMENTO!C42 -> 98546 | C50: =[2]ORÇAMENTO!D42 -> IMPERMEABILIZAÇÃO DE SUPERFÍCIE COM MANTA ASFÁLTICA, UMA CAMADA, INCLUSIVE APLICAÇÃO DE PRIMER ASFÁLTICO, E=3MM. AF_06/2018 | D50: =[2]ORÇAMENTO!B42 -> SINAPI | E50: =[2]ORÇAMENTO!E42 -> m² | F50: =[2]ORÇAMENTO!F42 -> 57.88 | J50: =[2]ORÇAMENTO!G42*26.63%+[2]ORÇAMENTO!G42 -> 121.10893 | K50: =ROUND(F50*J50,2) -> 7009.78
A52: =[2]ORÇAMENTO!A44 -> 5 | C52: =[2]ORÇAMENTO!B44 -> COBERTURAS E PROTEÇÕES
A53: =[2]ORÇAMENTO!A45 -> 5.1 | B53: =[2]ORÇAMENTO!C45 -> 92539 | C53: =[2]ORÇAMENTO!D45 -> TRAMA DE MADEIRA COMPOSTA POR RIPAS, CAIBROS E TERÇAS PARA TELHADOS DE ATÉ 2 ÁGUAS PARA TELHA DE ENCAIXE DE CERÂMICA OU DE CONCRETO, INCLUSO TRANSPORTE VERTICAL. AF_07/2019 | D53: =[2]ORÇAMENTO!B45 -> SINAPI | E53: =[2]ORÇAMENTO!E45 -> m² | F53: =309.93+106 -> 415.93 | G53: =774.83-309+121 -> 586.83 | H53: 309.93 | I53: =G53 -> 586.83 | J53: =[2]ORÇAMENTO!G45*26.63%+[2]ORÇAMENTO!G45 -> 76.573161 | K53: =ROUND(F53*J53,2) -> 31849.07 | L53: =G53*J53 -> 44935.428 | N53: =I53*J53 -> 44935.428
A54: =[2]ORÇAMENTO!A46 -> 5.2 | B54: =[2]ORÇAMENTO!C46 -> 94201 | C54: =[2]ORÇAMENTO!D46 -> TELHAMENTO COM TELHA CERÂMICA CAPA-CANAL, TIPO COLONIAL, COM ATÉ 2 ÁGUAS, INCLUSO TRANSPORTE VERTICAL. AF_07/2019 | D54: =[2]ORÇAMENTO!B46 -> SINAPI | E54: =[2]ORÇAMENTO!E46 -> m² | F54: =[2]ORÇAMENTO!F46 -> 309.93 | J54: =[2]ORÇAMENTO!G46*26.63%+[2]ORÇAMENTO!G46 -> 37.495143 | K54: =ROUND(F54*J54,2) -> 11620.87
A55: =[2]ORÇAMENTO!A47 -> 5.3 | B55: =[2]ORÇAMENTO!C47 -> 96113 | C55: =[2]ORÇAMENTO!D47 -> FORRO EM PLACAS DE GESSO, PARA AMBIENTES COMERCIAIS. AF_05/2017_P | D55: =[2]ORÇAMENTO!B47 -> SINAPI | E55: =[2]ORÇAMENTO!E47 -> m² | F55: =[2]ORÇAMENTO!F47 -> 774.83 | H55: 309.93 | J55: =[2]ORÇAMENTO!G47*26.63%+[2]ORÇAMENTO!G47 -> 38.153619 | K55: =ROUND(F55*J55,2) -> 29562.57
A56: 5.4 | B56: 12625 | C56: Retelhamento em cobertura com telha ceramica tipo canal comum, Itabaiana ou similar. | D56: ORSE | E56: m² | G56: =[2]MEM!L396 -> 250 | I56: =G56 -> 250 | J56: ='[2]ITENS NOVOS'!I16 -> 11.57 | L56: =G56*J56 -> 2892.5 | N56: =I56*J56 -> 2892.5
A57: 5.5 | B57: 92543 | C57: TRAMA DE MADEIRA COMPOSTA POR TERÇAS PARA TELHADOS DE ATÉ 2 ÁGUAS PARA TELHA ONDULADA DE FIBROCIMENTO, METÁLICA, PLÁSTICA OU TERMOACÚSTICA, INCLUSO TRANSPORTE VERTICAL. AF_07/2019 | D57: SINAPI | E57: M2 | G57: =[2]MEM!L401 -> 211.57 | I57: =G57 -> 211.57 | J57: ='[2]ITENS NOVOS'!I31 -> 23.29 | L57: =G57*J57 -> 4927.4653 | N57: =I57*J57 -> 4927.4653
A58: 5.6 | B58: 94207 | C58: TELHAMENTO COM TELHA ONDULADA DE FIBROCIMENTO E = 6 MM, COM RECOBRIMENTO LATERAL DE 1/4 DE ONDA PARA TELHADO COM INCLINAÇÃO MAIOR QUE 10°, COM ATÉ 2 ÁGUAS, INCLUSO IÇAMENTO. AF_07/2019 | D58: SINAPI | E58: M2 | G58: =[2]MEM!L405 -> 211.57 | I58: =G58 -> 211.57 | J58: ='[2]ITENS NOVOS'!I32 -> 72.74 | L58: =G58*J58 -> 15389.602 | N58: =I58*J58 -> 15389.602
A59: 5.7 | B59: 8269 | C59: Calha em chapa de aço galvanizado nº 26, desenvolvimento 86 cm (fundo=32 cm, laterais=15 cm, bordas=12cm) | D59: ORSE | E59: m | G59: =[2]MEM!L409 -> 118.97 | I59: =G59 -> 118.97 | J59: ='[2]ITENS NOVOS'!I33 -> 173.19 | L59: =G59*J59 -> 20604.414 | N59: =I59*J59 -> 20604.414
A60: 5.8 | B60: 94219 | C60: CUMEEIRA E ESPIGÃO PARA TELHA CERÂMICA EMBOÇADA COM ARGAMASSA TRAÇO 1:2:9 (CIMENTO, CAL E AREIA), PARA TELHADOS COM MAIS DE 2 ÁGUAS, INCLUSO TRANSPORTE VERTICAL. AF_07/2019 | D60: SINAPI | E60: M | G60: =[2]MEM!L417 -> 25.08 | I60: =G60 -> 25.08 | J60: ='[2]ITENS NOVOS'!I34 -> 25.88 | L60: =G60*J60 -> 649.0704 | N60: =I60*J60 -> 649.0704
A62: =[2]ORÇAMENTO!A49 -> 6 | C62: =[2]ORÇAMENTO!B49 -> ESQUADRIAS
A63: =[2]ORÇAMENTO!A50 -> 6.1 | C63: =[2]ORÇAMENTO!B50 -> METÁLICA, ALUMÍNIO C/ VIDRO E MADEIRA
A64: =[2]ORÇAMENTO!A51 -> 6.1.1 | B64: =[2]ORÇAMENTO!C51 -> 94570 | C64: =[2]ORÇAMENTO!D51 -> JANELA DE ALUMÍNIO DE CORRER COM 2 FOLHAS PARA VIDROS, COM VIDROS, BATENTE, ACABAMENTO COM ACETATO OU BRILHANTE E FERRAGENS. EXCLUSIVE ALIZAR E CONTRAMARCO. FORNECIMENTO E INSTALAÇÃO. AF_12/2019 | D64: =[2]ORÇAMENTO!B51 -> SINAPI | E64: =[2]ORÇAMENTO!E51 -> m² | F64: =[2]ORÇAMENTO!F51 -> 16.56 | G64: 6 | I64: =F64+G64 -> 22.56 | J64: =[2]ORÇAMENTO!G51*26.63%+[2]ORÇAMENTO!G51 -> 771.53126 | K64: =ROUND(F64*J64,2) -> 12776.56 | L64: =G64*J64 -> 4629.1876 | N64: =I64*J64 -> 17405.745
A65: =[2]ORÇAMENTO!A52 -> 6.1.2 | B65: =[2]ORÇAMENTO!C52 -> 94569 | C65: =[2]ORÇAMENTO!D52 -> JANELA DE ALUMÍNIO TIPO MAXIM-AR, COM VIDROS, BATENTE E FERRAGENS. EXCLUSIVE ALIZAR, ACABAMENTO E CONTRAMARCO. FORNECIMENTO E INSTALAÇÃO. AF_12/2019 | D65: =[2]ORÇAMENTO!B52 -> SINAPI | E65: =[2]ORÇAMENTO!E52 -> m² | F65: =[2]ORÇAMENTO!F52 -> 2.5 | G65: 8 | I65: =F65+G65 -> 10.5 | J65: =[2]ORÇAMENTO!G52*26.63%+[2]ORÇAMENTO!G52 -> 1448.9384 | K65: =ROUND(F65*J65,2) -> 3622.35 | L65: =G65*J65 -> 11591.508 | N65: =I65*J65 -> 15213.854
A66: =[2]ORÇAMENTO!A53 -> 6.1.3 | B66: =[2]ORÇAMENTO!C53 -> 91341 | C66: =[2]ORÇAMENTO!D53 -> PORTA EM ALUMÍNIO DE ABRIR TIPO VENEZIANA COM GUARNIÇÃO, FIXAÇÃO COM PARAFUSOS - FORNECIMENTO E INSTALAÇÃO. AF_12/2019 | D66: =[2]ORÇAMENTO!B53 -> SINAPI | E66: =[2]ORÇAMENTO!E53 -> m² | F66: =[2]ORÇAMENTO!F53 -> 7.92 | J66: =[2]ORÇAMENTO!G53*26.63%+[2]ORÇAMENTO!G53 -> 969.51727 | K66: =ROUND(F66*J66,2) -> 7678.58
A67: =[2]ORÇAMENTO!A54 -> 6.1.4 | B67: =[2]ORÇAMENTO!C54 -> 100701 | C67: =[2]ORÇAMENTO!D54 -> PORTA DE FERRO, DE ABRIR, TIPO GRADE COM CHAPA, COM GUARNIÇÕES. AF_12/2019 | D67: =[2]ORÇAMENTO!B54 -> SINAPI | E67: =[2]ORÇAMENTO!E54 -> m² | F67: =[2]ORÇAMENTO!F54 -> 5.31 | J67: =[2]ORÇAMENTO!G54*26.63%+[2]ORÇAMENTO!G54 -> 724.12099 | K67: =ROUND(F67*J67,2) -> 3845.08
A68: =[2]ORÇAMENTO!A55 -> 6.1.5 | B68: =[2]ORÇAMENTO!C55 -> 12036 | C68: =[2]ORÇAMENTO!D55 -> Portão em ferro, em tubo de aço galvanizado 2" e tela ondulada, malha 3/8". | D68: =[2]ORÇAMENTO!B55 -> ORSE | E68: =[2]ORÇAMENTO!E55 -> m² | F68: =[2]ORÇAMENTO!F55 -> 6.62 | J68: =[2]ORÇAMENTO!G55*26.63%+[2]ORÇAMENTO!G55 -> 940.87356 | K68: =ROUND(F68*J68,2) -> 6228.58
A69: =[2]ORÇAMENTO!A56 -> 6.1.6 | B69: =[2]ORÇAMENTO!C56 -> 90841 | C69: =[2]ORÇAMENTO!D56 -> KIT DE PORTA DE MADEIRA PARA PINTURA, SEMI-OCA (LEVE OU MÉDIA), PADRÃO MÉDIO, 60X210CM, ESPESSURA DE 3,5CM, ITENS INCLUSOS: DOBRADIÇAS, MONTAGEM E INSTALAÇÃO DO BATENTE, FECHADURA COM EXECUÇÃO DO FURO - FORNECIMENTO E INSTALAÇÃO. AF_12/2019 | D69: =[2]ORÇAMENTO!B56 -> SINAPI | E69: =[2]ORÇAMENTO!E56 -> unid | F69: =[2]ORÇAMENTO!F56 -> 8 | G69: -8 | I69: -8 | J69: =[2]ORÇAMENTO!G56*26.63%+[2]ORÇAMENTO!G56 -> 1013.9517 | K69: =ROUND(F69*J69,2) -> 8111.61 | L69: =G69*J69 -> -8111.6139 | N69: =I69*J69 -> -8111.6139
A70: =[2]ORÇAMENTO!A57 -> 6.1.7 | B70: =[2]ORÇAMENTO!C57 -> 90842 | C70: =[2]ORÇAMENTO!D57 -> KIT DE PORTA DE MADEIRA PARA PINTURA, SEMI-OCA (LEVE OU MÉDIA), PADRÃO MÉDIO, 70X210CM, ESPESSURA DE 3,5CM, ITENS INCLUSOS: DOBRADIÇAS, MONTAGEM E INSTALAÇÃO DO BATENTE, FECHADURA COM EXECUÇÃO DO FURO - FORNECIMENTO E INSTALAÇÃO. AF_12/2019 | D70: =[2]ORÇAMENTO!B57 -> SINAPI | E70: =[2]ORÇAMENTO!E57 -> unid | F70: =[2]ORÇAMENTO!F57 -> 3 | G70: -3 | I70: -3 | J70: =[2]ORÇAMENTO!G57*26.63%+[2]ORÇAMENTO!G57 -> 1022.17 | K70: =ROUND(F70*J70,2) -> 3066.51 | L70: =G70*J70 -> -3066.5101 | N70: =I70*J70 -> -3066.5101
A71: =[2]ORÇAMENTO!A58 -> 6.1.8 | B71: =[2]ORÇAMENTO!C58 -> 90843 | C71: =[2]ORÇAMENTO!D58 -> KIT DE PORTA DE MADEIRA PARA PINTURA, SEMI-OCA (LEVE OU MÉDIA), PADRÃO MÉDIO, 80X210CM, ESPESSURA DE 3,5CM, ITENS INCLUSOS: DOBRADIÇAS, MONTAGEM E INSTALAÇÃO DO BATENTE, FECHADURA COM EXECUÇÃO DO FURO - FORNECIMENTO E INSTALAÇÃO. AF_12/2019 | D71: =[2]ORÇAMENTO!B58 -> SINAPI | E71: =[2]ORÇAMENTO!E58 -> unid | F71: =[2]ORÇAMENTO!F58 -> 2 | G71: 6 | I71: =F71+G71 -> 8 | J71: =[2]ORÇAMENTO!G58*26.63%+[2]ORÇAMENTO!G58 -> 1068.0734 | K71: =ROUND(F71*J71,2) -> 2136.15 | L71: =G71*J71 -> 6408.4404 | N71: =I71*J71 -> 8544.5872
A72: =[2]ORÇAMENTO!A59 -> 6.1.9 | B72: =[2]ORÇAMENTO!C59 -> 90844 | C72: =[2]ORÇAMENTO!D59 -> KIT DE PORTA DE MADEIRA PARA PINTURA, SEMI-OCA (LEVE OU MÉDIA), PADRÃO MÉDIO, 90X210CM, ESPESSURA DE 3,5CM, ITENS INCLUSOS: DOBRADIÇAS, MONTAGEM E INSTALAÇÃO DO BATENTE, FECHADURA COM EXECUÇÃO DO FURO - FORNECIMENTO E INSTALAÇÃO. AF_12/2019 | D72: =[2]ORÇAMENTO!B59 -> SINAPI | E72: =[2]ORÇAMENTO!E59 -> unid | F72: =[2]ORÇAMENTO!F59 -> 22 | G72: 12 | I72: =F72+G72 -> 34 | J72: =[2]ORÇAMENTO!G59*26.63%+[2]ORÇAMENTO!G59 -> 1149.2686 | K72: =ROUND(F72*J72,2) -> 25283.91 | L72: =G72*J72 -> 13791.223 | N72: =I72*J72 -> 39075.131
A73: =[2]ORÇAMENTO!A60 -> 6.1.10 | B73: =[2]ORÇAMENTO!C60 -> 3629 | C73: =[2]ORÇAMENTO!D60 -> Porta em madeira compensada (canela), lisa e semi-oca, 1,00 x 2,10 m, inclusive batentes e ferragens. | D73: =[2]ORÇAMENTO!B60 -> ORSE | E73: =[2]ORÇAMENTO!E60 -> unid | F73: =[2]ORÇAMENTO!F60 -> 11 | G73: -11 | I73: -11 | J73: =[2]ORÇAMENTO!G60*26.63%+[2]ORÇAMENTO!G60 -> 1016.1044 | K73: =ROUND(F73*J73,2) -> 11177.15 | L73: =G73*J73 -> -11177.149 | N73: =I73*J73 -> -11177.149
A74: 6.1.11 | B74: 100674 | C74: JANELA FIXA DE ALUMÍNIO PARA VIDRO, COM VIDRO, BATENTE E FERRAGENS. EXCLUSIVE ACABAMENTO, ALIZAR E CONTRAMARCO. FORNECIMENTO E INSTALAÇÃO. AF_12/2019 | D74: SINAPI | E74: M2 | G74: =[2]MEM!L428 -> 17.49 | I74: =G74 -> 17.49 | J74: ='[2]ITENS NOVOS'!I22 -> 1647.35 | L74: =G74*J74 -> 28812.152 | N74: =I74*J74 -> 28812.152
A75: 6.1.12 | B75: 12093 | C75: Gradil em alumínio anodizado branco, com barras de apoio em alumínio anodizado branco de 1"x2" horizontais a cada 5cm com 1,85m e barras externas verticais em alumínio anodizado branco de 1.1/2" x 1.1/2" com 3,05m - Fixado com rebite | D75: ORSE | E75: m2 | G75: =[2]MEM!L433 -> 5.5 | I75: =G75 -> 5.5 | J75: ='[2]ITENS NOVOS'!I23 -> 592.45 | L75: =G75*J75 -> 3258.475 | N75: =I75*J75 -> 3258.475
A76: 6.1.13 | B76: 11955 | C76: Portão em alumínio, cor N/B/P, em perfís búzio quadrado ou lambril, completo inclusive rodízios, perfís e fechadura | D76: ORSE | E76: m2 | G76: =[2]MEM!L439 -> 14.775 | I76: =G76 -> 14.775 | J76: ='[2]ITENS NOVOS'!I24 -> 401.54 | L76: =G76*J76 -> 5932.7535 | N76: =I76*J76 -> 5932.7535
A77: 6.1.14 | B77: 1924 | C77: Revestimento com chapa em fórmica brilhante, esp. = 1,3 mm, colada c/ formicola ou similar | D77: ORSE | E77: m2 | G77: =[2]MEM!L445 -> 112.77 | I77: =G77 -> 112.77 | J77: ='[2]ITENS NOVOS'!I28 -> 105.72 | L77: =G77*J77 -> 11922.044 | N77: =I77*J77 -> 11922.044
A78: 6.1.15 | B78: 1770 | C78: Batente em madeira de lei l = 0,14 m (caixão), incluindo 02 jogos de alizar | D78: ORSE | E78: m | G78: =[2]MEM!L455 -> 23.8 | I78: =G78 -> 23.8 | J78: ='[2]ITENS NOVOS'!I29 -> 80.11 | L78: =G78*J78 -> 1906.618 | N78: =I78*J78 -> 1906.618
A79: 6.1.16 | B79: 102152 | C79: INSTALAÇÃO DE VIDRO LISO, E = 4 MM, EM ESQUADRIA DE MADEIRA, FIXADO COM BAGUETE. AF_01/2021 | D79: SINAPI | E79: M2 | G79: =[2]MEM!L462 -> 4.98 | I79: =G79 -> 4.98 | J79: ='[2]ITENS NOVOS'!I30 -> 270.79 | L79: =G79*J79 -> 1348.5342 | N79: =I79*J79 -> 1348.5342
A80: 6.1.17 | B80: 4723 | C80: Porta em madeira compensada (canela), lisa, semi-ôca, 1.20 x 2.10 m, revestida c/fórmica, inclusive batentes e ferragens | D80: ORSE | E80: un | G80: 3 | I80: =G80 -> 3 | J80: ='[2]ITENS NOVOS'!I25 -> 1767.96 | L80: =G80*J80 -> 5303.88 | N80: =I80*J80 -> 5303.88
A81: 6.1.18 | B81: 7149 | C81: Porta em madeira compensada (canela), lisa, semi-ôca, 1.40 x 2.10 m, com duas folhas, inclusive batentes e ferragens | D81: ORSE | E81: un | G81: 4 | I81: =G81 -> 4 | J81: ='[2]ITENS NOVOS'!I26 -> 1561.31 | L81: =G81*J81 -> 6245.24 | N81: =I81*J81 -> 6245.24
A82: 6.1.19 | B82: 7148 | C82: Porta em madeira compensada (canela), lisa, semi-ôca, 2.00 x 2.10 m, com duas folhas, inclusive batentes e ferragens | D82: ORSE | E82: un | G82: 3 | I82: =G82 -> 3 | J82: ='[2]ITENS NOVOS'!I27 -> 1445.62 | L82: =G82*J82 -> 4336.86 | N82: =I82*J82 -> 4336.86
A84: =[2]ORÇAMENTO!A62 -> 6.2 | C84: =[2]ORÇAMENTO!B62 -> VIDRO
A85: =[2]ORÇAMENTO!A63 -> 6.2.1 | B85: =[2]ORÇAMENTO!C63 -> 13096 | C85: =[2]ORÇAMENTO!D63 -> Porta em vidro temperado 10mm, incolor,inclusive ferragens de fixação e instalação, exclusive puxador. | D85: =[2]ORÇAMENTO!B63 -> ORSE | E85: =[2]ORÇAMENTO!E63 -> m² | F85: =[2]ORÇAMENTO!F63 -> 23.1 | J85: =[2]ORÇAMENTO!G63*26.63%+[2]ORÇAMENTO!G63 -> 668.37847 | K85: =ROUND(F85*J85,2) -> 15439.54
A86: =[2]ORÇAMENTO!A64 -> 6.2.2 | B86: =[2]ORÇAMENTO!C64 -> 100702 | C86: =[2]ORÇAMENTO!D64 -> PORTA DE CORRER DE ALUMÍNIO, COM DUAS FOLHAS PARA VIDRO, INCLUSO VIDRO LISO INCOLOR, FECHADURA E PUXADOR, SEM ALIZAR. AF_12/2019 | D86: =[2]ORÇAMENTO!B64 -> SINAPI | E86: =[2]ORÇAMENTO!E64 -> m² | F86: =[2]ORÇAMENTO!F64 -> 25.08 | J86: =[2]ORÇAMENTO!G64*26.63%+[2]ORÇAMENTO!G64 -> 591.96992 | K86: =ROUND(F86*J86,2) -> 14846.61
A87: 6.2.3 | B87: 11347 | C87: Fornecimento e instalação de fachada em pele de vidro, em vidro laminado 3+3 refletivo | D87: ORSE | E87: m² | G87: 16.15 | I87: =G87 -> 16.15 | J87: ='[2]ITENS NOVOS'!I18 -> 1850.25 | L87: =G87*J87 -> 29881.537 | N87: =I87*J87 -> 29881.537
A89: =[2]ORÇAMENTO!A66 -> 6.3 | C89: =[2]ORÇAMENTO!B66 -> FERRAGENS
A90: =[2]ORÇAMENTO!A67 -> 6.3.1 | B90: =[2]ORÇAMENTO!C67 -> 9733 | C90: =[2]ORÇAMENTO!D67 -> Puxador duplo para porta, em alumínio polido, d = 1", I = 40mm, ref. 3008, Vesfer | D90: =[2]ORÇAMENTO!B67 -> ORSE | E90: =[2]ORÇAMENTO!E67 -> unid | F90: =[2]ORÇAMENTO!F67 -> 2 | J90: =[2]ORÇAMENTO!G67*26.63%+[2]ORÇAMENTO!G67 -> 254.33635 | K90: =ROUND(F90*J90,2) -> 508.67
A91: =[2]ORÇAMENTO!A68 -> 6.3.2 | B91: =[2]ORÇAMENTO!C68 -> 100705 | C91: =[2]ORÇAMENTO!D68 -> TARJETA TIPO LIVRE/OCUPADO PARA PORTA DE BANHEIRO. AF_12/2019 | D91: =[2]ORÇAMENTO!B68 -> SINAPI | E91: =[2]ORÇAMENTO!E68 -> unid | F91: =[2]ORÇAMENTO!F68 -> 6 | J91: =[2]ORÇAMENTO!G68*26.63%+[2]ORÇAMENTO!G68 -> 83.44917 | K91: =ROUND(F91*J91,2) -> 500.7
A93: =[2]ORÇAMENTO!A70 -> 7 | C93: =[2]ORÇAMENTO!B70 -> REVESTIMENTO
A94: =[2]ORÇAMENTO!A71 -> 7.1 | B94: =[2]ORÇAMENTO!C71 -> 87529 | C94: =[2]ORÇAMENTO!D71 -> MASSA ÚNICA, PARA RECEBIMENTO DE PINTURA, EM ARGAMASSA TRAÇO 1:2:8, PREPARO MECÂNICO COM BETONEIRA 400L, APLICADA MANUALMENTE EM FACES INTERNAS DE PAREDES, ESPESSURA DE 20MM, COM EXECUÇÃO DE TALISCAS. AF_06/2014 | D94: =[2]ORÇAMENTO!B71 -> SINAPI | E94: =[2]ORÇAMENTO!E71 -> m² | F94: =[2]ORÇAMENTO!F71 -> 418.9 | G94: =[2]MEM!L476 -> 610.59 | I94: =F94+G94 -> 1029.49 | J94: =[2]ORÇAMENTO!G71*26.63%+[2]ORÇAMENTO!G71 -> 31.619511 | K94: =ROUND(F94*J94,2) -> 13245.41 | L94: =G94*J94 -> 19306.557 | N94: =I94*J94 -> 32551.97
A95: =[2]ORÇAMENTO!A72 -> 7.2 | B95: =[2]ORÇAMENTO!C72 -> 87879 | C95: =[2]ORÇAMENTO!D72 -> CHAPISCO APLICADO EM ALVENARIAS E ESTRUTURAS DE CONCRETO INTERNAS, COM COLHER DE PEDREIRO. ARGAMASSA TRAÇO 1:3 COM PREPARO EM BETONEIRA 400L. AF_06/2014 | D95: =[2]ORÇAMENTO!B72 -> SINAPI | E95: =[2]ORÇAMENTO!E72 -> m² | F95: =[2]ORÇAMENTO!F72 -> 418.9 | G95: =[2]MEM!L538 -> 610.59 | I95: =F95+G95 -> 1029.49 | J95: =[2]ORÇAMENTO!G72*26.63%+[2]ORÇAMENTO!G72 -> 3.786237 | K95: =ROUND(F95*J95,2) -> 1586.05 | L95: =G95*J95 -> 2311.8384 | N95: =I95*J95 -> 3897.8931
A96: =[2]ORÇAMENTO!A73 -> 7.3 | B96: =[2]ORÇAMENTO!C73 -> 87273 | C96: =[2]ORÇAMENTO!D73 -> REVESTIMENTO CERÂMICO PARA PAREDES INTERNAS COM PLACAS TIPO ESMALTADA EXTRA DE DIMENSÕES 33X45 CM APLICADAS EM AMBIENTES DE ÁREA MAIOR QUE 5 M² NA ALTURA INTEIRA DAS PAREDES. AF_06/2014 | D96: =[2]ORÇAMENTO!B73 -> SINAPI | E96: =[2]ORÇAMENTO!E73 -> m² | F96: =[2]ORÇAMENTO!F73 -> 423.52 | J96: =[2]ORÇAMENTO!G73*26.63%+[2]ORÇAMENTO!G73 -> 77.712831 | K96: =ROUND(F96*J96,2) -> 32912.94
A97: =[2]ORÇAMENTO!A74 -> 7.4 | B97: =[2]ORÇAMENTO!C74 -> 12420 | C97: =[2]ORÇAMENTO!D74 -> 0 | D97: =[2]ORÇAMENTO!B74 -> ORSE | E97: =[2]ORÇAMENTO!E74 -> m² | F97: =[2]ORÇAMENTO!F74 -> 99.65 | J97: =[2]ORÇAMENTO!G74*26.63%+[2]ORÇAMENTO!G74 -> 507.91293 | K97: =ROUND(F97*J97,2) -> 50613.52
A99: =[2]ORÇAMENTO!A76 -> 8 | C99: =[2]ORÇAMENTO!B76 -> PAVIMENTAÇÃO
A100: =[2]ORÇAMENTO!A77 -> 8.1 | B100: =[2]ORÇAMENTO!C77 -> 87620 | C100: =[2]ORÇAMENTO!D77 -> CONTRAPISO EM ARGAMASSA TRAÇO 1:4 (CIMENTO E AREIA), PREPARO MECÂNICO COM BETONEIRA 400 L, APLICADO EM ÁREAS SECAS SOBRE LAJE, ADERIDO, ACABAMENTO NÃO REFORÇADO, ESPESSURA 2CM. AF_07/2021 | D100: =[2]ORÇAMENTO!B77 -> SINAPI | E100: =[2]ORÇAMENTO!E77 -> m² | F100: =[2]ORÇAMENTO!F77 -> 774.83 | J100: =[2]ORÇAMENTO!G77*26.63%+[2]ORÇAMENTO!G77 -> 28.23849 | K100: =ROUND(F100*J100,2) -> 21880.03
A101: =[2]ORÇAMENTO!A78 -> 8.2 | B101: =[2]ORÇAMENTO!C78 -> 87263 | C101: =[2]ORÇAMENTO!D78 -> REVESTIMENTO CERÂMICO PARA PISO COM PLACAS TIPO PORCELANATO DE DIMENSÕES 60X60 CM APLICADA EM AMBIENTES DE ÁREA MAIOR QUE 10 M². AF_06/2014 | D101: =[2]ORÇAMENTO!B78 -> SINAPI | E101: =[2]ORÇAMENTO!E78 -> m² | F101: =[2]ORÇAMENTO!F78 -> 774.83 | J101: =[2]ORÇAMENTO!G78*26.63%+[2]ORÇAMENTO!G78 -> 184.01872 | K101: =ROUND(F101*J101,2) -> 142583.22
A102: =[2]ORÇAMENTO!A79 -> 8.3 | B102: =[2]ORÇAMENTO!C79 -> 98504 | C102: =[2]ORÇAMENTO!D79 -> PLANTIO DE GRAMA EM PLACAS. AF_05/2018 | D102: =[2]ORÇAMENTO!B79 -> SINAPI | E102: =[2]ORÇAMENTO!E79 -> m² | F102: =[2]ORÇAMENTO!F79 -> 176.89 | J102: =[2]ORÇAMENTO!G79*26.63%+[2]ORÇAMENTO!G79 -> 16.550541 | K102: =ROUND(F102*J102,2) -> 2927.63
A103: =[2]ORÇAMENTO!A80 -> 8.4 | B103: =[2]ORÇAMENTO!C80 -> 101819 | C103: =[2]ORÇAMENTO!D80 -> RECOMPOSIÇÃO DE PAVIMENTO EM PARALELEPÍPEDOS, REJUNTAMENTO COM ARGAMASSA, COM REAPROVEITAMENTO DOS PARALELEPÍPEDOS, PARA O FECHAMENTO DE VALAS - INCLUSO RETIRADA E COLOCAÇÃO DO MATERIAL. AF_12/2020 | D103: =[2]ORÇAMENTO!B80 -> SINAPI | E103: =[2]ORÇAMENTO!E80 -> m² | F103: =[2]ORÇAMENTO!F80 -> 155.13 | J103: =[2]ORÇAMENTO!G80*26.63%+[2]ORÇAMENTO!G80 -> 57.312738 | K103: =ROUND(F103*J103,2) -> 8890.93
A104: 8.5 | B104: 95241 | C104: LASTRO DE CONCRETO MAGRO, APLICADO EM PISOS, LAJES SOBRE SOLO OU RADIERS, ESPESSURA DE 5 CM. AF_07/2016 | D104: SINAPI | E104: m² | G104: =[2]MEM!L603 -> 736.73 | I104: =G104 -> 736.73 | J104: ='[2]ITENS NOVOS'!I21 -> 27.81 | L104: =G104*J104 -> 20488.461 | N104: =I104*J104 -> 20488.461
A105: =[2]ORÇAMENTO!A82 -> 9 | C105: =[2]ORÇAMENTO!B82 -> INSTALAÇÕES HIDRO-SANITÁRIAS-PLUVIAL-INCÊNDIO
A106: =[2]ORÇAMENTO!A83 -> 9.1 | C106: =[2]ORÇAMENTO!B83 -> SISTEMA PREDIAL DE ESGOTO SANITÁRIO -NBR 9160
A107: =[2]ORÇAMENTO!A84 -> 9.1.1 | B107: =[2]ORÇAMENTO!C84 -> 89707 | C107: =[2]ORÇAMENTO!D84 -> CAIXA SIFONADA, PVC, DN 100 X 100 X 50 MM, JUNTA ELÁSTICA, FORNECIDA E INSTALADA EM RAMAL DE DESCARGA OU EM RAMAL DE ESGOTO SANITÁRIO. AF_12/2014 | D107: =[2]ORÇAMENTO!B84 -> SINAPI | E107: =[2]ORÇAMENTO!E84 -> unid | F107: =[2]ORÇAMENTO!F84 -> 28 | J107: =[2]ORÇAMENTO!G84*26.63%+[2]ORÇAMENTO!G84 -> 41.040783 | K107: =ROUND(F107*J107,2) -> 1149.14
A108: =[2]ORÇAMENTO!A85 -> 9.1.2 | B108: =[2]ORÇAMENTO!C85 -> 89744 | C108: =[2]ORÇAMENTO!D85 -> JOELHO 90 GRAUS, PVC, SERIE NORMAL, ESGOTO PREDIAL, DN 100 MM, JUNTA ELÁSTICA, FORNECIDO E INSTALADO EM RAMAL DE DESCARGA OU RAMAL DE ESGOTO SANITÁRIO. AF_12/2014 | D108: =[2]ORÇAMENTO!B85 -> SINAPI | E108: =[2]ORÇAMENTO!E85 -> unid | F108: =[2]ORÇAMENTO!F85 -> 13 | J108: =[2]ORÇAMENTO!G85*26.63%+[2]ORÇAMENTO!G85 -> 26.5923 | K108: =ROUND(F108*J108,2) -> 345.7
A109: =[2]ORÇAMENTO!A86 -> 9.1.3 | B109: =[2]ORÇAMENTO!C86 -> 89724 | C109: =[2]ORÇAMENTO!D86 -> JOELHO 90 GRAUS, PVC, SERIE NORMAL, ESGOTO PREDIAL, DN 40 MM, JUNTA SOLDÁVEL, FORNECIDO E INSTALADO EM RAMAL DE DESCARGA OU RAMAL DE ESGOTO SANITÁRIO. AF_12/2014 | D109: =[2]ORÇAMENTO!B86 -> SINAPI | E109: =[2]ORÇAMENTO!E86 -> unid | F109: =[2]ORÇAMENTO!F86 -> 63 | J109: =[2]ORÇAMENTO!G86*26.63%+[2]ORÇAMENTO!G86 -> 10.712898 | K109: =ROUND(F109*J109,2) -> 674.91
A110: =[2]ORÇAMENTO!A87 -> 9.1.4 | B110: =[2]ORÇAMENTO!C87 -> 89731 | C110: =[2]ORÇAMENTO!D87 -> JOELHO 90 GRAUS, PVC, SERIE NORMAL, ESGOTO PREDIAL, DN 50 MM, JUNTA ELÁSTICA, FORNECIDO E INSTALADO EM RAMAL DE DESCARGA OU RAMAL DE ESGOTO SANITÁRIO. AF_12/2014 | D110: =[2]ORÇAMENTO!B87 -> SINAPI | E110: =[2]ORÇAMENTO!E87 -> unid | F110: =[2]ORÇAMENTO!F87 -> 38 | J110: =[2]ORÇAMENTO!G87*26.63%+[2]ORÇAMENTO!G87 -> 11.295396 | K110: =ROUND(F110*J110,2) -> 429.23
...

Sheet BM_15
C1: BM 15 - Boletim de Medição
B4: ESTADO DA PARAÍBA
B5: PREFEITURA MUNICIPAL DE SOUSA - PB
A6: Objetivo | G6: Agente Promotor | K6: Data de Emissão | L6: Nº BM
A7: CENTRO DE ONCOLOGIA DE SOUSA | G7: PREFEITURA MUNICIPAL DE SOUSA - PB | K7: 44600 | L7: 15
A9: Localização | G9: Contratada | K9: Início da Obra | L9: Termino da Obra
A10: RUA LUIZ PEREIRA DA SILVA, S/N, CENTRO, SOUSA-PB | G10: COMPACTO CONSTRUÇÕES EIRELI - EPP | K10: 44854 | L10: 45219
A12: Modalidade | C12: Nº de Contrato e Data de assinatura | G12: Valor do Contrato / PMS | I12: Valor da medição - R$ | K12: Período de medição
A13: CONCORRÊNCIA 06/2022 | C13: Nº 0701/2022 - 20/10/2022 | G13: =I246 -> 1166128.2 | I13: =J246 -> 85345.09
A16: Itens | B16: Discriminação dos serviços do orçamento | C16: Unid. | D16: Custo Unitário | F16: Quantidade | I16: Financeiro | L16: Desvio (%)
E17: Custo Unitário | F17: Prevista | G17: Medida no período | H17: Acumulada incluindo o período | I17: Prevista | J17: Medida no período | K17: Acumulada incluindo o período
A18: 1 | B18: ='PLANILHA PÓS ADITIVO'!C9 -> SERVIÇOS PRELIMINARES
A19: ='PLANILHA PÓS ADITIVO'!A10 -> 1.1 | B19: ='PLANILHA PÓS ADITIVO'!C10 -> Placa de Obra em chapa de aço galvanizado, instalada - Rev 02 01/2022 | C19: ='PLANILHA PÓS ADITIVO'!E10 -> m² | E19: ='PLANILHA PÓS ADITIVO'!G10 -> 423.12148 | F19: ='PLANILHA PÓS ADITIVO'!F10 -> 4.5 | H19: =G19+[1]BM_14!H19 -> 4.46 | I19: =ROUND(E19*F19,2) -> 1904.05 | J19: =ROUND(E19*G19,2) -> 0 | K19: =ROUND(E19*H19,2) -> 1887.12 | L19: =K19/I19 -> 0.99110843
A20: ='PLANILHA PÓS ADITIVO'!A11 -> 1.2 | B20: ='PLANILHA PÓS ADITIVO'!C11 -> DEMOLIÇÃO DE ALVENARIA DE BLOCOFURADO, DE FORMA MANUAL, SEM REAPROVEITAMENTO | C20: ='PLANILHA PÓS ADITIVO'!E11 -> m³ | E20: ='PLANILHA PÓS ADITIVO'!G11 -> 46.47321 | F20: ='PLANILHA PÓS ADITIVO'!F11 -> 63.41 | H20: =G20+[1]BM_14!H20 -> 49.87 | I20: =ROUND(E20*F20,2) -> 2946.87 | J20: =ROUND(E20*G20,2) -> 0 | K20: =ROUND(E20*H20,2) -> 2317.62 | L20: =K20/I20 -> 0.78646835
A21: ='PLANILHA PÓS ADITIVO'!A12 -> 1.3 | B21: ='PLANILHA PÓS ADITIVO'!C12 -> Demolição de piso de alta resistência | C21: ='PLANILHA PÓS ADITIVO'!E12 -> m² | E21: ='PLANILHA PÓS ADITIVO'!G12 -> 20.817972 | F21: ='PLANILHA PÓS ADITIVO'!F12 -> 774.83 | H21: =G21+[1]BM_14!H21 -> 716.73 | I21: =ROUND(E21*F21,2) -> 16130.39 | J21: =ROUND(E21*G21,2) -> 0 | K21: =ROUND(E21*H21,2) -> 14920.87 | L21: =K21/I21 -> 0.92501607
A22: ='PLANILHA PÓS ADITIVO'!A13 -> 1.4 | B22: ='PLANILHA PÓS ADITIVO'!C13 -> REMOÇÃO DE TRAMA DE MADEIRA PARA COBERTURA, DE FORMA MANUAL, SEM REAPROVEITAMENTO. AF 12/2017 | C22: ='PLANILHA PÓS ADITIVO'!E13 -> m² | E22: ='PLANILHA PÓS ADITIVO'!G13 -> 6.014925 | F22: ='PLANILHA PÓS ADITIVO'!F13 -> 309.93 | H22: =G22+[1]BM_14!H22 -> 175.86 | I22: =ROUND(E22*F22,2) -> 1864.21 | J22: =ROUND(E22*G22,2) -> 0 | K22: =ROUND(E22*H22,2) -> 1057.78 | L22: =K22/I22 -> 0.56741462
A23: ='PLANILHA PÓS ADITIVO'!A14 -> 1.5 | B23: ='PLANILHA PÓS ADITIVO'!C14 -> CARGA, MANOBRA E DESCARGA DE ENTULHO EM CAMINHÃO BASCULANTE 6 M³ - CARGA COM ESCAVADEIRA HIDRÁULICA (CAÇAMBA DE 0,80 M³/111 HP) E DESCARGA LIVRE (UNIDADE: M³). AF 07/2020 | C23: ='PLANILHA PÓS ADITIVO'!E14 -> m³ | E23: ='PLANILHA PÓS ADITIVO'!G14 -> 9.11736 | F23: ='PLANILHA PÓS ADITIVO'!F14 -> 102.15 | H23: =G23+[1]BM_14!H23 -> 102.15 | I23: =ROUND(E23*F23,2) -> 931.34 | J23: =ROUND(E23*G23,2) -> 0 | K23: =ROUND(E23*H23,2) -> 931.34 | L23: =K23/I23 -> 1
A24: ='PLANILHA PÓS ADITIVO'!A15 -> 1.6 | B24: ='PLANILHA PÓS ADITIVO'!C15 -> Remoção de caixão de madeira (aduela) | C24: ='PLANILHA PÓS ADITIVO'!E15 -> un | E24: ='PLANILHA PÓS ADITIVO'!G15 -> 8.09 | F24: ='PLANILHA PÓS ADITIVO'!F15 -> 34 | H24: =G24+[1]BM_14!H24 -> 32 | I24: =ROUND(E24*F24,2) -> 275.06 | J24: =ROUND(E24*G24,2) -> 0 | K24: =ROUND(E24*H24,2) -> 258.88 | L24: =K24/I24 -> 0.94117647
A25: ='PLANILHA PÓS ADITIVO'!A16 -> 1.7 | B25: ='PLANILHA PÓS ADITIVO'!C16 -> REMOÇÃO DE JANELAS, DE FORMA MANUAL, SEM REAPROVEITAMENTO. AF_12/2017 | C25: ='PLANILHA PÓS ADITIVO'!E16 -> M2 | E25: ='PLANILHA PÓS ADITIVO'!G16 -> 29.92 | F25: ='PLANILHA PÓS ADITIVO'!F16 -> 14 | H25: =G25+[1]BM_14!H25 -> 14 | I25: =ROUND(E25*F25,2) -> 418.88 | J25: =ROUND(E25*G25,2) -> 0 | K25: =ROUND(E25*H25,2) -> 418.88 | L25: =K25/I25 -> 1
A26: ='PLANILHA PÓS ADITIVO'!A17 -> 1.8 | B26: ='PLANILHA PÓS ADITIVO'!C17 -> REMOÇÃO DE FORRO DE GESSO, DE FORMA MANUAL, SEM REAPROVEITAMENTO. AF_12/2017 | C26: ='PLANILHA PÓS ADITIVO'!E17 -> M2 | E26: ='PLANILHA PÓS ADITIVO'!G17 -> 4.06 | F26: ='PLANILHA PÓS ADITIVO'!F17 -> 263.82 | H26: =G26+[1]BM_14!H26 -> 130.8 | I26: =ROUND(E26*F26,2) -> 1071.11 | J26: =ROUND(E26*G26,2) -> 0 | K26: =ROUND(E26*H26,2) -> 531.05 | L26: =K26/I26 -> 0.49579408
A27: ='PLANILHA PÓS ADITIVO'!A18 -> 1.9 | B27: ='PLANILHA PÓS ADITIVO'!C18 -> DEMOLIÇÃO DE LAJES, DE FORMA MANUAL, SEM REAPROVEITAMENTO. AF_12/2017 | C27: ='PLANILHA PÓS ADITIVO'!E18 -> M3 | E27: ='PLANILHA PÓS ADITIVO'!G18 -> 229.97 | F27: ='PLANILHA PÓS ADITIVO'!F18 -> 35.364 | H27: =G27+[1]BM_14!H27 -> 28.95 | I27: =ROUND(E27*F27,2) -> 8132.66 | J27: =ROUND(E27*G27,2) -> 0 | K27: =ROUND(E27*H27,2) -> 6657.63 | L27: =K27/I27 -> 0.81862884
A28: ='PLANILHA PÓS ADITIVO'!A19 -> 1.10 | B28: ='PLANILHA PÓS ADITIVO'!C19 -> REMOÇÃO DE TELHAS, DE FIBROCIMENTO, METÁLICA E CERÂMICA, DE FORMA MANUAL, SEM REAPROVEITAMENTO. AF_12/2017 | C28: ='PLANILHA PÓS ADITIVO'!E19 -> M2 | E28: ='PLANILHA PÓS ADITIVO'!G19 -> 2.79 | F28: ='PLANILHA PÓS ADITIVO'!F19 -> 636.84 | H28: =G28+[1]BM_14!H28 -> 636.84 | I28: =ROUND(E28*F28,2) -> 1776.78 | J28: =ROUND(E28*G28,2) -> 0 | K28: =ROUND(E28*H28,2) -> 1776.78 | L28: =K28/I28 -> 1
H29: =G29+[1]BM_14!H29 -> 0
A30: ='PLANILHA PÓS ADITIVO'!A21 -> 2 | B30: ='PLANILHA PÓS ADITIVO'!C21 -> INFRA ESTRUTURA E SUPERESTRUTURA | H30: =G30+[1]BM_14!H30 -> 0
A31: ='PLANILHA PÓS ADITIVO'!A22 -> 2.1 | B31: ='PLANILHA PÓS ADITIVO'!C22 -> ESCAVAÇÃO MANUAL PARA BLOCO DE COROAMENTO OU SAPATA (INCLUINDO ESCAVAÇÃO PARA COLOCAÇÃO DE FÔRMAS). AF_06/2017 | C31: ='PLANILHA PÓS ADITIVO'!E22 -> m³ | E31: ='PLANILHA PÓS ADITIVO'!G22 -> 80.865918 | F31: ='PLANILHA PÓS ADITIVO'!F22 -> 28.86 | H31: =G31+[1]BM_14!H31 -> 28.86 | I31: =ROUND(E31*F31,2) -> 2333.79 | J31: =ROUND(E31*G31,2) -> 0 | K31: =ROUND(E31*H31,2) -> 2333.79 | L31: =K31/I31 -> 1
A32: ='PLANILHA PÓS ADITIVO'!A23 -> 2.2 | B32: ='PLANILHA PÓS ADITIVO'!C23 -> LAJE PRÉ-MOLDADA UNIDIRECIONAL, BIAPOIADA, PARA FORRO, ENCHIMENTO EM CERÂMICA, VIGOTA CONVENCIONAL, ALTURA TOTAL DA LAJE (ENCHIMENTO+CAPA) = (8+3). AF_11/2020 | C32: ='PLANILHA PÓS ADITIVO'!E23 -> m² | E32: ='PLANILHA PÓS ADITIVO'!G23 -> 179.38406 | F32: ='PLANILHA PÓS ADITIVO'!F23 -> 57.88 | H32: =G32+[1]BM_14!H32 -> 55.16 | I32: =ROUND(E32*F32,2) -> 10382.75 | J32: =ROUND(E32*G32,2) -> 0 | K32: =ROUND(E32*H32,2) -> 9894.82 | L32: =K32/I32 -> 0.95300571
A33: ='PLANILHA PÓS ADITIVO'!A24 -> 2.3 | B33: ='PLANILHA PÓS ADITIVO'!C24 -> LASTRO DE CONCRETO MAGRO, APLICADO EM BLOCOS DE COROAMENTO OU SAPATAS, ESPESSURA DE 5 CM. AF_08/2017 | C33: ='PLANILHA PÓS ADITIVO'!E24 -> m² | E33: ='PLANILHA PÓS ADITIVO'!G24 -> 28.808325 | F33: ='PLANILHA PÓS ADITIVO'!F24 -> 19.24 | H33: =G33+[1]BM_14!H33 -> 19.24 | I33: =ROUND(E33*F33,2) -> 554.27 | J33: =ROUND(E33*G33,2) -> 0 | K33: =ROUND(E33*H33,2) -> 554.27 | L33: =K33/I33 -> 1
A34: ='PLANILHA PÓS ADITIVO'!A25 -> 2.4 | B34: ='PLANILHA PÓS ADITIVO'!C25 -> CONCRETO FCK = 25MPA, TRAÇO 1:2,3:2,7 (EM MASSA SECA DE CIMENTO/ AREIA MÉDIA/ BRITA 1) - PREPARO MECÂNICO COM BETONEIRA 600 L. AF_05/2021 | C34: ='PLANILHA PÓS ADITIVO'!E25 -> m³ | E34: ='PLANILHA PÓS ADITIVO'!G25 -> 447.37113 | F34: ='PLANILHA PÓS ADITIVO'!F25 -> 5.8 | H34: =G34+[1]BM_14!H34 -> 5.8 | I34: =ROUND(E34*F34,2) -> 2594.75 | J34: =ROUND(E34*G34,2) -> 0 | K34: =ROUND(E34*H34,2) -> 2594.75 | L34: =K34/I34 -> 1
A35: ='PLANILHA PÓS ADITIVO'!A26 -> 2.5 | B35: ='PLANILHA PÓS ADITIVO'!C26 -> CONCRETO FCK = 30MPA, TRAÇO 1:2,1:2,5 (EM MASSA SECA DE CIMENTO/ AREIA MÉDIA/ BRITA 1) - PREPARO MECÂNICO COM BETONEIRA 600 L. AF_05/2021 | C35: ='PLANILHA PÓS ADITIVO'!E26 -> m³ | E35: ='PLANILHA PÓS ADITIVO'!G26 -> 461.9589 | F35: ='PLANILHA PÓS ADITIVO'!F26 -> 42.3958 | H35: =G35+[1]BM_14!H35 -> 42.2 | I35: =ROUND(E35*F35,2) -> 19585.12 | J35: =ROUND(E35*G35,2) -> 0 | K35: =ROUND(E35*H35,2) -> 19494.67 | L35: =K35/I35 -> 0.9953817
A36: ='PLANILHA PÓS ADITIVO'!A27 -> 2.6 | B36: ='PLANILHA PÓS ADITIVO'!C27 -> LANÇAMENTO COM USO DE BALDES, ADENSAMENTO E ACABAMENTO DE CONCRETO EM ESTRUTURAS. AF_12/2015 | C36: ='PLANILHA PÓS ADITIVO'!E27 -> m³ | E36: ='PLANILHA PÓS ADITIVO'!G27 -> 242.28118 | F36: ='PLANILHA PÓS ADITIVO'!F27 -> 35.9 | H36: =G36+[1]BM_14!H36 -> 35.9 | I36: =ROUND(E36*F36,2) -> 8697.89 | J36: =ROUND(E36*G36,2) -> 0 | K36: =ROUND(E36*H36,2) -> 8697.89 | L36: =K36/I36 -> 1
A37: ='PLANILHA PÓS ADITIVO'!A28 -> 2.7 | B37: ='PLANILHA PÓS ADITIVO'!C28 -> Forma plana para fundações, em tábua de pinho, 07 usos. | C37: ='PLANILHA PÓS ADITIVO'!E28 -> m² | E37: ='PLANILHA PÓS ADITIVO'!G28 -> 82.765368 | F37: ='PLANILHA PÓS ADITIVO'!F28 -> 19.3 | H37: =G37+[1]BM_14!H37 -> 19.3 | I37: =ROUND(E37*F37,2) -> 1597.37 | J37: =ROUND(E37*G37,2) -> 0 | K37: =ROUND(E37*H37,2) -> 1597.37 | L37: =K37/I37 -> 1
A38: ='PLANILHA PÓS ADITIVO'!A29 -> 2.8 | B38: ='PLANILHA PÓS ADITIVO'!C29 -> Forma plana para estruturas, em compensado plastificado de 12mm, 07 usos. | C38: ='PLANILHA PÓS ADITIVO'!E29 -> m² | E38: ='PLANILHA PÓS ADITIVO'!G29 -> 69.874434 | F38: ='PLANILHA PÓS ADITIVO'!F29 -> 421.3 | H38: =G38+[1]BM_14!H38 -> 421.3 | I38: =ROUND(E38*F38,2) -> 29438.1 | J38: =ROUND(E38*G38,2) -> 0 | K38: =ROUND(E38*H38,2) -> 29438.1 | L38: =K38/I38 -> 1
A39: ='PLANILHA PÓS ADITIVO'!A30 -> 2.9 | B39: ='PLANILHA PÓS ADITIVO'!C30 -> ARMAÇÃO DE PILAR OU VIGA DE UMA ESTRUTURA CONVENCIONAL DE CONCRETO ARMADO EM UM EDIFÍCIO DE MÚLTIPLOS PAVIMENTOS UTILIZANDO AÇO CA-50 DE 12,5 MM - MONTAGEM. AF_12/2015 | C39: ='PLANILHA PÓS ADITIVO'!E30 -> kg | E39: ='PLANILHA PÓS ADITIVO'!G30 -> 13.068216 | F39: ='PLANILHA PÓS ADITIVO'!F30 -> 579.35 | H39: =G39+[1]BM_14!H39 -> 579.35 | I39: =ROUND(E39*F39,2) -> 7571.07 | J39: =ROUND(E39*G39,2) -> 0 | K39: =ROUND(E39*H39,2) -> 7571.07 | L39: =K39/I39 -> 1
A40: ='PLANILHA PÓS ADITIVO'!A31 -> 2.10 | B40: ='PLANILHA PÓS ADITIVO'!C31 -> ARMAÇÃO DE PILAR OU VIGA DE UMA ESTRUTURA CONVENCIONAL DE CONCRETO ARMADO EM UM EDIFÍCIO DE MÚLTIPLOS PAVIMENTOS UTILIZANDO AÇO CA-50 DE 10,0 MM - MONTAGEM. AF_12/2015 | C40: ='PLANILHA PÓS ADITIVO'!E31 -> kg | E40: ='PLANILHA PÓS ADITIVO'!G31 -> 15.309567 | F40: ='PLANILHA PÓS ADITIVO'!F31 -> 2054.7723 | H40: =G40+[1]BM_14!H40 -> 2054.77 | I40: =ROUND(E40*F40,2) -> 31457.67 | J40: =ROUND(E40*G40,2) -> 0 | K40: =ROUND(E40*H40,2) -> 31457.64 | L40: =K40/I40 -> 0.99999905
A41: ='PLANILHA PÓS ADITIVO'!A32 -> 2.11 | B41: ='PLANILHA PÓS ADITIVO'!C32 -> ARMAÇÃO DE PILAR OU VIGA DE UMA ESTRUTURA CONVENCIONAL DE CONCRETO ARMADO EM UM EDIFÍCIO DE MÚLTIPLOS PAVIMENTOS UTILIZANDO AÇO CA-50 DE 16,0 MM - MONTAGEM. AF_12/2015 | C41: ='PLANILHA PÓS ADITIVO'!E32 -> kg | E41: ='PLANILHA PÓS ADITIVO'!G32 -> 12.625011 | F41: ='PLANILHA PÓS ADITIVO'!F32 -> 63.1 | H41: =G41+[1]BM_14!H41 -> 0 | I41: =ROUND(E41*F41,2) -> 796.64 | J41: =ROUND(E41*G41,2) -> 0 | K41: =ROUND(E41*H41,2) -> 0 | L41: =K41/I41 -> 0
A42: ='PLANILHA PÓS ADITIVO'!A33 -> 2.12 | B42: ='PLANILHA PÓS ADITIVO'!C33 -> ARMAÇÃO DE PILAR OU VIGA DE UMA ESTRUTURA CONVENCIONAL DE CONCRETO ARMADO EM UM EDIFÍCIO DE MÚLTIPLOS PAVIMENTOS UTILIZANDO AÇO CA-60 DE 5,0 MM - MONTAGEM. AF_12/2015 | C42: ='PLANILHA PÓS ADITIVO'!E33 -> kg | E42: ='PLANILHA PÓS ADITIVO'!G33 -> 17.715537 | F42: ='PLANILHA PÓS ADITIVO'!F33 -> 651.9 | H42: =G42+[1]BM_14!H42 -> 651.9 | I42: =ROUND(E42*F42,2) -> 11548.76 | J42: =ROUND(E42*G42,2) -> 0 | K42: =ROUND(E42*H42,2) -> 11548.76 | L42: =K42/I42 -> 1
... A45: ='PLANILHA PÓS ADITIVO'!A36 -> 2.15 | B45: ='PLANILHA PÓS ADITIVO'!C36 -> VERGA PRÉ-MOLDADA PARA JANELAS COM ATÉ 1,5 M DE VÃO. AF_03/2016 | C45: ='PLANILHA PÓS ADITIVO'!E36 -> m | E45: ='PLANILHA PÓS ADITIVO'!G36 -> 52.184223 | F45: ='PLANILHA PÓS ADITIVO'!F36 -> 16.9 | H45: =G45+[1]BM_14!H45 -> 3.85 | I45: =ROUND(E45*F45,2) -> 881.91 | J45: =ROUND(E45*G45,2) -> 0 | K45: =ROUND(E45*H45,2) -> 200.91 | L45: =K45/I45 -> 0.22781236
A46: ='PLANILHA PÓS ADITIVO'!A37 -> 2.16 | B46: ='PLANILHA PÓS ADITIVO'!C37 -> CONTRAVERGA PRÉ-MOLDADA PARA VÃOS DE ATÉ 1,5 M DE COMPRIMENTO. AF_03/2016 | C46: ='PLANILHA PÓS ADITIVO'!E37 -> m | E46: ='PLANILHA PÓS ADITIVO'!G37 -> 50.322762 | F46: ='PLANILHA PÓS ADITIVO'!F37 -> 16.9 | H46: =G46+[1]BM_14!H46 -> 3.85 | I46: =ROUND(E46*F46,2) -> 850.45 | K46: =ROUND(E46*H46,2) -> 193.74 | L46: =K46/I46 -> 0.22780881
H47: =G47+[1]BM_14!H47 -> 0
A48: ='PLANILHA PÓS ADITIVO'!A39 -> 3 | B48: ='PLANILHA PÓS ADITIVO'!C39 -> ALVENARIA E VEDAÇÕES | H48: =G48+[1]BM_14!H48 -> 0
A49: ='PLANILHA PÓS ADITIVO'!A40 -> 3.1 | B49: ='PLANILHA PÓS ADITIVO'!C40 -> ALVENARIA DE VEDAÇÃO DE BLOCOS CERÂMICOS FURADOS NA HORIZONTAL DE 9X19X19 CM (ESPESSURA 9 CM) E ARGAMASSA DE ASSENTAMENTO COM PREPARO EM BETONEIRA. | C49: ='PLANILHA PÓS ADITIVO'!E40 -> m² | E49: ='PLANILHA PÓS ADITIVO'!G40 -> 78.459948 | F49: ='PLANILHA PÓS ADITIVO'!F40 -> 448.75 | H49: =G49+[1]BM_14!H49 -> 412.32 | I49: =ROUND(E49*F49,2) -> 35208.9 | J49: =ROUND(E49*G49,2) -> 0 | K49: =ROUND(E49*H49,2) -> 32350.61 | L49: =K49/I49 -> 0.91881911
A50: ='PLANILHA PÓS ADITIVO'!A41 -> 3.2 | B50: ='PLANILHA PÓS ADITIVO'!C41 -> Divisória em granito cinza andorinha polido, e=2cm, inclusive com montagem em ferragem - Rev 02. | C50: ='PLANILHA PÓS ADITIVO'!E41 -> m² | E50: ='PLANILHA PÓS ADITIVO'!G41 -> 712.59766 | F50: ='PLANILHA PÓS ADITIVO'!F41 -> 6.66 | H50: =G50+[1]BM_14!H50 -> 0 | I50: =ROUND(E50*F50,2) -> 4745.9 | J50: =ROUND(E50*G50,2) -> 0 | K50: =ROUND(E50*H50,2) -> 0 | L50: =K50/I50 -> 0
A51: ='PLANILHA PÓS ADITIVO'!A42 -> 3.3 | B51: ='PLANILHA PÓS ADITIVO'!C42 -> ALVENARIA DE TIJOLO CERÂMICO FURADO (9x19x19)cm C/ARGAMASSA MISTA DE CAL HIDRATADA ESP=20 cm | C51: ='PLANILHA PÓS ADITIVO'!E42 -> M2 | E51: ='PLANILHA PÓS ADITIVO'!G42 -> 128.24 | F51: ='PLANILHA PÓS ADITIVO'!F42 -> 81.843 | H51: =G51+[1]BM_14!H51 -> 81.84 | I51: =ROUND(E51*F51,2) -> 10495.55 | K51: =ROUND(E51*H51,2) -> 10495.16 | L51: =K51/I51 -> 0.99996284
H52: =G52+[1]BM_14!H52 -> 0
A53: ='PLANILHA PÓS ADITIVO'!A44 -> 4 | B53: ='PLANILHA PÓS ADITIVO'!C44 -> IMPERMEABILIZAÇÕES | H53: =G53+[1]BM_14!H53 -> 0
A54: ='PLANILHA PÓS ADITIVO'!A45 -> 4.1 | B54: ='PLANILHA PÓS ADITIVO'!C45 -> IMPERMEABILIZAÇÃO DE SUPERFÍCIE COM EMULSÃO ASFÁLTICA, 2 DEMÃOS AF_06/2018 | C54: ='PLANILHA PÓS ADITIVO'!E45 -> m² | E54: ='PLANILHA PÓS ADITIVO'!G45 -> 48.777876 | F54: ='PLANILHA PÓS ADITIVO'!F45 -> 25.12 | G54: ='MEMORIA DE CALCULO'!L237 -> 0 | H54: =G54+[1]BM_14!H54 -> 0 | I54: =ROUND(E54*F54,2) -> 1225.3 | J54: =ROUND(E54*G54,2) -> 0 | K54: =ROUND(E54*H54,2) -> 0 | L54: =K54/I54 -> 0
A55: ='PLANILHA PÓS ADITIVO'!A46 -> 4.2 | B55: ='PLANILHA PÓS ADITIVO'!C46 -> IMPERMEABILIZAÇÃO DE SUPERFÍCIE COM MANTA ASFÁLTICA, UMA CAMADA, INCLUSIVE APLICAÇÃO DE PRIMER ASFÁLTICO, E=3MM. AF_06/2018 | C55: ='PLANILHA PÓS ADITIVO'!E46 -> m² | E55: ='PLANILHA PÓS ADITIVO'!G46 -> 121.10893 | F55: ='PLANILHA PÓS ADITIVO'!F46 -> 57.88 | H55: =G55+[1]BM_14!H55 -> 0 | I55: =ROUND(E55*F55,2) -> 7009.78
H56: =G56+[1]BM_14!H56 -> 0
A57: ='PLANILHA PÓS ADITIVO'!A48 -> 5 | B57: ='PLANILHA PÓS ADITIVO'!C48 -> COBERTURAS E PROTEÇÕES | H57: =G57+[1]BM_14!H57 -> 0
A58: ='PLANILHA PÓS ADITIVO'!A49 -> 5.1 | B58: ='PLANILHA PÓS ADITIVO'!C49 -> TRAMA DE MADEIRA COMPOSTA POR RIPAS, CAIBROS E TERÇAS PARA TELHADOS DE ATÉ 2 ÁGUAS PARA TELHA DE ENCAIXE DE CERÂMICA OU DE CONCRETO, INCLUSO TRANSPORTE VERTICAL. AF_07/2019 | C58: ='PLANILHA PÓS ADITIVO'!E49 -> m² | E58: ='PLANILHA PÓS ADITIVO'!G49 -> 76.573161 | F58: ='PLANILHA PÓS ADITIVO'!F49 -> 415.93 | H58: =G58+[1]BM_14!H58 -> 415.93 | I58: =ROUND(E58*F58,2) -> 31849.07 | J58: =ROUND(E58*G58,2) -> 0 | K58: =ROUND(E58*H58,2) -> 31849.07 | L58: =K58/I58 -> 1
A59: ='PLANILHA PÓS ADITIVO'!A50 -> 5.2 | B59: ='PLANILHA PÓS ADITIVO'!C50 -> TELHAMENTO COM TELHA CERÂMICA CAPA-CANAL, TIPO COLONIAL, COM ATÉ 2 ÁGUAS, INCLUSO TRANSPORTE VERTICAL. AF_07/2019 | C59: ='PLANILHA PÓS ADITIVO'!E50 -> m² | E59: ='PLANILHA PÓS ADITIVO'!G50 -> 37.495143 | F59: ='PLANILHA PÓS ADITIVO'!F50 -> 309.93 | H59: =G59+[1]BM_14!H59 -> 309.93 | I59: =ROUND(E59*F59,2) -> 11620.87 | J59: =ROUND(E59*G59,2) -> 0 | K59: =ROUND(E59*H59,2) -> 11620.87 | L59: =K59/I59 -> 1
A60: ='PLANILHA PÓS ADITIVO'!A51 -> 5.3 | B60: ='PLANILHA PÓS ADITIVO'!C51 -> FORRO EM PLACAS DE GESSO, PARA AMBIENTES COMERCIAIS. AF_05/2017_P | C60: ='PLANILHA PÓS ADITIVO'!E51 -> m² | E60: ='PLANILHA PÓS ADITIVO'!G51 -> 38.153619 | F60: ='PLANILHA PÓS ADITIVO'!F51 -> 774.83 | H60: =G60+[1]BM_14!H60 -> 774.83 | I60: =ROUND(E60*F60,2) -> 29562.57 | J60: =ROUND(E60*G60,2) -> 0 | K60: =ROUND(E60*H60,2) -> 29562.57 | L60: =K60/I60 -> 1
A61: ='PLANILHA PÓS ADITIVO'!A52 -> 5.4 | B61: ='PLANILHA PÓS ADITIVO'!C52 -> Retelhamento em cobertura com telha ceramica tipo canal comum, Itabaiana ou similar. | C61: ='PLANILHA PÓS ADITIVO'!E52 -> m² | E61: ='PLANILHA PÓS ADITIVO'!G52 -> 11.57 | F61: ='PLANILHA PÓS ADITIVO'!F52 -> 250 | H61: =G61+[1]BM_14!H61 -> 250 | I61: =ROUND(E61*F61,2) -> 2892.5 | J61: =ROUND(E61*G61,2) -> 0 | K61: =ROUND(E61*H61,2) -> 2892.5 | L61: =K61/I61 -> 1
A62: ='PLANILHA PÓS ADITIVO'!A53 -> 5.5 | B62: ='PLANILHA PÓS ADITIVO'!C53 -> TRAMA DE MADEIRA COMPOSTA POR TERÇAS PARA TELHADOS DE ATÉ 2 ÁGUAS PARA TELHA ONDULADA DE FIBROCIMENTO, METÁLICA, PLÁSTICA OU TERMOACÚSTICA, INCLUSO TRANSPORTE VERTICAL. AF_07/2019 | C62: ='PLANILHA PÓS ADITIVO'!E53 -> M2 | E62: ='PLANILHA PÓS ADITIVO'!G53 -> 23.29 | F62: ='PLANILHA PÓS ADITIVO'!F53 -> 211.57 | H62: =G62+[1]BM_14!H62 -> 197.11 | I62: =ROUND(E62*F62,2) -> 4927.47 | J62: =ROUND(E62*G62,2) -> 0 | K62: =ROUND(E62*H62,2) -> 4590.69 | L62: =K62/I62 -> 0.93165255
A63: ='PLANILHA PÓS ADITIVO'!A54 -> 5.6 | B63: ='PLANILHA PÓS ADITIVO'!C54 -> TELHAMENTO COM TELHA ONDULADA DE FIBROCIMENTO E = 6 MM, COM RECOBRIMENTO LATERAL DE 1/4 DE ONDA PARA TELHADO COM INCLINAÇÃO MAIOR QUE 10°, COM ATÉ 2 ÁGUAS, INCLUSO IÇAMENTO. AF_07/2019 | C63: ='PLANILHA PÓS ADITIVO'!E54 -> M2 | E63: ='PLANILHA PÓS ADITIVO'!G54 -> 72.74 | F63: ='PLANILHA PÓS ADITIVO'!F54 -> 211.57 | H63: =G63+[1]BM_14!H63 -> 197.11 | I63: =ROUND(E63*F63,2) -> 15389.6 | J63: =ROUND(E63*G63,2) -> 0 | K63: =ROUND(E63*H63,2) -> 14337.78 | L63: =K63/I63 -> 0.93165384
A64: ='PLANILHA PÓS ADITIVO'!A55 -> 5.7 | B64: ='PLANILHA PÓS ADITIVO'!C55 -> Calha em chapa de aço galvanizado nº 26, desenvolvimento 86 cm (fundo=32 cm, laterais=15 cm, bordas=12cm) | C64: ='PLANILHA PÓS ADITIVO'!E55 -> m | E64: ='PLANILHA PÓS ADITIVO'!G55 -> 101.3021 | F64: ='PLANILHA PÓS ADITIVO'!F55 -> 118.97 | H64: =G64+[1]BM_14!H64 -> 64.3 | I64: =ROUND(E64*F64,2) -> 12051.91 | J64: =ROUND(E64*G64,2) -> 0 | K64: =ROUND(E64*H64,2) -> 6513.73 | L64: =K64/I64 -> 0.54047284
A65: ='PLANILHA PÓS ADITIVO'!A56 -> 5.8 | B65: ='PLANILHA PÓS ADITIVO'!C56 -> CUMEEIRA E ESPIGÃO PARA TELHA CERÂMICA EMBOÇADA COM ARGAMASSA TRAÇO 1:2:9 (CIMENTO, CAL E AREIA), PARA TELHADOS COM MAIS DE 2 ÁGUAS, INCLUSO TRANSPORTE VERTICAL. AF_07/2019 | C65: ='PLANILHA PÓS ADITIVO'!E56 -> M | E65: ='PLANILHA PÓS ADITIVO'!G56 -> 25.88 | F65: ='PLANILHA PÓS ADITIVO'!F56 -> 25.08 | H65: =G65+[1]BM_14!H65 -> 24.61 | I65: =ROUND(E65*F65,2) -> 649.07 | J65: =ROUND(E65*G65,2) -> 0 | K65: =ROUND(E65*H65,2) -> 636.91 | L65: =K65/I65 -> 0.9812655
H66: =G66+[1]BM_14!H66 -> 0
A67: ='PLANILHA PÓS ADITIVO'!A58 -> 6 | B67: ='PLANILHA PÓS ADITIVO'!C58 -> ESQUADRIAS | H67: =G67+[1]BM_14!H67 -> 0
A68: ='PLANILHA PÓS ADITIVO'!A59 -> 6.1 | B68: ='PLANILHA PÓS ADITIVO'!C59 -> METÁLICA, ALUMÍNIO C/ VIDRO E MADEIRA | H68: =G68+[1]BM_14!H68 -> 0
A69: ='PLANILHA PÓS ADITIVO'!A60 -> 6.1.1 | B69: ='PLANILHA PÓS ADITIVO'!C60 -> JANELA DE ALUMÍNIO DE CORRER COM 2 FOLHAS PARA VIDROS, COM VIDROS, BATENTE, ACABAMENTO COM ACETATO OU BRILHANTE E FERRAGENS. EXCLUSIVE ALIZAR E CONTRAMARCO. FORNECIMENTO E INSTALAÇÃO. AF_12/2019 | C69: ='PLANILHA PÓS ADITIVO'!E60 -> m² | E69: ='PLANILHA PÓS ADITIVO'!G60 -> 771.53126 | F69: ='PLANILHA PÓS ADITIVO'!F60 -> 22.56 | H69: =G69+[1]BM_14!H69 -> 11.27 | I69: =ROUND(E69*F69,2) -> 17405.75 | J69: =ROUND(E69*G69,2) -> 0 | K69: =ROUND(E69*H69,2) -> 8695.16 | L69: =K69/I69 -> 0.49955676
A70: ='PLANILHA PÓS ADITIVO'!A61 -> 6.1.2 | B70: ='PLANILHA PÓS ADITIVO'!C61 -> JANELA DE ALUMÍNIO TIPO MAXIM-AR, COM VIDROS, BATENTE E FERRAGENS. EXCLUSIVE ALIZAR, ACABAMENTO E CONTRAMARCO. FORNECIMENTO E INSTALAÇÃO. AF_12/2019 | C70: ='PLANILHA PÓS ADITIVO'!E61 -> m² | E70: ='PLANILHA PÓS ADITIVO'!G61 -> 1448.9384 | F70: ='PLANILHA PÓS ADITIVO'!F61 -> 10.5 | H70: =G70+[1]BM_14!H70 -> 0 | I70: =ROUND(E70*F70,2) -> 15213.85 | J70: =ROUND(E70*G70,2) -> 0 | K70: =ROUND(E70*H70,2) -> 0 | L70: =K70/I70 -> 0
A71: ='PLANILHA PÓS ADITIVO'!A62 -> 6.1.3 | B71: ='PLANILHA PÓS ADITIVO'!C62 -> PORTA EM ALUMÍNIO DE ABRIR TIPO VENEZIANA COM GUARNIÇÃO, FIXAÇÃO COM PARAFUSOS - FORNECIMENTO E INSTALAÇÃO. AF_12/2019 | C71: ='PLANILHA PÓS ADITIVO'!E62 -> m² | E71: ='PLANILHA PÓS ADITIVO'!G62 -> 969.51727 | F71: ='PLANILHA PÓS ADITIVO'!F62 -> 7.92 | G71: ='MEMORIA DE CALCULO'!L241 -> 5.46 | H71: =G71+[1]BM_14!H71 -> 5.46 | I71: =ROUND(E71*F71,2) -> 7678.58 | J71: =ROUND(E71*G71,2) -> 5293.56 | K71: =ROUND(E71*H71,2) -> 5293.56 | L71: =K71/I71 -> 0.68939309
A72: ='PLANILHA PÓS ADITIVO'!A63 -> 6.1.4 | B72: ='PLANILHA PÓS ADITIVO'!C63 -> PORTA DE FERRO, DE ABRIR, TIPO GRADE COM CHAPA, COM GUARNIÇÕES. AF_12/2019 | C72: ='PLANILHA PÓS ADITIVO'!E63 -> m² | E72: ='PLANILHA PÓS ADITIVO'!G63 -> 724.12099 | F72: ='PLANILHA PÓS ADITIVO'!F63 -> 5.31 | H72: =G72+[1]BM_14!H72 -> 5.31 | I72: =ROUND(E72*F72,2) -> 3845.08 | J72: =ROUND(E72*G72,2) -> 0 | K72: =ROUND(E72*H72,2) -> 3845.08 | L72: =K72/I72 -> 1
A73: ='PLANILHA PÓS ADITIVO'!A64 -> 6.1.5 | B73: ='PLANILHA PÓS ADITIVO'!C64 -> Portão em ferro, em tubo de aço galvanizado 2" e tela ondulada, malha 3/8". | C73: ='PLANILHA PÓS ADITIVO'!E64 -> m² | E73: ='PLANILHA PÓS ADITIVO'!G64 -> 940.87356 | F73: ='PLANILHA PÓS ADITIVO'!F64 -> 6.62 | H73: =G73+[1]BM_14!H73 -> 0 | I73: =ROUND(E73*F73,2) -> 6228.58 | J73: =ROUND(E73*G73,2) -> 0 | K73: =ROUND(E73*H73,2) -> 0 | L73: =K73/I73 -> 0
A74: ='PLANILHA PÓS ADITIVO'!A65 -> 6.1.6 | B74: ='PLANILHA PÓS ADITIVO'!C65 -> KIT DE PORTA DE MADEIRA PARA PINTURA, SEMI-OCA (LEVE OU MÉDIA), PADRÃO MÉDIO, 60X210CM, ESPESSURA DE 3,5CM, ITENS INCLUSOS: DOBRADIÇAS, MONTAGEM E INSTALAÇÃO DO BATENTE, FECHADURA COM EXECUÇÃO DO FURO - FORNECIMENTO E INSTALAÇÃO. AF_12/2019 | C74: ='PLANILHA PÓS ADITIVO'!E65 -> unid | E74: ='PLANILHA PÓS ADITIVO'!G65 -> 1013.9517 | F74: ='PLANILHA PÓS ADITIVO'!F65 -> 0 | H74: =G74+[1]BM_14!H74 -> 0 | I74: =ROUND(E74*F74,2) -> 0 | J74: =ROUND(E74*G74,2) -> 0 | K74: =ROUND(E74*H74,2) -> 0 | M74: ITESN SUPRIMIDOS_ADITIVO
A75: ='PLANILHA PÓS ADITIVO'!A66 -> 6.1.7 | B75: ='PLANILHA PÓS ADITIVO'!C66 -> KIT DE PORTA DE MADEIRA PARA PINTURA, SEMI-OCA (LEVE OU MÉDIA), PADRÃO MÉDIO, 70X210CM, ESPESSURA DE 3,5CM, ITENS INCLUSOS: DOBRADIÇAS, MONTAGEM E INSTALAÇÃO DO BATENTE, FECHADURA COM EXECUÇÃO DO FURO - FORNECIMENTO E INSTALAÇÃO. AF_12/2019 | C75: ='PLANILHA PÓS ADITIVO'!E66 -> unid | E75: ='PLANILHA PÓS ADITIVO'!G66 -> 1022.17 | F75: ='PLANILHA PÓS ADITIVO'!F66 -> 0 | H75: =G75+[1]BM_14!H75 -> 0 | I75: =ROUND(E75*F75,2) -> 0 | J75: =ROUND(E75*G75,2) -> 0 | K75: =ROUND(E75*H75,2) -> 0 | M75: ITESN SUPRIMIDOS_ADITIVO
A76: ='PLANILHA PÓS ADITIVO'!A67 -> 6.1.8 | B76: ='PLANILHA PÓS ADITIVO'!C67 -> KIT DE PORTA DE MADEIRA PARA PINTURA, SEMI-OCA (LEVE OU MÉDIA), PADRÃO MÉDIO, 80X210CM, ESPESSURA DE 3,5CM, ITENS INCLUSOS: DOBRADIÇAS, MONTAGEM E INSTALAÇÃO DO BATENTE, FECHADURA COM EXECUÇÃO DO FURO - FORNECIMENTO E INSTALAÇÃO. AF_12/2019 | C76: ='PLANILHA PÓS ADITIVO'!E67 -> unid | E76: ='PLANILHA PÓS ADITIVO'!G67 -> 1068.0734 | F76: ='PLANILHA PÓS ADITIVO'!F67 -> 8 | G76: ='MEMORIA DE CALCULO'!L249 -> 15 | H76: =G76+[1]BM_14!H76 -> 15 | I76: =ROUND(E76*F76,2) -> 8544.59 | J76: =ROUND(E76*G76,2) -> 16021.1 | K76: =ROUND(E76*H76,2) -> 16021.1 | L76: =K76/I76 -> 1.8749993
A77: ='PLANILHA PÓS ADITIVO'!A68 -> 6.1.9 | B77: ='PLANILHA PÓS ADITIVO'!C68 -> KIT DE PORTA DE MADEIRA PARA PINTURA, SEMI-OCA (LEVE OU MÉDIA), PADRÃO MÉDIO, 90X210CM, ESPESSURA DE 3,5CM, ITENS INCLUSOS: DOBRADIÇAS, MONTAGEM E INSTALAÇÃO DO BATENTE, FECHADURA COM EXECUÇÃO DO FURO - FORNECIMENTO E INSTALAÇÃO. AF_12/2019 | C77: ='PLANILHA PÓS ADITIVO'!E68 -> unid | E77: ='PLANILHA PÓS ADITIVO'!G68 -> 1149.2686 | F77: ='PLANILHA PÓS ADITIVO'!F68 -> 34 | G77: ='MEMORIA DE CALCULO'!L253 -> 2 | H77: =G77+[1]BM_14!H77 -> 2 | I77: =ROUND(E77*F77,2) -> 39075.13 | J77: =ROUND(E77*G77,2) -> 2298.54 | K77: =ROUND(E77*H77,2) -> 2298.54 | L77: =K77/I77 -> 0.058823605
A78: ='PLANILHA PÓS ADITIVO'!A69 -> 6.1.10 | B78: ='PLANILHA PÓS ADITIVO'!C69 -> Porta em madeira compensada (canela), lisa e semi-oca, 1,00 x 2,10 m, inclusive batentes e ferragens. | C78: ='PLANILHA PÓS ADITIVO'!E69 -> unid | E78: ='PLANILHA PÓS ADITIVO'!G69 -> 1016.1044 | F78: ='PLANILHA PÓS ADITIVO'!F69 -> 0 | H78: =G78+[1]BM_14!H78 -> 0 | I78: =ROUND(E78*F78,2) -> 0 | J78: =ROUND(E78*G78,2) -> 0 | K78: =ROUND(E78*H78,2) -> 0 | M78: ITESN SUPRIMIDOS_ADITIVO
A79: ='PLANILHA PÓS ADITIVO'!A70 -> 6.1.11 | B79: ='PLANILHA PÓS ADITIVO'!C70 -> JANELA FIXA DE ALUMÍNIO PARA VIDRO, COM VIDRO, BATENTE E FERRAGENS. EXCLUSIVE ACABAMENTO, ALIZAR E CONTRAMARCO. FORNECIMENTO E INSTALAÇÃO. AF_12/2019 | C79: ='PLANILHA PÓS ADITIVO'!E70 -> M2 | E79: ='PLANILHA PÓS ADITIVO'!G70 -> 1647.35 | F79: ='PLANILHA PÓS ADITIVO'!F70 -> 17.49 | H79: =G79+[1]BM_14!H79 -> 17.41 | I79: =ROUND(E79*F79,2) -> 28812.15 | J79: =ROUND(E79*G79,2) -> 0 | K79: =ROUND(E79*H79,2) -> 28680.36 | L79: =K79/I79 -> 0.99542589
A80: ='PLANILHA PÓS ADITIVO'!A71 -> 6.1.12 | B80: ='PLANILHA PÓS ADITIVO'!C71 -> Gradil em alumínio anodizado branco, com barras de apoio em alumínio anodizado branco de 1"x2" horizontais a cada 5cm com 1,85m e barras externas verticais em alumínio anodizado branco de 1.1/2" x 1.1/2" com 3,05m - Fixado com rebite | C80: ='PLANILHA PÓS ADITIVO'!E71 -> m2 | E80: ='PLANILHA PÓS ADITIVO'!G71 -> 592.45 | F80: ='PLANILHA PÓS ADITIVO'!F71 -> 5.5 | H80: =G80+[1]BM_14!H80 -> 0 | I80: =ROUND(E80*F80,2) -> 3258.48 | J80: =ROUND(E80*G80,2) -> 0 | K80: =ROUND(E80*H80,2) -> 0 | L80: =K80/I80 -> 0
A81: ='PLANILHA PÓS ADITIVO'!A72 -> 6.1.13 | B81: ='PLANILHA PÓS ADITIVO'!C72 -> Portão em alumínio, cor N/B/P, em perfís búzio quadrado ou lambril, completo inclusive rodízios, perfís e fechadura | C81: ='PLANILHA PÓS ADITIVO'!E72 -> m2 | E81: ='PLANILHA PÓS ADITIVO'!G72 -> 401.54 | F81: ='PLANILHA PÓS ADITIVO'!F72 -> 14.775 | H81: =G81+[1]BM_14!H81 -> 0 | I81: =ROUND(E81*F81,2) -> 5932.75 | J81: =ROUND(E81*G81,2) -> 0 | K81: =ROUND(E81*H81,2) -> 0 | L81: =K81/I81 -> 0
A82: ='PLANILHA PÓS ADITIVO'!A73 -> 6.1.14 | B82: ='PLANILHA PÓS ADITIVO'!C73 -> Revestimento com chapa em fórmica brilhante, esp. = 1,3 mm, colada c/ formicola ou similar | C82: ='PLANILHA PÓS ADITIVO'!E73 -> m2 | E82: ='PLANILHA PÓS ADITIVO'!G73 -> 105.72 | F82: ='PLANILHA PÓS ADITIVO'!F73 -> 110.85 | G82: ='MEMORIA DE CALCULO'!L269 -> 32.34 | H82: =G82+[1]BM_14!H82 -> 32.34 | I82: =ROUND(E82*F82,2) -> 11719.06 | J82: =ROUND(E82*G82,2) -> 3418.98 | K82: =ROUND(E82*H82,2) -> 3418.98 | L82: =K82/I82 -> 0.29174524
A83: ='PLANILHA PÓS ADITIVO'!A74 -> 6.1.15 | B83: ='PLANILHA PÓS ADITIVO'!C74 -> Batente em madeira de lei l = 0,14 m (caixão), incluindo 02 jogos de alizar | C83: ='PLANILHA PÓS ADITIVO'!E74 -> m | E83: ='PLANILHA PÓS ADITIVO'!G74 -> 80.11 | F83: ='PLANILHA PÓS ADITIVO'!F74 -> 20.2 | G83: -20.2 | H83: =G83+[1]BM_14!H83 -> 0 | I83: =ROUND(E83*F83,2) -> 1618.22 | J83: =ROUND(E83*G83,2) -> -1618.22 | K83: =ROUND(E83*H83,2) -> 0 | L83: =K83/I83 -> 0
A84: ='PLANILHA PÓS ADITIVO'!A75 -> 6.1.16 | B84: ='PLANILHA PÓS ADITIVO'!C75 -> INSTALAÇÃO DE VIDRO LISO, E = 4 MM, EM ESQUADRIA DE MADEIRA, FIXADO COM BAGUETE. AF_01/2021 | C84: ='PLANILHA PÓS ADITIVO'!E75 -> M2 | E84: ='PLANILHA PÓS ADITIVO'!G75 -> 270.79 | F84: ='PLANILHA PÓS ADITIVO'!F75 -> 4.98 | H84: =G84+[1]BM_14!H84 -> 0 | I84: =ROUND(E84*F84,2) -> 1348.53 | J84: =ROUND(E84*G84,2) -> 0 | K84: =ROUND(E84*H84,2) -> 0 | L84: =K84/I84 -> 0
A85: ='PLANILHA PÓS ADITIVO'!A76 -> 6.1.17 | B85: ='PLANILHA PÓS ADITIVO'!C76 -> Porta em madeira compensada (canela), lisa, semi-ôca, 1.20 x 2.10 m, revestida c/fórmica, inclusive batentes e ferragens | C85: ='PLANILHA PÓS ADITIVO'!E76 -> un | E85: ='PLANILHA PÓS ADITIVO'!G76 -> 1767.96 | F85: ='PLANILHA PÓS ADITIVO'!F76 -> 3 | G85: ='MEMORIA DE CALCULO'!L257 -> 2 | H85: =G85+[1]BM_14!H85 -> 2 | I85: =ROUND(E85*F85,2) -> 5303.88 | J85: =ROUND(E85*G85,2) -> 3535.92 | K85: =ROUND(E85*H85,2) -> 3535.92 | L85: =K85/I85 -> 0.66666667
A86: ='PLANILHA PÓS ADITIVO'!A77 -> 6.1.18 | B86: ='PLANILHA PÓS ADITIVO'!C77 -> Porta em madeira compensada (canela), lisa, semi-ôca, 1.40 x 2.10 m, com duas folhas, inclusive batentes e ferragens | C86: ='PLANILHA PÓS ADITIVO'!E77 -> un | E86: ='PLANILHA PÓS ADITIVO'!G77 -> 1561.31 | F86: ='PLANILHA PÓS ADITIVO'!F77 -> 4 | G86: ='MEMORIA DE CALCULO'!L261 -> 0 | H86: =G86+[1]BM_14!H86 -> 0 | I86: =ROUND(E86*F86,2) -> 6245.24 | J86: =ROUND(E86*G86,2) -> 0 | K86: =ROUND(E86*H86,2) -> 0 | L86: =K86/I86 -> 0
A87: ='PLANILHA PÓS ADITIVO'!A78 -> 6.1.19 | B87: ='PLANILHA PÓS ADITIVO'!C78 -> Porta em madeira compensada (canela), lisa, semi-ôca, 2.00 x 2.10 m, com duas folhas, inclusive batentes e ferragens | C87: ='PLANILHA PÓS ADITIVO'!E78 -> un | E87: ='PLANILHA PÓS ADITIVO'!G78 -> 1445.62 | F87: ='PLANILHA PÓS ADITIVO'!F78 -> 3 | G87: ='MEMORIA DE CALCULO'!L265 -> 0 | H87: =G87+[1]BM_14!H87 -> 0 | I87: =ROUND(E87*F87,2) -> 4336.86
H88: =G88+[1]BM_14!H88 -> 0
A89: ='PLANILHA PÓS ADITIVO'!A80 -> 6.2 | B89: ='PLANILHA PÓS ADITIVO'!C80 -> VIDRO | H89: =G89+[1]BM_14!H89 -> 0
A90: ='PLANILHA PÓS ADITIVO'!A81 -> 6.2.1 | B90: ='PLANILHA PÓS ADITIVO'!C81 -> Porta em vidro temperado 10mm, incolor,inclusive ferragens de fixação e instalação, exclusive puxador. | C90: ='PLANILHA PÓS ADITIVO'!E81 -> m² | E90: ='PLANILHA PÓS ADITIVO'!G81 -> 668.37847 | F90: ='PLANILHA PÓS ADITIVO'!F81 -> 23.1 | H90: =G90+[1]BM_14!H90 -> 6.2825 | I90: =ROUND(E90*F90,2) -> 15439.54 | J90: =ROUND(E90*G90,2) -> 0 | K90: =ROUND(E90*H90,2) -> 4199.09 | L90: =K90/I90 -> 0.27196989
A91: ='PLANILHA PÓS ADITIVO'!A82 -> 6.2.2 | B91: ='PLANILHA PÓS ADITIVO'!C82 -> PORTA DE CORRER DE ALUMÍNIO, COM DUAS FOLHAS PARA VIDRO, INCLUSO VIDRO LISO INCOLOR, FECHADURA E PUXADOR, SEM ALIZAR. AF_12/2019 | C91: ='PLANILHA PÓS ADITIVO'!E82 -> m² | E91: ='PLANILHA PÓS ADITIVO'!G82 -> 591.96992 | F91: ='PLANILHA PÓS ADITIVO'!F82 -> 25.08 | H91: =G91+[1]BM_14!H91 -> 0 | I91: =ROUND(E91*F91,2) -> 14846.61 | J91: =ROUND(E91*G91,2) -> 0 | K91: =ROUND(E91*H91,2) -> 0 | L91: =K91/I91 -> 0
A92: ='PLANILHA PÓS ADITIVO'!A83 -> 6.2.3 | B92: ='PLANILHA PÓS ADITIVO'!C83 -> Fornecimento e instalação de fachada em pele de vidro, em vidro laminado 3+3 refletivo | C92: ='PLANILHA PÓS ADITIVO'!E83 -> m² | E92: ='PLANILHA PÓS ADITIVO'!G83 -> 1850.25 | F92: ='PLANILHA PÓS ADITIVO'!F83 -> 16.15 | G92: ='MEMORIA DE CALCULO'!L278 -> 7.75125 | H92: =G92+[1]BM_14!H92 -> 7.75125 | I92: =ROUND(E92*F92,2) -> 29881.54 | J92: =ROUND(E92*G92,2) -> 14341.75 | K92: =ROUND(E92*H92,2) -> 14341.75 | L92: =K92/I92 -> 0.47995351
H93: =G93+[1]BM_14!H93 -> 0
A94: ='PLANILHA PÓS ADITIVO'!A85 -> 6.3 | B94: ='PLANILHA PÓS ADITIVO'!C85 -> FERRAGENS | H94: =G94+[1]BM_14!H94 -> 0
A95: ='PLANILHA PÓS ADITIVO'!A86 -> 6.3.1 | B95: ='PLANILHA PÓS ADITIVO'!C86 -> Puxador duplo para porta, em alumínio polido, d = 1", I = 40mm, ref. 3008, Vesfer | C95: ='PLANILHA PÓS ADITIVO'!E86 -> unid | E95: ='PLANILHA PÓS ADITIVO'!G86 -> 254.33635 | F95: ='PLANILHA PÓS ADITIVO'!F86 -> 2 | H95: =G95+[1]BM_14!H95 -> 0 | I95: =ROUND(E95*F95,2) -> 508.67 | J95: =ROUND(E95*G95,2) -> 0 | K95: =ROUND(E95*H95,2) -> 0 | L95: =K95/I95 -> 0
A96: ='PLANILHA PÓS ADITIVO'!A87 -> 6.3.2 | B96: ='PLANILHA PÓS ADITIVO'!C87 -> TARJETA TIPO LIVRE/OCUPADO PARA PORTA DE BANHEIRO. AF_12/2019 | C96: ='PLANILHA PÓS ADITIVO'!E87 -> unid | E96: ='PLANILHA PÓS ADITIVO'!G87 -> 83.44917 | F96: ='PLANILHA PÓS ADITIVO'!F87 -> 6 | H96: =G96+[1]BM_14!H96 -> 0 | I96: =ROUND(E96*F96,2) -> 500.7 | J96: =ROUND(E96*G96,2) -> 0 | K96: =ROUND(E96*H96,2) -> 0 | L96: =K96/I96 -> 0
H97: =G97+[1]BM_14!H97 -> 0
A98: ='PLANILHA PÓS ADITIVO'!A89 -> 7 | B98: ='PLANILHA PÓS ADITIVO'!C89 -> REVESTIMENTO | H98: =G98+[1]BM_14!H98 -> 0
A99: ='PLANILHA PÓS ADITIVO'!A90 -> 7.1 | B99: ='PLANILHA PÓS ADITIVO'!C90 -> MASSA ÚNICA, PARA RECEBIMENTO DE PINTURA, EM ARGAMASSA TRAÇO 1:2:8, PREPARO MECÂNICO COM BETONEIRA 400L, APLICADA MANUALMENTE EM FACES INTERNAS DE PAREDES, ESPESSURA DE 20MM, COM EXECUÇÃO DE TALISCAS. AF_06/2014 | C99: ='PLANILHA PÓS ADITIVO'!E90 -> m² | E99: ='PLANILHA PÓS ADITIVO'!G90 -> 31.619511 | F99: ='PLANILHA PÓS ADITIVO'!F90 -> 1029.49 | H99: =G99+[1]BM_14!H99 -> 1028.73 | I99: =ROUND(E99*F99,2) -> 32551.97 | J99: =ROUND(E99*G99,2) -> 0 | K99: =ROUND(E99*H99,2) -> 32527.94 | L99: =K99/I99 -> 0.9992618
A100: ='PLANILHA PÓS ADITIVO'!A91 -> 7.2 | B100: ='PLANILHA PÓS ADITIVO'!C91 -> CHAPISCO APLICADO EM ALVENARIAS E ESTRUTURAS DE CONCRETO INTERNAS, COM COLHER DE PEDREIRO. ARGAMASSA TRAÇO 1:3 COM PREPARO EM BETONEIRA 400L. AF_06/2014 | C100: ='PLANILHA PÓS ADITIVO'!E91 -> m² | E100: ='PLANILHA PÓS ADITIVO'!G91 -> 3.786237 | F100: ='PLANILHA PÓS ADITIVO'!F91 -> 1029.49 | H100: =G100+[1]BM_14!H100 -> 1028.73 | I100: =ROUND(E100*F100,2) -> 3897.89 | J100: =ROUND(E100*G100,2) -> 0 | K100: =ROUND(E100*H100,2) -> 3895.02 | L100: =K100/I100 -> 0.9992637
A101: ='PLANILHA PÓS ADITIVO'!A92 -> 7.3 | B101: ='PLANILHA PÓS ADITIVO'!C92 -> REVESTIMENTO CERÂMICO PARA PAREDES INTERNAS COM PLACAS TIPO ESMALTADA EXTRA DE DIMENSÕES 33X45 CM APLICADAS EM AMBIENTES DE ÁREA MAIOR QUE 5 M² NA ALTURA INTEIRA DAS PAREDES. AF_06/2014 | C101: ='PLANILHA PÓS ADITIVO'!E92 -> m² | E101: ='PLANILHA PÓS ADITIVO'!G92 -> 77.712831 | F101: ='PLANILHA PÓS ADITIVO'!F92 -> 423.52 | H101: =G101+[1]BM_14!H101 -> 423.52 | I101: =ROUND(E101*F101,2) -> 32912.94 | J101: =ROUND(E101*G101,2) -> 0 | K101: =ROUND(E101*H101,2) -> 32912.94 | L101: =K101/I101 -> 1
A102: ='PLANILHA PÓS ADITIVO'!A93 -> 7.4 | B102: ='PLANILHA PÓS ADITIVO'!C93 -> Revestrimento ceramico( porcelanato) 90x90 | C102: ='PLANILHA PÓS ADITIVO'!E93 -> m² | E102: ='PLANILHA PÓS ADITIVO'!G93 -> 507.91293 | F102: ='PLANILHA PÓS ADITIVO'!F93 -> 0 | H102: =G102+[1]BM_14!H102 -> 0 | I102: =ROUND(E102*F102,2) -> 0 | J102: =ROUND(E102*G102,2) -> 0 | K102: =ROUND(E102*H102,2) -> 0 | M102: ITESN SUPRIMIDOS_ADITIVO
A103: ='PLANILHA PÓS ADITIVO'!A94 -> 7.5 | B103: ='PLANILHA PÓS ADITIVO'!C94 -> Revestimento metálico em alumínio composto (Alucobond ou similar) dobrado, e=0,3mm, na cor cobre, 1,00 nx 1,00m, exclusive estrutura metálica - fornecimento e montagem - Obra do Centro de Convenções de Sergipe | C103: ='PLANILHA PÓS ADITIVO'!E94 -> m² | E103: ='PLANILHA PÓS ADITIVO'!G94 -> 317.84909 | F103: ='PLANILHA PÓS ADITIVO'!F94 -> 116.74 | H103: =G103+[1]BM_14!H103 -> 96.05 | I103: =ROUND(E103*F103,2) -> 37105.7 | J103: =ROUND(E103*G103,2) -> 0 | K103: =ROUND(E103*H103,2) -> 30529.4 | L103: =K103/I103 -> 0.82276847
A104: ='PLANILHA PÓS ADITIVO'!A95 -> 7.6 | B104: ='PLANILHA PÓS ADITIVO'!C95 -> Revestimento cerâmico para piso ou parede, 45 x 45 cm, c/ piso porcelanato marmore bianco, PORTOBELLO ou similar, PEI 5, aplicado com argamassa industrializada ac-iii, rejuntado, exclusive regularização de base ou emboço | C104: ='PLANILHA PÓS ADITIVO'!E95 -> m² | E104: ='PLANILHA PÓS ADITIVO'!G95 -> 84.267706 | F104: ='PLANILHA PÓS ADITIVO'!F95 -> 99.65 | H104: =G104+[1]BM_14!H104 -> 99.5 | I104: =ROUND(E104*F104,2) -> 8397.28 | J104: =ROUND(E104*G104,2) -> 0 | K104: =ROUND(E104*H104,2) -> 8384.64 | L104: =K104/I104 -> 0.99849475
H105: =G105+[1]BM_14!H105 -> 0
A106: ='PLANILHA PÓS ADITIVO'!A97 -> 8 | B106: ='PLANILHA PÓS ADITIVO'!C97 -> PAVIMENTAÇÃO | H106: =G106+[1]BM_14!H106 -> 0
A107: ='PLANILHA PÓS ADITIVO'!A98 -> 8.1 | B107: ='PLANILHA PÓS ADITIVO'!C98 -> CONTRAPISO EM ARGAMASSA TRAÇO 1:4 (CIMENTO E AREIA), PREPARO MECÂNICO COM BETONEIRA 400 L, APLICADO EM ÁREAS SECAS SOBRE LAJE, ADERIDO, ACABAMENTO NÃO REFORÇADO, ESPESSURA 2CM. AF_07/2021 | C107: ='PLANILHA PÓS ADITIVO'!E98 -> m² | E107: ='PLANILHA PÓS ADITIVO'!G98 -> 28.23849 | F107: ='PLANILHA PÓS ADITIVO'!F98 -> 774.83 | H107: =G107+[1]BM_14!H107 -> 774.83 | I107: =ROUND(E107*F107,2) -> 21880.03 | J107: =ROUND(E107*G107,2) -> 0 | K107: =ROUND(E107*H107,2) -> 21880.03 | L107: =K107/I107 -> 1
A108: ='PLANILHA PÓS ADITIVO'!A99 -> 8.2 | B108: ='PLANILHA PÓS ADITIVO'!C99 -> REVESTIMENTO CERÂMICO PARA PISO COM PLACAS TIPO PORCELANATO DE DIMENSÕES 60X60 CM APLICADA EM AMBIENTES DE ÁREA MAIOR QUE 10 M². AF_06/2014 | C108: ='PLANILHA PÓS ADITIVO'!E99 -> m² | E108: ='PLANILHA PÓS ADITIVO'!G99 -> 184.01872 | F108: ='PLANILHA PÓS ADITIVO'!F99 -> 0 | H108: =G108+[1]BM_14!H108 -> 0 | I108: =ROUND(E108*F108,2) -> 0 | J108: =ROUND(E108*G108,2) -> 0 | K108: =ROUND(E108*H108,2) -> 0 | M108: ITESN SUPRIMIDOS_ADITIVO
...

Sheet MEMORIA DE CALCULO
C1: MEMÓRIA DE CÁLCULO - QUANTIDADES
C2: Obra: | H2: Proprietário:
C3: CENTRO DE ONCOLOGIA DE SOUSA | H3: Prefeitura Municipal de Sousa
C4: Local: | H4: Responsável Técnico:
C5: RUA LUIZ PEREIRA DA SILVA, S/N, CENTRO, SOUSA-PB
A7: Item | B7: Descrição | D7: Vez | E7: Dados | K7: Resultado | M7: Un.
E8: X1 | F8: X2 | G8: Y1 | H8: Y2 | I8: Z1 | J8: Z2 | K8: Parcial | L8: Total
N9: OBSERVAÇÕES
A10: 1.0 | B10: =[2]REPROGRAMAÇÃO!C9 -> SERVIÇOS PRELIMINARES
A12: 1.2 | B12: =[4]BM_10!B20 -> DEMOLIÇÃO DE ALVENARIA DE BLOCOFURADO, DE FORMA MANUAL, SEM REAPROVEITAMENTO | L12: =SUM(L14:L24) -> 18.462 | M12: M3
D14: 1 | E14: 0.3 | G14: 0.5 | I14: 0.5 | K14: =E14*G14*I14 -> 0.075 | L14: =K14*D14 -> 0.075
D15: 1 | E15: 0.3 | G15: 0.5 | I15: 0.5 | K15: =E15*G15*I15 -> 0.075 | L15: =K15*D15 -> 0.075
D16: 1 | E16: 0.3 | G16: 0.5 | I16: 0.5 | K16: =E16*G16*I16 -> 0.075 | L16: =K16*D16 -> 0.075
D17: 1 | E17: 2 | G17: 0.5 | I17: 0.3 | K17: =E17*G17*I17 -> 0.3 | L17: =K17*D17 -> 0.3
B18: ENTRADA | D18: 1 | E18: 11.7 | G18: 4.2 | I18: 0.3 | K18: =E18*G18*I18 -> 14.742 | L18: =K18*D18 -> 14.742
D19: 1 | E19: 13 | G19: 0.3 | I19: 0.3 | K19: =E19*G19*I19 -> 1.17 | L19: =K19*D19 -> 1.17
D20: 1 | E20: 9.2 | G20: 0.3 | I20: 0.3 | K20: =E20*G20*I20 -> 0.828 | L20: =K20*D20 -> 0.828
D21: 1 | E21: 0.7 | G21: 0.7 | I21: 0.3 | K21: =E21*G21*I21 -> 0.147 | L21: =K21*D21 -> 0.147
D22: 1 | E22: 0.5 | G22: 0.5 | I22: 0.3 | K22: =E22*G22*I22 -> 0.075 | L22: =K22*D22 -> 0.075
D23: 1 | E23: 0.5 | G23: 0.5 | I23: 0.3 | K23: =E23*G23*I23 -> 0.075 | L23: =K23*D23 -> 0.075
D24: 1 | E24: 2 | G24: 0.3 | I24: 1.5 | K24: =E24*G24*I24 -> 0.9 | L24: =K24*D24 -> 0.9
A26: 2.0 | B26: =[2]REPROGRAMAÇÃO!C25 -> INFRA ESTRUTURA E SUPERESTRUTURA
A28: 2.1 | B28: =[4]BM_10!B31 -> ESCAVAÇÃO MANUAL PARA BLOCO DE COROAMENTO OU SAPATA (INCLUINDO ESCAVAÇÃO PARA COLOCAÇÃO DE FÔRMAS). AF_06/2017 | L28: =SUM(L31:L39) -> 18.1935 | M28: M3
B30: PILAR FACHADA
B31: S53 | D31: 1 | E31: 0.6 | G31: 0.85 | I31: 1.8 | K31: =E31*G31*I31 -> 0.918 | L31: =D31*K31 -> 0.918
B32: S54 | D32: 1 | E32: 0.9 | G32: 1 | I32: 1.8 | K32: =E32*G32*I32 -> 1.62 | L32: =D32*K32 -> 1.62
B33: S55 | D33: 1 | E33: 1.2 | G33: 0.9 | I33: 1.8 | K33: =E33*G33*I33 -> 1.944 | L33: =D33*K33 -> 1.944
B34: S56 | D34: 1 | E34: 1.15 | G34: 1 | I34: 1.8 | K34: =E34*G34*I34 -> 2.07 | L34: =D34*K34 -> 2.07
B35: S57 | D35: 1 | E35: 1.1 | G35: 1.25 | I35: 1.8 | K35: =E35*G35*I35 -> 2.475 | L35: =D35*K35 -> 2.475
B36: S58 | D36: 1 | E36: 0.6 | G36: 0.85 | I36: 1.8 | K36: =E36*G36*I36 -> 0.918 | L36: =D36*K36 -> 0.918
B37: S59 | D37: 1 | E37: 1.5 | G37: 1.3 | I37: 1.8 | K37: =E37*G37*I37 -> 3.51 | L37: =D37*K37 -> 3.51
B38: S60 | D38: 1 | E38: 1.15 | G38: 1.35 | I38: 1.8 | K38: =E38*G38*I38 -> 2.7945 | L38: =D38*K38 -> 2.7945
B39: S64 | D39: 1 | E39: 1.2 | G39: 0.9 | I39: 1.8 | K39: =E39*G39*I39 -> 1.944 | L39: =D39*K39 -> 1.944
A41: 2.2 | B41: =[4]BM_10!B32 -> LAJE PRÉ-MOLDADA UNIDIRECIONAL, BIAPOIADA, PARA FORRO, ENCHIMENTO EM CERÂMICA, VIGOTA CONVENCIONAL, ALTURA TOTAL DA LAJE (ENCHIMENTO+CAPA) = (8+3). AF_11/2020 | L41: =SUM(L43) -> 55.16 | M41: M3
B43: FACHADA | D43: 1 | E43: 39.4 | G43: 1.4 | K43: =E43*G43 -> 55.16 | L43: =K43*D43 -> 55.16
A45: 2.3 | B45: =[4]BM_10!B33 -> LASTRO DE CONCRETO MAGRO, APLICADO EM BLOCOS DE COROAMENTO OU SAPATAS, ESPESSURA DE 5 CM. AF_08/2017 | L45: =SUM(L48:L56) -> 10.1075 | M45: M2
B47: PILAR FACHADA
B48: S53 | D48: 1 | E48: 0.6 | G48: 0.85 | K48: =E48*G48 -> 0.51 | L48: =D48*K48 -> 0.51
B49: S54 | D49: 1 | E49: 0.9 | G49: 1 | K49: =E49*G49 -> 0.9 | L49: =D49*K49 -> 0.9
B50: S55 | D50: 1 | E50: 1.2 | G50: 0.9 | K50: =E50*G50 -> 1.08 | L50: =D50*K50 -> 1.08
B51: S56 | D51: 1 | E51: 1.15 | G51: 1 | K51: =E51*G51 -> 1.15 | L51: =D51*K51 -> 1.15
B52: S57 | D52: 1 | E52: 1.1 | G52: 1.25 | K52: =E52*G52 -> 1.375 | L52: =D52*K52 -> 1.375
B53: S58 | D53: 1 | E53: 0.6 | G53: 0.85 | K53: =E53*G53 -> 0.51 | L53: =D53*K53 -> 0.51
B54: S59 | D54: 1 | E54: 1.5 | G54: 1.3 | K54: =E54*G54 -> 1.95 | L54: =D54*K54 -> 1.95
B55: S60 | D55: 1 | E55: 1.15 | G55: 1.35 | K55: =E55*G55 -> 1.5525 | L55: =D55*K55 -> 1.5525
B56: S64 | D56: 1 | E56: 1.2 | G56: 0.9 | K56: =E56*G56 -> 1.08 | L56: =D56*K56 -> 1.08
A58: 2.4 | B58: =[4]BM_10!B34 -> CONCRETO FCK = 25MPA, TRAÇO 1:2,3:2,7 (EM MASSA SECA DE CIMENTO/ AREIA MÉDIA/ BRITA 1) - PREPARO MECÂNICO COM BETONEIRA 600 L. AF_05/2021 | L58: =SUM(L61:L69) -> 2.526875 | M58: M3
B60: PILAR FACHADA
B61: S53 | D61: 1 | E61: 0.6 | G61: 0.85 | I61: 0.25 | K61: =E61*G61*I61 -> 0.1275 | L61: =K61*D61 -> 0.1275
B62: S54 | D62: 1 | E62: 0.9 | G62: 1 | I62: 0.25 | K62: =E62*G62*I62 -> 0.225 | L62: =K62*D62 -> 0.225
B63: S55 | D63: 1 | E63: 1.2 | G63: 0.9 | I63: 0.25 | K63: =E63*G63*I63 -> 0.27 | L63: =K63*D63 -> 0.27
B64: S56 | D64: 1 | E64: 1.15 | G64: 1 | I64: 0.25 | K64: =E64*G64*I64 -> 0.2875 | L64: =K64*D64 -> 0.2875
B65: S57 | D65: 1 | E65: 1.1 | G65: 1.25 | I65: 0.25 | K65: =E65*G65*I65 -> 0.34375 | L65: =K65*D65 -> 0.34375
B66: S58 | D66: 1 | E66: 0.6 | G66: 0.85 | I66: 0.25 | K66: =E66*G66*I66 -> 0.1275 | L66: =K66*D66 -> 0.1275
B67: S59 | D67: 1 | E67: 1.5 | G67: 1.3 | I67: 0.25 | K67: =E67*G67*I67 -> 0.4875 | L67: =K67*D67 -> 0.4875
B68: S60 | D68: 1 | E68: 1.15 | G68: 1.35 | I68: 0.25 | K68: =E68*G68*I68 -> 0.388125 | L68: =K68*D68 -> 0.388125
B69: S64 | D69: 1 | E69: 1.2 | G69: 0.9 | I69: 0.25 | K69: =E69*G69*I69 -> 0.27 | L69: =K69*D69 -> 0.27
A71: 2.5 | B71: =[4]BM_10!B35 -> CONCRETO FCK = 30MPA, TRAÇO 1:2,1:2,5 (EM MASSA SECA DE CIMENTO/ AREIA MÉDIA/ BRITA 1) - PREPARO MECÂNICO COM BETONEIRA 600 L. AF_05/2021 | L71: =SUM(L74:L87) -> 9.46 | M71: M3
B73: PILAR FACHADA | E73: PILAR | F73: TOCO
B74: P53 | D74: 1 | E74: 7.45 | F74: 1.5 | G74: 0.2 | I74: 0.4 | K74: =ROUND((E74+F74)*G74*I74,2) -> 0.72 | L74: =K74*D74 -> 0.72
B75: P54 | D75: 1 | E75: 5.25 | F75: 1.5 | G75: 0.2 | I75: 0.3 | K75: =ROUND((E75+F75)*G75*I75,2) -> 0.41 | L75: =K75*D75 -> 0.41
B76: P55 | D76: 1 | E76: 5.25 | F76: 1.5 | G76: 0.2 | I76: 0.5 | K76: =ROUND((E76+F76)*G76*I76,2) -> 0.68 | L76: =K76*D76 -> 0.68
B77: P56 | D77: 1 | E77: 5.25 | F77: 1.5 | G77: 0.25 | I77: 0.4 | K77: =ROUND((E77+F77)*G77*I77,2) -> 0.68 | L77: =K77*D77 -> 0.68
B78: P57 | D78: 1 | E78: 5.25 | F78: 1.5 | G78: 0.25 | I78: 0.4 | K78: =ROUND((E78+F78)*G78*I78,2) -> 0.68 | L78: =K78*D78 -> 0.68
B79: P58 | D79: 1 | E79: 7.45 | F79: 1.5 | G79: 0.2 | I79: 0.45 | K79: =ROUND((E79+F79)*G79*I79,2) -> 0.81 | L79: =K79*D79 -> 0.81
B80: P59 | D80: 1 | E80: 5.25 | F80: 1.5 | G80: 0.2 | I80: 0.4 | K80: =ROUND((E80+F80)*G80*I80,2) -> 0.54 | L80: =K80*D80 -> 0.54
B81: P60 | D81: 1 | E81: 5.25 | F81: 1.5 | G81: 0.2 | I81: 0.4 | K81: =ROUND((E81+F81)*G81*I81,2) -> 0.54 | L81: =K81*D81 -> 0.54
B82: P61 | D82: 1 | E82: 4.45 | G82: 0.2 | I82: 0.4 | K82: =ROUND((E82+F82)*G82*I82,2) -> 0.36 | L82: =K82*D82 -> 0.36
B83: P62 | D83: 1 | E83: 4.45 | G83: 0.2 | I83: 0.4 | K83: =ROUND((E83+F83)*G83*I83,2) -> 0.36 | L83: =K83*D83 -> 0.36
B84: P63 | D84: 1 | E84: 4.45 | G84: 0.2 | I84: 0.4 | K84: =ROUND((E84+F84)*G84*I84,2) -> 0.36 | L84: =K84*D84 -> 0.36
B85: P64 | D85: 1 | E85: 7.45 | F85: 1.5 | G85: 0.2 | I85: 0.45 | K85: =ROUND((E85+F85)*G85*I85,2) -> 0.81 | L85: =K85*D85 -> 0.81
B87: VIGA NIVEL 7,45 | D87: 1 | E87: 41.8 | G87: 0.3 | I87: 0.2 | K87: =ROUND((E87+F87)*G87*I87,2) -> 2.51 | L87: =K87*D87 -> 2.51
A89: 2.6 | B89: =[4]BM_10!B36 -> LANÇAMENTO COM USO DE BALDES, ADENSAMENTO E ACABAMENTO DE CONCRETO EM ESTRUTURAS. AF_12/2015 | L89: =SUM(L92:L105) -> 9.46 | M89: M3
B91: PILAR FACHADA | E91: PILAR | F91: TOCO
B92: P53 | D92: 1 | E92: 7.45 | F92: 1.5 | G92: 0.2 | I92: 0.4 | K92: =ROUND((E92+F92)*G92*I92,2) -> 0.72 | L92: =K92*D92 -> 0.72
B93: P54 | D93: 1 | E93: 5.25 | F93: 1.5 | G93: 0.2 | I93: 0.3 | K93: =ROUND((E93+F93)*G93*I93,2) -> 0.41 | L93: =K93*D93 -> 0.41
B94: P55 | D94: 1 | E94: 5.25 | F94: 1.5 | G94: 0.2 | I94: 0.5 | K94: =ROUND((E94+F94)*G94*I94,2) -> 0.68 | L94: =K94*D94 -> 0.68
B95: P56 | D95: 1 | E95: 5.25 | F95: 1.5 | G95: 0.25 | I95: 0.4 | K95: =ROUND((E95+F95)*G95*I95,2) -> 0.68 | L95: =K95*D95 -> 0.68
B96: P57 | D96: 1 | E96: 5.25 | F96: 1.5 | G96: 0.25 | I96: 0.4 | K96: =ROUND((E96+F96)*G96*I96,2) -> 0.68 | L96: =K96*D96 -> 0.68
B97: P58 | D97: 1 | E97: 7.45 | F97: 1.5 | G97: 0.2 | I97: 0.45 | K97: =ROUND((E97+F97)*G97*I97,2) -> 0.81 | L97: =K97*D97 -> 0.81
B98: P59 | D98: 1 | E98: 5.25 | F98: 1.5 | G98: 0.2 | I98: 0.4 | K98: =ROUND((E98+F98)*G98*I98,2) -> 0.54 | L98: =K98*D98 -> 0.54
B99: P60 | D99: 1 | E99: 5.25 | F99: 1.5 | G99: 0.2 | I99: 0.4 | K99: =ROUND((E99+F99)*G99*I99,2) -> 0.54 | L99: =K99*D99 -> 0.54
B100: P61 | D100: 1 | E100: 4.45 | G100: 0.2 | I100: 0.4 | K100: =ROUND((E100+F100)*G100*I100,2) -> 0.36 | L100: =K100*D100 -> 0.36
B101: P62 | D101: 1 | E101: 4.45 | G101: 0.2 | I101: 0.4 | K101: =ROUND((E101+F101)*G101*I101,2) -> 0.36 | L101: =K101*D101 -> 0.36
B102: P63 | D102: 1 | E102: 4.45 | G102: 0.2 | I102: 0.4 | K102: =ROUND((E102+F102)*G102*I102,2) -> 0.36 | L102: =K102*D102 -> 0.36
B103: P64 | D103: 1 | E103: 7.45 | F103: 1.5 | G103: 0.2 | I103: 0.45 | K103: =ROUND((E103+F103)*G103*I103,2) -> 0.81 | L103: =K103*D103 -> 0.81
B105: VIGA NIVEL 7,45 | D105: 1 | E105: 41.8 | G105: 0.3 | I105: 0.2 | K105: =ROUND((E105+F105)*G105*I105,2) -> 2.51 | L105: =K105*D105 -> 2.51
A107: 2.7 | B107: =[4]BM_10!B37 -> Forma plana para fundações, em tábua de pinho, 07 usos. | L107: =SUM(L109:L117) -> 9.4 | M107: M2
B109: S53 | D109: 1 | E109: =0.6+0.6+0.85+0.85 -> 2.9 | G109: 0.25 | K109: =E109*G109 -> 0.725 | L109: =K109*D109 -> 0.725
B110: S54 | D110: 1 | E110: =0.9+0.9+1+1 -> 3.8 | G110: 0.25 | K110: =E110*G110 -> 0.95 | L110: =K110*D110 -> 0.95
B111: S55 | D111: 1 | E111: =1.2+1.2+0.9+0.9 -> 4.2 | G111: 0.25 | K111: =E111*G111 -> 1.05 | L111: =K111*D111 -> 1.05
B112: S56 | D112: 1 | E112: =1.15+1.15+1+1 -> 4.3 | G112: 0.25 | K112: =E112*G112 -> 1.075 | L112: =K112*D112 -> 1.075
B113: S57 | D113: 1 | E113: =1.1+1.1+1.25+1.25 -> 4.7 | G113: 0.25 | K113: =E113*G113 -> 1.175 | L113: =K113*D113 -> 1.175
B114: S58 | D114: 1 | E114: =0.6+0.6+0.85+0.85 -> 2.9 | G114: 0.25 | K114: =E114*G114 -> 0.725 | L114: =K114*D114 -> 0.725
B115: S59 | D115: 1 | E115: =1.5+1.5+1.3+1.3 -> 5.6 | G115: 0.25 | K115: =E115*G115 -> 1.4 | L115: =K115*D115 -> 1.4
B116: S60 | D116: 1 | E116: =1.15+1.15+1.35+1.35 -> 5 | G116: 0.25 | K116: =E116*G116 -> 1.25 | L116: =K116*D116 -> 1.25
B117: S64 | D117: 1 | E117: =1.2+1.2+0.9+0.9 -> 4.2 | G117: 0.25 | K117: =E117*G117 -> 1.05 | L117: =K117*D117 -> 1.05
A119: 2.8 | B119: =[4]BM_10!B38 -> Forma plana para estruturas, em compensado plastificado de 12mm, 07 usos. | L119: =SUM(L122:L135) -> 125.06 | M119: m2
B121: PILAR FACHADA | E121: PILAR | F121: TOCO
B122: P53 | D122: 1 | E122: 7.45 | F122: 1.5 | G122: =0.2+0.2+0.4+0.4 -> 1.2 | K122: =(E122+F122)*G122 -> 10.74 | L122: =K122*D122 -> 10.74
...

Sheet RELATORIO FOTO
A1: ESTADO DA PARAÍBA | C1: BM 15 - RELATÓRIO FOTOGRÁFICO
A6: Objetivo | G6: Agente Promotor | K6: Data de Emissão | L6: Nº BM
A7: CENTRO DE ONCOLOGIA DE SOUSA | G7: PREFEITURA MUNICIPAL DE SOUSA - PB | K7: 44600 | L7: 15

Sheet RELATÓRIO FOTOGRÁFICO
A1: ESTADO DA PARAÍBA | C1: BM 10 - RELATÓRIO FOTOGRÁFICO
A6: Objetivo | G6: Agente Promotor | K6: Data de Emissão | L6: Nº BM
A7: CENTRO DE ONCOLOGIA DE SOUSA | G7: PREFEITURA MUNICIPAL DE SOUSA - PB | K7: 44600 | L7: 10
A9: Localização | G9: Contratada | K9: Início da Obra | L9: Termino da Obra
A10: RUA LUIZ PEREIRA DA SILVA, S/N, CENTRO, SOUSA-PB | G10: COMPACTO CONSTRUÇÕES EIRELI - EPP | K10: 44854 | L10: 45219
A12: Modalidade | C12: Nº de Contrato e Data de assinatura
A13: CONCORRÊNCIA 06/2022 | C13: Nº 0701/2022 - 20/10/2022

Sheet MEM
C1: MEMÓRIA DE CÁLCULO - QUANTIDADES
C2: Obra: | H2: Proprietário:
C3: CENTRO DE ONCOLOGIA DE SOUSA | H3: Prefeitura Municipal de Sousa
C4: Local: | H4: Responsável Técnico:
C5: RUA LUIZ PEREIRA DA SILVA, S/N, CENTRO, SOUSA-PB
A7: Item | B7: Descrição | D7: Vez | E7: Dados | K7: Resultado | M7: Un.
E8: X1 | F8: X2 | G8: Y1 | H8: Y2 | I8: Z1 | J8: Z2 | K8: Parcial | L8: Total
A10: 1.0 | B10: =[2]REPROGRAMAÇÃO!C9 -> SERVIÇOS PRELIMINARES
A12: 1.2 | B12: =BM_15!B20 -> DEMOLIÇÃO DE ALVENARIA DE BLOCOFURADO, DE FORMA MANUAL, SEM REAPROVEITAMENTO | L12: =SUM(L14:L24) -> 18.462 | M12: M3
D14: 1 | E14: 0.3 | G14: 0.5 | I14: 0.5 | K14: =E14*G14*I14 -> 0.075 | L14: =K14*D14 -> 0.075
D15: 1 | E15: 0.3 | G15: 0.5 | I15: 0.5 | K15: =E15*G15*I15 -> 0.075 | L15: =K15*D15 -> 0.075
D16: 1 | E16: 0.3 | G16: 0.5 | I16: 0.5 | K16: =E16*G16*I16 -> 0.075 | L16: =K16*D16 -> 0.075
D17: 1 | E17: 2 | G17: 0.5 | I17: 0.3 | K17: =E17*G17*I17 -> 0.3 | L17: =K17*D17 -> 0.3
B18: ENTRADA | D18: 1 | E18: 11.7 | G18: 4.2 | I18: 0.3 | K18: =E18*G18*I18 -> 14.742 | L18: =K18*D18 -> 14.742
D19: 1 | E19: 13 | G19: 0.3 | I19: 0.3 | K19: =E19*G19*I19 -> 1.17 | L19: =K19*D19 -> 1.17
D20: 1 | E20: 9.2 | G20: 0.3 | I20: 0.3 | K20: =E20*G20*I20 -> 0.828 | L20: =K20*D20 -> 0.828
D21: 1 | E21: 0.7 | G21: 0.7 | I21: 0.3 | K21: =E21*G21*I21 -> 0.147 | L21: =K21*D21 -> 0.147
D22: 1 | E22: 0.5 | G22: 0.5 | I22: 0.3 | K22: =E22*G22*I22 -> 0.075 | L22: =K22*D22 -> 0.075
D23: 1 | E23: 0.5 | G23: 0.5 | I23: 0.3 | K23: =E23*G23*I23 -> 0.075 | L23: =K23*D23 -> 0.075
D24: 1 | E24: 2 | G24: 0.3 | I24: 1.5 | K24: =E24*G24*I24 -> 0.9 | L24: =K24*D24 -> 0.9
A26: 2.0 | B26: =[2]REPROGRAMAÇÃO!C25 -> INFRA ESTRUTURA E SUPERESTRUTURA
A28: 2.1 | B28: =BM_15!B31 -> ESCAVAÇÃO MANUAL PARA BLOCO DE COROAMENTO OU SAPATA (INCLUINDO ESCAVAÇÃO PARA COLOCAÇÃO DE FÔRMAS). AF_06/2017 | L28: =SUM(L31:L39) -> 18.1935 | M28: M3
B30: PILAR FACHADA
B31: S53 | D31: 1 | E31: 0.6 | G31: 0.85 | I31: 1.8 | K31: =E31*G31*I31 -> 0.918 | L31: =D31*K31 -> 0.918
B32: S54 | D32: 1 | E32: 0.9 | G32: 1 | I32: 1.8 | K32: =E32*G32*I32 -> 1.62 | L32: =D32*K32 -> 1.62
B33: S55 | D33: 1 | E33: 1.2 | G33: 0.9 | I33: 1.8 | K33: =E33*G33*I33 -> 1.944 | L33: =D33*K33 -> 1.944
B34: S56 | D34: 1 | E34: 1.15 | G34: 1 | I34: 1.8 | K34: =E34*G34*I34 -> 2.07 | L34: =D34*K34 -> 2.07
B35: S57 | D35: 1 | E35: 1.1 | G35: 1.25 | I35: 1.8 | K35: =E35*G35*I35 -> 2.475 | L35: =D35*K35 -> 2.475
B36: S58 | D36: 1 | E36: 0.6 | G36: 0.85 | I36: 1.8 | K36: =E36*G36*I36 -> 0.918 | L36: =D36*K36 -> 0.918
B37: S59 | D37: 1 | E37: 1.5 | G37: 1.3 | I37: 1.8 | K37: =E37*G37*I37 -> 3.51 | L37: =D37*K37 -> 3.51
B38: S60 | D38: 1 | E38: 1.15 | G38: 1.35 | I38: 1.8 | K38: =E38*G38*I38 -> 2.7945 | L38: =D38*K38 -> 2.7945
B39: S64 | D39: 1 | E39: 1.2 | G39: 0.9 | I39: 1.8 | K39: =E39*G39*I39 -> 1.944 | L39: =D39*K39 -> 1.944
A41: 2.2 | B41: =BM_15!B32 -> LAJE PRÉ-MOLDADA UNIDIRECIONAL, BIAPOIADA, PARA FORRO, ENCHIMENTO EM CERÂMICA, VIGOTA CONVENCIONAL, ALTURA TOTAL DA LAJE (ENCHIMENTO+CAPA) = (8+3). AF_11/2020 | L41: =SUM(L43) -> 55.16 | M41: M3
B43: FACHADA | D43: 1 | E43: 39.4 | G43: 1.4 | K43: =E43*G43 -> 55.16 | L43: =K43*D43 -> 55.16
A45: 2.3 | B45: =BM_15!B33 -> LASTRO DE CONCRETO MAGRO, APLICADO EM BLOCOS DE COROAMENTO OU SAPATAS, ESPESSURA DE 5 CM. AF_08/2017 | L45: =SUM(L48:L56) -> 10.1075 | M45: M2
B47: PILAR FACHADA
B48: S53 | D48: 1 | E48: 0.6 | G48: 0.85 | K48: =E48*G48 -> 0.51 | L48: =D48*K48 -> 0.51
B49: S54 | D49: 1 | E49: 0.9 | G49: 1 | K49: =E49*G49 -> 0.9 | L49: =D49*K49 -> 0.9
B50: S55 | D50: 1 | E50: 1.2 | G50: 0.9 | K50: =E50*G50 -> 1.08 | L50: =D50*K50 -> 1.08
B51: S56 | D51: 1 | E51: 1.15 | G51: 1 | K51: =E51*G51 -> 1.15 | L51: =D51*K51 -> 1.15
B52: S57 | D52: 1 | E52: 1.1 | G52: 1.25 | K52: =E52*G52 -> 1.375 | L52: =D52*K52 -> 1.375
B53: S58 | D53: 1 | E53: 0.6 | G53: 0.85 | K53: =E53*G53 -> 0.51 | L53: =D53*K53 -> 0.51
B54: S59 | D54: 1 | E54: 1.5 | G54: 1.3 | K54: =E54*G54 -> 1.95 | L54: =D54*K54 -> 1.95
B55: S60 | D55: 1 | E55: 1.15 | G55: 1.35 | K55: =E55*G55 -> 1.5525 | L55: =D55*K55 -> 1.5525
B56: S64 | D56: 1 | E56: 1.2 | G56: 0.9 | K56: =E56*G56 -> 1.08 | L56: =D56*K56 -> 1.08
A58: 2.4 | B58: =BM_15!B34 -> CONCRETO FCK = 25MPA, TRAÇO 1:2,3:2,7 (EM MASSA SECA DE CIMENTO/ AREIA MÉDIA/ BRITA 1) - PREPARO MECÂNICO COM BETONEIRA 600 L. AF_05/2021 | L58: =SUM(L61:L69) -> 2.526875 | M58: M3
B60: PILAR FACHADA
B61: S53 | D61: 1 | E61: 0.6 | G61: 0.85 | I61: 0.25 | K61: =E61*G61*I61 -> 0.1275 | L61: =K61*D61 -> 0.1275
B62: S54 | D62: 1 | E62: 0.9 | G62: 1 | I62: 0.25 | K62: =E62*G62*I62 -> 0.225 | L62: =K62*D62 -> 0.225
B63: S55 | D63: 1 | E63: 1.2 | G63: 0.9 | I63: 0.25 | K63: =E63*G63*I63 -> 0.27 | L63: =K63*D63 -> 0.27
B64: S56 | D64: 1 | E64: 1.15 | G64: 1 | I64: 0.25 | K64: =E64*G64*I64 -> 0.2875 | L64: =K64*D64 -> 0.2875
B65: S57 | D65: 1 | E65: 1.1 | G65: 1.25 | I65: 0.25 | K65: =E65*G65*I65 -> 0.34375 | L65: =K65*D65 -> 0.34375
B66: S58 | D66: 1 | E66: 0.6 | G66: 0.85 | I66: 0.25 | K66: =E66*G66*I66 -> 0.1275 | L66: =K66*D66 -> 0.1275
B67: S59 | D67: 1 | E67: 1.5 | G67: 1.3 | I67: 0.25 | K67: =E67*G67*I67 -> 0.4875 | L67: =K67*D67 -> 0.4875
B68: S60 | D68: 1 | E68: 1.15 | G68: 1.35 | I68: 0.25 | K68: =E68*G68*I68 -> 0.388125 | L68: =K68*D68 -> 0.388125
B69: S64 | D69: 1 | E69: 1.2 | G69: 0.9 | I69: 0.25 | K69: =E69*G69*I69 -> 0.27 | L69: =K69*D69 -> 0.27
A71: 2.5 | B71: =BM_15!B35 -> CONCRETO FCK = 30MPA, TRAÇO 1:2,1:2,5 (EM MASSA SECA DE CIMENTO/ AREIA MÉDIA/ BRITA 1) - PREPARO MECÂNICO COM BETONEIRA 600 L. AF_05/2021 | L71: =SUM(L74:L87) -> 9.46 | M71: M3
B73: PILAR FACHADA | E73: PILAR | F73: TOCO
B74: P53 | D74: 1 | E74: 7.45 | F74: 1.5 | G74: 0.2 | I74: 0.4 | K74: =ROUND((E74+F74)*G74*I74,2) -> 0.72 | L74: =K74*D74 -> 0.72
B75: P54 | D75: 1 | E75: 5.25 | F75: 1.5 | G75: 0.2 | I75: 0.3 | K75: =ROUND((E75+F75)*G75*I75,2) -> 0.41 | L75: =K75*D75 -> 0.41
B76: P55 | D76: 1 | E76: 5.25 | F76: 1.5 | G76: 0.2 | I76: 0.5 | K76: =ROUND((E76+F76)*G76*I76,2) -> 0.68 | L76: =K76*D76 -> 0.68
B77: P56 | D77: 1 | E77: 5.25 | F77: 1.5 | G77: 0.25 | I77: 0.4 | K77: =ROUND((E77+F77)*G77*I77,2) -> 0.68 | L77: =K77*D77 -> 0.68
B78: P57 | D78: 1 | E78: 5.25 | F78: 1.5 | G78: 0.25 | I78: 0.4 | K78: =ROUND((E78+F78)*G78*I78,2) -> 0.68 | L78: =K78*D78 -> 0.68
B79: P58 | D79: 1 | E79: 7.45 | F79: 1.5 | G79: 0.2 | I79: 0.45 | K79: =ROUND((E79+F79)*G79*I79,2) -> 0.81 | L79: =K79*D79 -> 0.81
B80: P59 | D80: 1 | E80: 5.25 | F80: 1.5 | G80: 0.2 | I80: 0.4 | K80: =ROUND((E80+F80)*G80*I80,2) -> 0.54 | L80: =K80*D80 -> 0.54
B81: P60 | D81: 1 | E81: 5.25 | F81: 1.5 | G81: 0.2 | I81: 0.4 | K81: =ROUND((E81+F81)*G81*I81,2) -> 0.54 | L81: =K81*D81 -> 0.54
B82: P61 | D82: 1 | E82: 4.45 | G82: 0.2 | I82: 0.4 | K82: =ROUND((E82+F82)*G82*I82,2) -> 0.36 | L82: =K82*D82 -> 0.36
B83: P62 | D83: 1 | E83: 4.45 | G83: 0.2 | I83: 0.4 | K83: =ROUND((E83+F83)*G83*I83,2) -> 0.36 | L83: =K83*D83 -> 0.36
B84: P63 | D84: 1 | E84: 4.45 | G84: 0.2 | I84: 0.4 | K84: =ROUND((E84+F84)*G84*I84,2) -> 0.36 | L84: =K84*D84 -> 0.36
B85: P64 | D85: 1 | E85: 7.45 | F85: 1.5 | G85: 0.2 | I85: 0.45 | K85: =ROUND((E85+F85)*G85*I85,2) -> 0.81 | L85: =K85*D85 -> 0.81
B87: VIGA NIVEL 7,45 | D87: 1 | E87: 41.8 | G87: 0.3 | I87: 0.2 | K87: =ROUND((E87+F87)*G87*I87,2) -> 2.51 | L87: =K87*D87 -> 2.51
A89: 2.6 | B89: =BM_15!B36 -> LANÇAMENTO COM USO DE BALDES, ADENSAMENTO E ACABAMENTO DE CONCRETO EM ESTRUTURAS. AF_12/2015 | L89: =SUM(L92:L105) -> 9.46 | M89: M3
B91: PILAR FACHADA | E91: PILAR | F91: TOCO
B92: P53 | D92: 1 | E92: 7.45 | F92: 1.5 | G92: 0.2 | I92: 0.4 | K92: =ROUND((E92+F92)*G92*I92,2) -> 0.72 | L92: =K92*D92 -> 0.72
B93: P54 | D93: 1 | E93: 5.25 | F93: 1.5 | G93: 0.2 | I93: 0.3 | K93: =ROUND((E93+F93)*G93*I93,2) -> 0.41 | L93: =K93*D93 -> 0.41
B94: P55 | D94: 1 | E94: 5.25 | F94: 1.5 | G94: 0.2 | I94: 0.5 | K94: =ROUND((E94+F94)*G94*I94,2) -> 0.68 | L94: =K94*D94 -> 0.68
B95: P56 | D95: 1 | E95: 5.25 | F95: 1.5 | G95: 0.25 | I95: 0.4 | K95: =ROUND((E95+F95)*G95*I95,2) -> 0.68 | L95: =K95*D95 -> 0.68
B96: P57 | D96: 1 | E96: 5.25 | F96: 1.5 | G96: 0.25 | I96: 0.4 | K96: =ROUND((E96+F96)*G96*I96,2) -> 0.68 | L96: =K96*D96 -> 0.68
B97: P58 | D97: 1 | E97: 7.45 | F97: 1.5 | G97: 0.2 | I97: 0.45 | K97: =ROUND((E97+F97)*G97*I97,2) -> 0.81 | L97: =K97*D97 -> 0.81
B98: P59 | D98: 1 | E98: 5.25 | F98: 1.5 | G98: 0.2 | I98: 0.4 | K98: =ROUND((E98+F98)*G98*I98,2) -> 0.54 | L98: =K98*D98 -> 0.54
B99: P60 | D99: 1 | E99: 5.25 | F99: 1.5 | G99: 0.2 | I99: 0.4 | K99: =ROUND((E99+F99)*G99*I99,2) -> 0.54 | L99: =K99*D99 -> 0.54
B100: P61 | D100: 1 | E100: 4.45 | G100: 0.2 | I100: 0.4 | K100: =ROUND((E100+F100)*G100*I100,2) -> 0.36 | L100: =K100*D100 -> 0.36
B101: P62 | D101: 1 | E101: 4.45 | G101: 0.2 | I101: 0.4 | K101: =ROUND((E101+F101)*G101*I101,2) -> 0.36 | L101: =K101*D101 -> 0.36
B102: P63 | D102: 1 | E102: 4.45 | G102: 0.2 | I102: 0.4 | K102: =ROUND((E102+F102)*G102*I102,2) -> 0.36 | L102: =K102*D102 -> 0.36
B103: P64 | D103: 1 | E103: 7.45 | F103: 1.5 | G103: 0.2 | I103: 0.45 | K103: =ROUND((E103+F103)*G103*I103,2) -> 0.81 | L103: =K103*D103 -> 0.81
B105: VIGA NIVEL 7,45 | D105: 1 | E105: 41.8 | G105: 0.3 | I105: 0.2 | K105: =ROUND((E105+F105)*G105*I105,2) -> 2.51 | L105: =K105*D105 -> 2.51
A107: 2.7 | B107: =BM_15!B37 -> Forma plana para fundações, em tábua de pinho, 07 usos. | L107: =SUM(L109:L117) -> 9.4 | M107: M2
B109: S53 | D109: 1 | E109: =0.6+0.6+0.85+0.85 -> 2.9 | G109: 0.25 | K109: =E109*G109 -> 0.725 | L109: =K109*D109 -> 0.725
B110: S54 | D110: 1 | E110: =0.9+0.9+1+1 -> 3.8 | G110: 0.25 | K110: =E110*G110 -> 0.95 | L110: =K110*D110 -> 0.95
B111: S55 | D111: 1 | E111: =1.2+1.2+0.9+0.9 -> 4.2 | G111: 0.25 | K111: =E111*G111 -> 1.05 | L111: =K111*D111 -> 1.05
B112: S56 | D112: 1 | E112: =1.15+1.15+1+1 -> 4.3 | G112: 0.25 | K112: =E112*G112 -> 1.075 | L112: =K112*D112 -> 1.075
B113: S57 | D113: 1 | E113: =1.1+1.1+1.25+1.25 -> 4.7 | G113: 0.25 | K113: =E113*G113 -> 1.175 | L113: =K113*D113 -> 1.175
B114: S58 | D114: 1 | E114: =0.6+0.6+0.85+0.85 -> 2.9 | G114: 0.25 | K114: =E114*G114 -> 0.725 | L114: =K114*D114 -> 0.725
B115: S59 | D115: 1 | E115: =1.5+1.5+1.3+1.3 -> 5.6 | G115: 0.25 | K115: =E115*G115 -> 1.4 | L115: =K115*D115 -> 1.4
B116: S60 | D116: 1 | E116: =1.15+1.15+1.35+1.35 -> 5 | G116: 0.25 | K116: =E116*G116 -> 1.25 | L116: =K116*D116 -> 1.25
B117: S64 | D117: 1 | E117: =1.2+1.2+0.9+0.9 -> 4.2 | G117: 0.25 | K117: =E117*G117 -> 1.05 | L117: =K117*D117 -> 1.05
A119: 2.8 | B119: =BM_15!B38 -> Forma plana para estruturas, em compensado plastificado de 12mm, 07 usos. | L119: =SUM(L122:L135) -> 125.06 | M119: m2
B121: PILAR FACHADA | E121: PILAR | F121: TOCO
B122: P53 | D122: 1 | E122: 7.45 | F122: 1.5 | G122: =0.2+0.2+0.4+0.4 -> 1.2 | K122: =(E122+F122)*G122 -> 10.74 | L122: =K122*D122 -> 10.74
B123: P54 | D123: 1 | E123: 5.25 | F123: 1.5 | G123: =0.2+0.2+0.3+0.3 -> 1 | K123: =(E123+F123)*G123 -> 6.75 | L123: =K123*D123 -> 6.75
...

Sheet BM10
A1: BM 10
A3: VIDROS | G3: PINTURA E EMASSAMENTO EXTERNO
A5: JANELAS BOCA DE LOBO | B5: 0.5 | C5: 0.5 | D5: 16 | E5: =B5*C5*D5 -> 4 | G5: PERGOLADO | H5: 19.9 | I5: 4.3 | J5: =I5*H5 -> 85.57
A6: PERGOLADO CORREDOR ESQ | B6: 5.75 | E6: =B6 -> 5.75 | G6: CAIXA DAGUA | H6: 12.2 | I6: 2 | J6: =I6*H6 -> 24.4
A7: PERGOLADO CX DAGUA | B7: 6.78 | E7: =B7 -> 6.78 | G7: CAIXA DAGUA | H7: 7.6 | I7: 1.7 | J7: =I7*H7 -> 12.92
A8: PERGOLADO FIXO | B8: 7.22 | E8: =B8 -> 7.22 | G8: CAIXA DAGUA | H8: 9.6 | I8: 2 | J8: =I8*H8 -> 19.2
G9: ENTRADA CENTRAL AR | H9: 15 | I9: 4.1 | J9: =I9*H9 -> 61.5
A10: FORRO | G10: ENTRADA CENTRAL AR | H10: 1.6 | I10: 2.8 | J10: =I10*H10 -> 4.48
G11: ENTRADA CENTRAL AR | H11: 5.1 | I11: 2.8 | J11: =I11*H11 -> 14.28
A12: SALA OBSERVAÇÃO | B12: 4.2 | C12: 3.9 | E12: =B12*C12 -> 16.38 | G12: LATERAL CENTRO OFTALMO | H12: 16 | I12: 3.4 | J12: =I12*H12 -> 54.4
A13: WC | B13: 4.2 | C13: 1.6 | E13: =C13*B13 -> 6.72 | G13: LATERAL CENTRO OFTALMO | H13: 11.8 | I13: 5.8 | J13: =I13*H13 -> 68.44
A14: SALA OBSERVAÇÃO | B14: 5.25 | C14: 3.9 | E14: =C14*B14 -> 20.475 | G14: LATERAL ESCOLA | H14: 8 | I14: 4.8 | J14: =I14*H14 -> 38.4
A15: WC | B15: 5.25 | C15: 1.55 | E15: =C15*B15 -> 8.1375 | G15: LATERAL ESCOLA | H15: 15.1 | I15: 4.8 | J15: =I15*H15 -> 72.48
A16: COLETA SANGUE | B16: 5.2 | C16: 3.5 | E16: =C16*B16 -> 18.2 | G16: SAPATA | H16: 10.5 | I16: 0.5 | J16: =I16*H16 -> 5.25
A17: PEQUENOS PROCEDIMENTOS | B17: 5.7 | C17: 7.4 | E17: =C17*B17 -> 42.18 | G17: ESCADA LATER DIREITA | H17: 4.5 | I17: 0.6 | J17: =I17*H17 -> 2.7
A18: WC FEM | B18: 2 | C18: 2.3 | E18: =C18*B18 -> 4.6 | G18: ESCADA LATER ESQUERDA | H18: 4.5 | I18: 0.6 | J18: =I18*H18 -> 2.7
A19: WC MASC | B19: 2 | C19: 2.55 | E19: =C19*B19 -> 5.1 | G19: CANTEIRO DIREITO | H19: 8 | I19: 0.6 | J19: =I19*H19 -> 4.8
A20: RADIOLOGIA | B20: 4.5 | C20: 5.2 | E20: =C20*B20 -> 23.4 | G20: CANTEIRO DIREITO | H20: 8 | I20: 0.8 | J20: =I20*H20 -> 6.4
A21: TROCADOR | B21: 1.9 | C21: 1 | E21: =C21*B21 -> 1.9 | G21: CANTEIRO DIREITO | H21: 3 | I21: 0.2 | J21: =I21*H21 -> 0.6
A22: SALA COMANDO | B22: 4.4 | C22: 1.5 | E22: =C22*B22 -> 6.6 | G22: CANTEIRO PE CAJARANA | H22: 0.85 | I22: 5.8 | J22: =I22*H22 -> 4.93
A23: CORREDOR EM FRENTE PEQ PROCEDIMENTOS | B23: 17 | C23: 2.1 | E23: =C23*B23 -> 35.7 | G23: CANTEIRO ESQUERDO | H23: 10.4 | I23: 0.72 | J23: =I23*H23 -> 7.488
A24: POSTO ENFERMAGEM | B24: 4.6 | C24: 2.9 | E24: =C24*B24 -> 13.34 | G24: CANTEIRO ESQUERDO | H24: 10.4 | I24: 0.8 | J24: =I24*H24 -> 8.32
A25: FARMACIA | B25: 3.3 | C25: 1.8 | E25: =C25*B25 -> 5.94 | G25: CANTEIRO ESQUERDO | H25: 7 | I25: 0.6 | J25: =I25*H25 -> 4.2
A26: SALA UTILIDADES | B26: 1.45 | C26: 2.1 | E26: =C26*B26 -> 3.045 | J26: =SUM(J5:J25) -> 503.458
A27: WC FEM | B27: 1.8 | C27: 1.45 | E27: =C27*B27 -> 2.61
A28: WC MASC | B28: 1 | C28: 1.96 | E28: =C28*B28 -> 1.96
A29: QUARTO EMBAIXO CAIXA DAGUA | B29: 4.4 | C29: 3.2 | E29: =C29*B29 -> 14.08
A30: LAVAGEM CARROS | B30: 7 | C30: 3.3 | E30: =C30*B30 -> 23.1 | G30: EMASSAMENTO INTERNO
E31: =SUM(E12:E30) -> 253.4675
G32: RECEPÇÃO PRINCIPAL | H32: 46 | I32: 2.7 | J32: =I32*H32 -> 124.2
A33: REVESTIMENTO EXTERNO | G33: RECEPÇÃO PRINCIPAL | H33: 10 | I33: 1 | J33: =I33*H33 -> 10
G34: PERGOLADO | H34: 3.7 | I34: 1 | J34: =I34*H34 -> 3.7
A35: PAREDE FRONTAL | B35: 5 | C35: 10.5 | D35: =C35*B35 -> 52.5 | G35: PAREDE VIZINHA RECEP -PERGOLADO | H35: 12.9 | I35: 2.7 | J35: =I35*H35 -> 34.83
A36: PAREDE FRONTAL | B36: 4.2 | C36: 0.81 | D36: =C36*B36 -> 3.402 | G36: ASSISTENTE SOCIAL | H36: 11.75 | I36: 2.7 | J36: =I36*H36 -> 31.725
A37: PAREDE FRONTAL | B37: 4.2 | C37: 2.42 | D37: =C37*B37 -> 10.164 | G37: CORREDOR DIR RECEP | H37: 26.4 | I37: 2.7 | J37: =I37*H37 -> 71.28
A38: PAREDE FRONTAL | B38: 1.7 | C38: 2.72 | D38: =C38*B38 -> 4.624 | G38: RADIOLOGIA E TROCADOR | H38: 26.8 | I38: 2.7 | J38: =I38*H38 -> 72.36
A39: PAREDE FRONTAL | B39: 1.5 | C39: 5.85 | D39: =C39*B39 -> 8.775 | G39: SALA DE COMANDO | H39: 10.9 | I39: 2.7 | J39: =I39*H39 -> 29.43
A40: PAREDE FRONTAL | B40: 4.2 | C40: 2.78 | D40: =C40*B40 -> 11.676 | G40: PEQUENOS PROCEDIM | H40: 24.7 | I40: 2.7 | J40: =I40*H40 -> 66.69
A41: PAREDE FRONTAL | B41: 3.48 | C41: 6 | D41: =C41*B41 -> 20.88 | G41: SALA EM FRENTE A PEQUENOS PROCED | H41: 31 | I41: 2.7 | J41: =I41*H41 -> 83.7
D42: =SUM(D35:D41) -> 112.021 | G42: COLETA SANGUE | H42: 16.1 | I42: 2.7 | J42: =I42*H42 -> 43.47
G43: SALA OBSERVAÇÃO | H43: 16.6 | I43: 2.7 | J43: =I43*H43 -> 44.82
G44: SALA OBSERVAÇÃO | H44: 11.7 | I44: 2.7 | J44: =I44*H44 -> 31.59
G45: POSTO ENFERMAGEM | H45: 10.2 | I45: 2.7 | J45: =I45*H45 -> 27.54
G46: CORREDOR AO LADO POSTO | H46: 29.3 | I46: 2.7 | J46: =I46*H46 -> 79.11
G47: QUIMIOTERAPIA | H47: 29.1 | I47: 2.7 | J47: =I47*H47 -> 78.57
G48: FISIOTERAPIA | H48: 17.6 | I48: 2.7 | J48: =I48*H48 -> 47.52
G49: CONSULTORIO 02 | H49: 18.5 | I49: 2.7 | J49: =I49*H49 -> 49.95
G50: CONSULTORIO 01 | H50: 18.7 | I50: 2.7 | J50: =I50*H50 -> 50.49
G51: TELEMEDICINA | H51: 13 | I51: 2.7 | J51: =I51*H51 -> 35.1
G52: CORREDOR ESQUERDO | H52: 35.7 | I52: 2.7 | J52: =I52*H52 -> 96.39
G53: REFEITORIO | H53: 13.8 | I53: 2.7 | J53: =I53*H53 -> 37.26
G54: ROTULAÇÃO E MANIPULAÇAO | H54: 33.7 | I54: 2.7 | J54: =I54*H54 -> 90.99
... G59: LAVANDERIA SUJA | H59: 12.3 | I59: 2.7 | J59: =I59*H59 -> 33.21
J60: =SUM(J32:J59) -> 1384.355

Sheet BM09
A1: BM 09 ONCOLOGIA
I2: TELHA DE FIBROCIMENTO | L2: ok
C3: 17.4 | D3: CORRIMAO ESQUERDO | F3: ok | I3: 23 | J3: 7.5 | K3: =J3*I3 -> 172.5 | L3: PARTE ESQUERDA
C4: 21.9 | D4: CORRIMAO DIREITO | I4: 8.9 | J4: 2.4 | K4: =J4*I4 -> 21.36 | L4: AO LADO PARTE ESQUERDA
C5: =SUM(C3:C4) -> 39.3 | I5: 1.3 | J5: 2.5 | K5: =J5*I5 -> 3.25 | L5: AO LADO PARTE ESQUERDA
K6: =SUM(K3:K5) -> 197.11
C8: 4.9 | D8: CALHA DE ZINCO | E8: ok | I8: TRAMA DE MADEIRA P FIBROCIMENTO | M8: ok
C9: 9.6 | D9: CALHA DE ZINCO | E9: parede anterior ao corredor
C10: 4.6 | D10: CALHA DE ZINCO | E10: ao lado do corrdedor | I10: 23 | J10: 7.5 | K10: =J10*I10 -> 172.5 | L10: PARTE ESQUERDA
C11: 28.8 | D11: CALHA DE ZINCO GRANDE | I11: 8.9 | J11: 2.4 | K11: =J11*I11 -> 21.36 | L11: AO LADO PARTE ESQUERDA
C12: 8.9 | D12: CALHA LATERAL | I12: 1.3 | J12: 2.5 | K12: =J12*I12 -> 3.25 | L12: AO LADO PARTE ESQUERDA
C13: 5 | D13: CALHA ESTRUTURA ACM | K13: =SUM(K10:K12) -> 197.11
C14: 2.5 | D14: CALHA DE ZINCO PEQUENA
C15: =SUM(C8:C14) -> 64.3 | I15: TELHA CANAL
I17: 28.8 | J17: 7 | K17: =J17*I17 -> 201.6 | L17: TELHA RECEPÇÃO NOVO
B18: REVESTIMENTO | D18: ok
I19: TRAMA MADEIRA P TELHA CANAL
A20: 2.7 | B20: =SUM(5.6,0.8) -> 6.4 | C20: =B20*A20 -> 17.28 | D20: WC RECEPÇÃO PRINCIPAL
A21: 2.7 | B21: =7.42+0.8 -> 8.22 | C21: =B21*A21 -> 22.194 | D21: WC PNE | I21: 28.8 | J21: 7 | K21: =J21*I21 -> 201.6 | L21: TELHA RECEPÇÃO NOVO
A22: 2.7 | B22: =8.1+0.8 -> 8.9 | C22: =B22*A22 -> 24.03 | D22: WC FEM
A23: 2.7 | B23: 8.8 | C23: =B23*A23 -> 23.76 | D23: WC MASC | I23: ACM
A24: 2.7 | B24: 6.6 | C24: =B24*A24 -> 17.82 | D24: WC ASSIST. SOCIAL
A25: 2.7 | B25: 5.9 | C25: =B25*A25 -> 15.93 | D25: WC DIRETORIA | J25: 13.63 | K25: 5.5 | L25: =K25*J25 -> 74.965 | M25: ESTRUTURA METALICA
A26: 2.7 | B26: =8.55+0.8 -> 9.35 | C26: =B26*A26 -> 25.245 | D26: WC VEST FEM | I26: 0.3 | J26: 6 | K26: 6 | L26: =K26*J26*I26 -> 10.8 | M26: PILARES
A27: 2.7 | B27: =8.35+0.8 -> 9.15 | C27: =B27*A27 -> 24.705 | D27: WC VEST MASC | L27: =SUM(L25:L26) -> 85.765
A28: 2.7 | B28: 8.92 | C28: =B28*A28 -> 24.084 | D28: WC QUIMIOTERAPIA
A29: 2.7 | B29: 8.8 | C29: =B29*A29 -> 23.76 | D29: WC FISIOTERAPIA | I29: TELHADO ZINCADO
A30: 2.7 | B30: =7.52+0.8 -> 8.32 | C30: =B30*A30 -> 22.464 | D30: WC FEM- UTILIDADES
A31: 2.7 | B31: =7.52+0.8 -> 8.32 | C31: =B31*A31 -> 22.464 | D31: WC MASC- UTILIDADES | I31: 12.63 | J31: 5 | K31: =J31*I31 -> 63.15 | L31: COBERTA ACM
A32: 2.7 | B32: =12.55+0.8 -> 13.35 | C32: =B32*A32 -> 36.045 | D32: WC SALA OBSERVAÇÃO
A33: 2.7 | B33: =12.53+0.8 -> 13.33 | C33: =B33*A33 -> 35.991 | D33: WC SALA OBSERVAÇÃO
A34: 2.7 | B34: =6.25+0.8 -> 7.05 | C34: =B34*A34 -> 19.035 | D34: SALA UTILIDADES | I34: FERRAGEM
A35: 2.7 | B35: =6.04+0.8 -> 6.84 | C35: =B35*A35 -> 18.468 | D35: WC FEM
A36: 2.7 | B36: =5.15+0.8 -> 5.95 | C36: =B36*A36 -> 16.065 | D36: WC MASC | I36: 0.5 | J36: 5 | K36: =J36*I36 -> 2.5 | L36: BORDA LATERAL
C37: =SUM(C20:C36) -> 389.34 | I37: 0.5 | J37: 5 | K37: =J37*I37 -> 2.5 | L37: BORDA LATERAL
I38: 12.63 | J38: 0.5 | K38: =J38*I38 -> 6.315 | L38: BORDA FRONTAL
B39: FORRO | C39: ok | I39: 12.63 | J39: 5 | K39: =J39*I39 -> 63.15 | L39: COBERTA
I40: 1.22 | J40: 6 | K40: =J40*I40 -> 7.32 | L40: PILARES
A41: 4.47 | B41: 4.1 | C41: =B41*A41 -> 18.327 | D41: RECEPÇÃO PRINCIPAL | I41: 1.22 | J41: 6 | K41: =J41*I41 -> 7.32 | L41: PILARES
A42: 2.5 | B42: 2 | C42: =B42*A42 -> 5 | D42: RECEPÇÃO PRINCIPAL | I42: 1.22 | J42: 6 | K42: =J42*I42 -> 7.32 | L42: PILARES
A43: 8.9 | B43: 6.5 | C43: =B43*A43 -> 57.85 | D43: RECEPÇÃO PRINCIPAL | I43: 1.22 | J43: 6 | K43: =J43*I43 -> 7.32 | L43: PILARES
A44: 3.6 | B44: 0.94 | C44: =B44*A44 -> 3.384 | D44: RECEPÇÃO PRINCIPAL | I44: 1.22 | J44: 6 | K44: =J44*I44 -> 7.32 | L44: PILARES
A45: 3.6 | B45: 1.5 | C45: =B45*A45 -> 5.4 | D45: RECEPÇÃO PRINCIPAL | I45: 1.22 | J45: 6 | K45: =J45*I45 -> 7.32 | L45: PILARES
A46: 5.8 | B46: 4.2 | C46: =B46*A46 -> 24.36 | D46: RECEPÇÃO PRINCIPAL | K46: =SUM(K36:K45) -> 118.385
A47: 1.4 | B47: 1.6 | C47: =B47*A47 -> 2.24 | D47: RECEPÇÃO PRINCIPAL
A48: 3.3 | B48: 3.05 | C48: =B48*A48 -> 10.065 | D48: RECEPÇÃO PRINCIPAL | I48: EMASSAMENTO ACRILICO, SELADOR E PINTURA | N48: ok
A49: 2.1 | B49: 1.1 | C49: =B49*A49 -> 2.31 | D49: WC RECEPÇÃO
A50: 3.9 | B50: 3.1 | C50: =B50*A50 -> 12.09 | D50: CONSULTORIO MEDICO 01 | I50: 10.7 | J50: 8 | K50: =J50*I50 -> 85.6 | L50: FACHADA FRENTÃO
A51: 1.4 | B51: 3.8 | C51: =B51*A51 -> 5.32 | D51: WC CONSULTORIO MEDICO 01 | I51: 30.7 | J51: 2.2 | K51: =J51*I51 -> 67.54 | L51: FACHADA FRENTÃO
A52: 2.57 | B52: 1.6 | C52: =B52*A52 -> 4.112 | D52: WC PNE | K52: =SUM(K50:K51) -> 153.14
A53: 2.58 | B53: 1.91 | C53: =B53*A53 -> 4.9278 | D53: WC FEM
A54: 2.6 | B54: 1.9 | C54: =B54*A54 -> 4.94 | D54: WC MASC
A55: 3.22 | B55: 3.03 | C55: =B55*A55 -> 9.7566 | D55: ASSISTENTE SOCIAL
A56: 2.13 | B56: 1.06 | C56: =B56*A56 -> 2.2578 | D56: WC ASSISTENTE SOCIAL
A57: 6.1 | B57: 3.9 | C57: =B57*A57 -> 23.79 | D57: CONSULTORIO MEDICO 02
A58: 4.5 | B58: 5.2 | C58: =B58*A58 -> 23.4 | D58: SALA DE RADIOLOGIA
C59: =SUM(C41:C58) -> 219.5302

Sheet PLANILHA PÓS ADITIVO
A1: ESTADO DA PARAÍBA
A2: PREFEITURA MUNICIPAL DE SOUSA
A3: TOMADA DE PREÇO - CONTRATO Nº
A4: OBRA : CENTRO DE ONCOLOGIA DE SOUSA
A6: PLANILHA ORÇAMENTÁRIA
A7: ITEM | B7: REFERÊNCIA | C7: DESCRIÇÃO DOS SERVIÇOS | D7: ORIGEM | E7: UND. | F7: QUANTIDADES | G7: PREÇO UNITÁRIO COM BDI | H7: PREÇO TOTAL R$
I8: %
C9: =[5]ORÇAMENTO!B11 -> SERVIÇOS PRELIMINARES
A10: =[5]ORÇAMENTO!A12 -> 1.1 | B10: =[5]ORÇAMENTO!C12 -> 51 | C10: =[5]ORÇAMENTO!D12 -> Placa de Obra em chapa de aço galvanizado, instalada - Rev 02 01/2022 | D10: =[5]ORÇAMENTO!B12 -> ORSE | E10: =[5]ORÇAMENTO!E12 -> m² | F10: 4.5 | G10: 423.12148 | H10: =F10*G10 -> 1904.0467 | I10: =H10/$H$237 -> 0.0016327936
A11: =[5]ORÇAMENTO!A13 -> 1.2 | B11: =[5]ORÇAMENTO!C13 -> 97622 | C11: =[5]ORÇAMENTO!D13 -> DEMOLIÇÃO DE ALVENARIA DE BLOCOFURADO, DE FORMA MANUAL, SEM REAPROVEITAMENTO | D11: =[5]ORÇAMENTO!B13 -> SINAPI | E11: =[5]ORÇAMENTO!E13 -> m³ | F11: 63.41 | G11: 46.47321 | H11: =F11*G11 -> 2946.8662 | I11: =H11/$H$237 -> 0.0025270517
A12: =[5]ORÇAMENTO!A14 -> 1.3 | B12: =[5]ORÇAMENTO!C14 -> 3240 | C12: =[5]ORÇAMENTO!D14 -> Demolição de piso de alta resistência | D12: =[5]ORÇAMENTO!B14 -> ORSE | E12: =[5]ORÇAMENTO!E14 -> m² | F12: 774.83 | G12: 20.817972 | H12: =F12*G12 -> 16130.389 | I12: =H12/$H$237 -> 0.013832432
A13: =[5]ORÇAMENTO!A15 -> 1.4 | B13: =[5]ORÇAMENTO!C15 -> 97650 | C13: =[5]ORÇAMENTO!D15 -> REMOÇÃO DE TRAMA DE MADEIRA PARA COBERTURA, DE FORMA MANUAL, SEM REAPROVEITAMENTO. AF 12/2017 | D13: =[5]ORÇAMENTO!B15 -> SINAPI | E13: =[5]ORÇAMENTO!E15 -> m² | F13: 309.93 | G13: 6.014925 | H13: =F13*G13 -> 1864.2057 | I13: =H13/$H$237 -> 0.0015986284
A14: =[5]ORÇAMENTO!A16 -> 1.5 | B14: =[5]ORÇAMENTO!C16 -> 100981 | C14: =[5]ORÇAMENTO!D16 -> CARGA, MANOBRA E DESCARGA DE ENTULHO EM CAMINHÃO BASCULANTE 6 M³ - CARGA COM ESCAVADEIRA HIDRÁULICA (CAÇAMBA DE 0,80 M³/111 HP) E DESCARGA LIVRE (UNIDADE: M³). AF 07/2020 | D14: =[5]ORÇAMENTO!B16 -> SINAPI | E14: =[5]ORÇAMENTO!E16 -> m³ | F14: 102.15 | G14: 9.11736 | H14: =F14*G14 -> 931.33832 | I14: =H14/$H$237 -> 0.00079865859
A15: 1.6 | B15: 3141 | C15: Remoção de caixão de madeira (aduela) | D15: ORSE | E15: un | F15: 34 | G15: ='[5]ITENS NOVOS'!I9 -> 8.09 | H15: =F15*G15 -> 275.06 | I15: =H15/$H$237 -> 0.00023587458
A16: 1.7 | B16: 97645 | C16: REMOÇÃO DE JANELAS, DE FORMA MANUAL, SEM REAPROVEITAMENTO. AF_12/2017 | D16: SINAPI | E16: M2 | F16: 14 | G16: ='[5]ITENS NOVOS'!I10 -> 29.92 | H16: =F16*G16 -> 418.88 | I16: =H16/$H$237 -> 0.00035920578
A17: 1.8 | B17: 97641 | C17: REMOÇÃO DE FORRO DE GESSO, DE FORMA MANUAL, SEM REAPROVEITAMENTO. AF_12/2017 | D17: SINAPI | E17: M2 | F17: 263.82 | G17: ='[5]ITENS NOVOS'!I11 -> 4.06 | H17: =F17*G17 -> 1071.1092 | I17: =H17/$H$237 -> 0.00091851752
A18: 1.9 | B18: 97628 | C18: DEMOLIÇÃO DE LAJES, DE FORMA MANUAL, SEM REAPROVEITAMENTO. AF_12/2017 | D18: SINAPI | E18: M3 | F18: 35.364 | G18: ='[5]ITENS NOVOS'!I12 -> 229.97 | H18: =F18*G18 -> 8132.6591 | I18: =H18/$H$237 -> 0.0069740694
A19: 1.10 | B19: 97647 | C19: REMOÇÃO DE TELHAS, DE FIBROCIMENTO, METÁLICA E CERÂMICA, DE FORMA MANUAL, SEM REAPROVEITAMENTO. AF_12/2017 | D19: SINAPI | E19: M2 | F19: 636.84 | G19: ='[5]ITENS NOVOS'!I15 -> 2.79 | H19: =F19*G19 -> 1776.7836 | I19: =H19/$H$237 -> 0.0015236606
F20: 0 | H20: =F20*G20 -> 0 | I20: =H20/$H$237 -> 0
A21: =[5]ORÇAMENTO!A18 -> 2 | C21: =[5]ORÇAMENTO!B18 -> INFRA ESTRUTURA E SUPERESTRUTURA | F21: 0 | H21: =F21*G21 -> 0 | I21: =H21/$H$237 -> 0
A22: =[5]ORÇAMENTO!A19 -> 2.1 | B22: =[5]ORÇAMENTO!C19 -> 96523 | C22: =[5]ORÇAMENTO!D19 -> ESCAVAÇÃO MANUAL PARA BLOCO DE COROAMENTO OU SAPATA (INCLUINDO ESCAVAÇÃO PARA COLOCAÇÃO DE FÔRMAS). AF_06/2017 | D22: =[5]ORÇAMENTO!B19 -> SINAPI | E22: =[5]ORÇAMENTO!E19 -> m³ | F22: 28.86 | G22: 80.865918 | H22: =F22*G22 -> 2333.7904 | I22: =H22/$H$237 -> 0.0020013154
A23: =[5]ORÇAMENTO!A20 -> 2.2 | B23: =[5]ORÇAMENTO!C20 -> 101964 | C23: =[5]ORÇAMENTO!D20 -> LAJE PRÉ-MOLDADA UNIDIRECIONAL, BIAPOIADA, PARA FORRO, ENCHIMENTO EM CERÂMICA, VIGOTA CONVENCIONAL, ALTURA TOTAL DA LAJE (ENCHIMENTO+CAPA) = (8+3). AF_11/2020 | D23: =[5]ORÇAMENTO!B20 -> SINAPI | E23: =[5]ORÇAMENTO!E20 -> m² | F23: 57.88 | G23: 179.38406 | H23: =F23*G23 -> 10382.749 | I23: =H23/$H$237 -> 0.0089036086
A24: =[5]ORÇAMENTO!A21 -> 2.3 | B24: =[5]ORÇAMENTO!C21 -> 96619 | C24: =[5]ORÇAMENTO!D21 -> LASTRO DE CONCRETO MAGRO, APLICADO EM BLOCOS DE COROAMENTO OU SAPATAS, ESPESSURA DE 5 CM. AF_08/2017 | D24: =[5]ORÇAMENTO!B21 -> SINAPI | E24: =[5]ORÇAMENTO!E21 -> m² | F24: 19.24 | G24: 28.808325 | H24: =F24*G24 -> 554.27217 | I24: =H24/$H$237 -> 0.0004753098
A25: =[5]ORÇAMENTO!A22 -> 2.4 | B25: =[5]ORÇAMENTO!C22 -> 94971 | C25: =[5]ORÇAMENTO!D22 -> CONCRETO FCK = 25MPA, TRAÇO 1:2,3:2,7 (EM MASSA SECA DE CIMENTO/ AREIA MÉDIA/ BRITA 1) - PREPARO MECÂNICO COM BETONEIRA 600 L. AF_05/2021 | D25: =[5]ORÇAMENTO!B22 -> SINAPI | E25: =[5]ORÇAMENTO!E22 -> m³ | F25: 5.8 | G25: 447.37113 | H25: =F25*G25 -> 2594.7525 | I25: =H25/$H$237 -> 0.0022251005
A26: =[5]ORÇAMENTO!A23 -> 2.5 | B26: =[5]ORÇAMENTO!C23 -> 94972 | C26: =[5]ORÇAMENTO!D23 -> CONCRETO FCK = 30MPA, TRAÇO 1:2,1:2,5 (EM MASSA SECA DE CIMENTO/ AREIA MÉDIA/ BRITA 1) - PREPARO MECÂNICO COM BETONEIRA 600 L. AF_05/2021 | D26: =[5]ORÇAMENTO!B23 -> SINAPI | E26: =[5]ORÇAMENTO!E23 -> m³ | F26: 42.3958 | G26: 461.9589 | H26: =F26*G26 -> 19585.117 | I26: =H26/$H$237 -> 0.016794995
A27: =[5]ORÇAMENTO!A24 -> 2.6 | B27: =[5]ORÇAMENTO!C24 -> 92873 | C27: =[5]ORÇAMENTO!D24 -> LANÇAMENTO COM USO DE BALDES, ADENSAMENTO E ACABAMENTO DE CONCRETO EM ESTRUTURAS. AF_12/2015 | D27: =[5]ORÇAMENTO!B24 -> SINAPI | E27: =[5]ORÇAMENTO!E24 -> m³ | F27: 35.9 | G27: 242.28118 | H27: =F27*G27 -> 8697.8943 | I27: =H27/$H$237 -> 0.0074587804
A28: =[5]ORÇAMENTO!A25 -> 2.7 | B28: =[5]ORÇAMENTO!C25 -> 90 | C28: =[5]ORÇAMENTO!D25 -> Forma plana para fundações, em tábua de pinho, 07 usos. | D28: =[5]ORÇAMENTO!B25 -> ORSE | E28: =[5]ORÇAMENTO!E25 -> m² | F28: 19.3 | G28: 82.765368 | H28: =F28*G28 -> 1597.3716 | I28: =H28/$H$237 -> 0.0013698079
A29: =[5]ORÇAMENTO!A26 -> 2.8 | B29: =[5]ORÇAMENTO!C26 -> 3366 | C29: =[5]ORÇAMENTO!D26 -> Forma plana para estruturas, em compensado plastificado de 12mm, 07 usos. | D29: =[5]ORÇAMENTO!B26 -> ORSE | E29: =[5]ORÇAMENTO!E26 -> m² | F29: 421.3 | G29: 69.874434 | H29: =F29*G29 -> 29438.099 | I29: =H29/$H$237 -> 0.025244307
A30: =[5]ORÇAMENTO!A27 -> 2.9 | B30: =[5]ORÇAMENTO!C27 -> 92763 | C30: =[5]ORÇAMENTO!D27 -> ARMAÇÃO DE PILAR OU VIGA DE UMA ESTRUTURA CONVENCIONAL DE CONCRETO ARMADO EM UM EDIFÍCIO DE MÚLTIPLOS PAVIMENTOS UTILIZANDO AÇO CA-50 DE 12,5 MM - MONTAGEM. AF_12/2015 | D30: =[5]ORÇAMENTO!B27 -> SINAPI | E30: =[5]ORÇAMENTO!E27 -> kg | F30: 579.35 | G30: 13.068216 | H30: =F30*G30 -> 7571.0709 | I30: =H30/$H$237 -> 0.0064924858
A31: =[5]ORÇAMENTO!A28 -> 2.10 | B31: =[5]ORÇAMENTO!C28 -> 92762 | C31: =[5]ORÇAMENTO!D28 -> ARMAÇÃO DE PILAR OU VIGA DE UMA ESTRUTURA CONVENCIONAL DE CONCRETO ARMADO EM UM EDIFÍCIO DE MÚLTIPLOS PAVIMENTOS UTILIZANDO AÇO CA-50 DE 10,0 MM - MONTAGEM. AF_12/2015 | D31: =[5]ORÇAMENTO!B28 -> SINAPI | E31: =[5]ORÇAMENTO!E28 -> kg | F31: 2054.7723 | G31: 15.309567 | H31: =F31*G31 -> 31457.674 | I31: =H31/$H$237 -> 0.02697617
A32: =[5]ORÇAMENTO!A29 -> 2.11 | B32: =[5]ORÇAMENTO!C29 -> 92764 | C32: =[5]ORÇAMENTO!D29 -> ARMAÇÃO DE PILAR OU VIGA DE UMA ESTRUTURA CONVENCIONAL DE CONCRETO ARMADO EM UM EDIFÍCIO DE MÚLTIPLOS PAVIMENTOS UTILIZANDO AÇO CA-50 DE 16,0 MM - MONTAGEM. AF_12/2015 | D32: =[5]ORÇAMENTO!B29 -> SINAPI | E32: =[5]ORÇAMENTO!E29 -> kg | F32: 63.1 | G32: 12.625011 | H32: =F32*G32 -> 796.63819 | I32: =H32/$H$237 -> 0.00068314803
A33: =[5]ORÇAMENTO!A30 -> 2.12 | B33: =[5]ORÇAMENTO!C30 -> 92759 | C33: =[5]ORÇAMENTO!D30 -> ARMAÇÃO DE PILAR OU VIGA DE UMA ESTRUTURA CONVENCIONAL DE CONCRETO ARMADO EM UM EDIFÍCIO DE MÚLTIPLOS PAVIMENTOS UTILIZANDO AÇO CA-60 DE 5,0 MM - MONTAGEM. AF_12/2015 | D33: =[5]ORÇAMENTO!B30 -> SINAPI | E33: =[5]ORÇAMENTO!E30 -> kg | F33: 651.9 | G33: 17.715537 | H33: =F33*G33 -> 11548.759 | I33: =H33/$H$237 -> 0.0099035066
... A37: =[5]ORÇAMENTO!A34 -> 2.16 | B37: =[5]ORÇAMENTO!C34 -> 93194 | C37: =[5]ORÇAMENTO!D34 -> CONTRAVERGA PRÉ-MOLDADA PARA VÃOS DE ATÉ 1,5 M DE COMPRIMENTO. AF_03/2016 | D37: =[5]ORÇAMENTO!B34 -> SINAPI | E37: =[5]ORÇAMENTO!E34 -> m | F37: 16.9 | G37: 50.322762 | H37: =F37*G37 -> 850.45468 | I37: =H37/$H$237 -> 0.00072929774
F38: 0 | H38: =F38*G38 -> 0 | I38: =H38/$H$237 -> 0
A39: =[5]ORÇAMENTO!A36 -> 3 | C39: =[5]ORÇAMENTO!B36 -> ALVENARIA E VEDAÇÕES | F39: 0 | H39: =F39*G39 -> 0 | I39: =H39/$H$237 -> 0
A40: =[5]ORÇAMENTO!A37 -> 3.1 | B40: =[5]ORÇAMENTO!C37 -> 103326 | C40: =[3]ORÇAMENTO!$AD$36 -> ALVENARIA DE VEDAÇÃO DE BLOCOS CERÂMICOS FURADOS NA HORIZONTAL DE 9X19X19 CM (ESPESSURA 9 CM) E ARGAMASSA DE ASSENTAMENTO COM PREPARO EM BETONEIRA. | D40: =[5]ORÇAMENTO!B37 -> SINAPI | E40: =[5]ORÇAMENTO!E37 -> m² | F40: 448.75 | G40: 78.459948 | H40: =F40*G40 -> 35208.902 | I40: =H40/$H$237 -> 0.030192993
A41: =[5]ORÇAMENTO!A38 -> 3.2 | B41: =[5]ORÇAMENTO!C38 -> 191 | C41: =[5]ORÇAMENTO!D38 -> Divisória em granito cinza andorinha polido, e=2cm, inclusive com montagem em ferragem - Rev 02. | D41: =[5]ORÇAMENTO!B38 -> ORSE | E41: =[5]ORÇAMENTO!E38 -> m² | F41: 6.66 | G41: 712.59766 | H41: =F41*G41 -> 4745.9004 | I41: =H41/$H$237 -> 0.004069793
A42: 3.3 | B42: C0074 | C42: ALVENARIA DE TIJOLO CERÂMICO FURADO (9x19x19)cm C/ARGAMASSA MISTA DE CAL HIDRATADA ESP=20 cm | D42: SEINFRA | E42: M2 | F42: 81.843 | G42: ='[5]ITENS NOVOS'!I17 -> 128.24 | H42: =F42*G42 -> 10495.546 | I42: =H42/$H$237 -> 0.0090003365
F43: 0 | H43: =F43*G43 -> 0 | I43: =H43/$H$237 -> 0
A44: =[5]ORÇAMENTO!A40 -> 4 | C44: =[5]ORÇAMENTO!B40 -> IMPERMEABILIZAÇÕES | F44: 0 | H44: =F44*G44 -> 0 | I44: =H44/$H$237 -> 0
A45: =[5]ORÇAMENTO!A41 -> 4.1 | B45: =[5]ORÇAMENTO!C41 -> 98557 | C45: =[5]ORÇAMENTO!D41 -> IMPERMEABILIZAÇÃO DE SUPERFÍCIE COM EMULSÃO ASFÁLTICA, 2 DEMÃOS AF_06/2018 | D45: =[5]ORÇAMENTO!B41 -> SINAPI | E45: =[5]ORÇAMENTO!E41 -> m² | F45: 25.12 | G45: 48.777876 | H45: =F45*G45 -> 1225.3002 | I45: =H45/$H$237 -> 0.0010507423
A46: =[5]ORÇAMENTO!A42 -> 4.2 | B46: =[5]ORÇAMENTO!C42 -> 98546 | C46: =[5]ORÇAMENTO!D42 -> IMPERMEABILIZAÇÃO DE SUPERFÍCIE COM MANTA ASFÁLTICA, UMA CAMADA, INCLUSIVE APLICAÇÃO DE PRIMER ASFÁLTICO, E=3MM. AF_06/2018 | D46: =[5]ORÇAMENTO!B42 -> SINAPI | E46: =[5]ORÇAMENTO!E42 -> m² | F46: 57.88 | G46: 121.10893 | H46: =F46*G46 -> 7009.785 | I46: =H46/$H$237 -> 0.0060111614
F47: 0 | H47: =F47*G47 -> 0 | I47: =H47/$H$237 -> 0
A48: =[5]ORÇAMENTO!A44 -> 5 | C48: =[5]ORÇAMENTO!B44 -> COBERTURAS E PROTEÇÕES | F48: 0 | H48: =F48*G48 -> 0 | I48: =H48/$H$237 -> 0
A49: =[5]ORÇAMENTO!A45 -> 5.1 | B49: =[5]ORÇAMENTO!C45 -> 92539 | C49: =[5]ORÇAMENTO!D45 -> TRAMA DE MADEIRA COMPOSTA POR RIPAS, CAIBROS E TERÇAS PARA TELHADOS DE ATÉ 2 ÁGUAS PARA TELHA DE ENCAIXE DE CERÂMICA OU DE CONCRETO, INCLUSO TRANSPORTE VERTICAL. AF_07/2019 | D49: =[5]ORÇAMENTO!B45 -> SINAPI | E49: =[5]ORÇAMENTO!E45 -> m² | F49: 415.93 | G49: 76.573161 | H49: =F49*G49 -> 31849.075 | I49: =H49/$H$237 -> 0.027311812
A50: =[5]ORÇAMENTO!A46 -> 5.2 | B50: =[5]ORÇAMENTO!C46 -> 94201 | C50: =[5]ORÇAMENTO!D46 -> TELHAMENTO COM TELHA CERÂMICA CAPA-CANAL, TIPO COLONIAL, COM ATÉ 2 ÁGUAS, INCLUSO TRANSPORTE VERTICAL. AF_07/2019 | D50: =[5]ORÇAMENTO!B46 -> SINAPI | E50: =[5]ORÇAMENTO!E46 -> m² | F50: 309.93 | G50: 37.495143 | H50: =F50*G50 -> 11620.87 | I50: =H50/$H$237 -> 0.0099653447
A51: =[5]ORÇAMENTO!A47 -> 5.3 | B51: =[5]ORÇAMENTO!C47 -> 96113 | C51: =[5]ORÇAMENTO!D47 -> FORRO EM PLACAS DE GESSO, PARA AMBIENTES COMERCIAIS. AF_05/2017_P | D51: =[5]ORÇAMENTO!B47 -> SINAPI | E51: =[5]ORÇAMENTO!E47 -> m² | F51: 774.83 | G51: 38.153619 | H51: =F51*G51 -> 29562.569 | I51: =H51/$H$237 -> 0.025351045
A52: 5.4 | B52: 12625 | C52: Retelhamento em cobertura com telha ceramica tipo canal comum, Itabaiana ou similar. | D52: ORSE | E52: m² | F52: 250 | G52: ='[5]ITENS NOVOS'!I16 -> 11.57 | H52: =F52*G52 -> 2892.5 | I52: =H52/$H$237 -> 0.0024804305
A53: 5.5 | B53: 92543 | C53: TRAMA DE MADEIRA COMPOSTA POR TERÇAS PARA TELHADOS DE ATÉ 2 ÁGUAS PARA TELHA ONDULADA DE FIBROCIMENTO, METÁLICA, PLÁSTICA OU TERMOACÚSTICA, INCLUSO TRANSPORTE VERTICAL. AF_07/2019 | D53: SINAPI | E53: M2 | F53: 211.57 | G53: ='[5]ITENS NOVOS'!I31 -> 23.29 | H53: =F53*G53 -> 4927.4653 | I53: =H53/$H$237 -> 0.0042254919
A54: 5.6 | B54: 94207 | C54: TELHAMENTO COM TELHA ONDULADA DE FIBROCIMENTO E = 6 MM, COM RECOBRIMENTO LATERAL DE 1/4 DE ONDA PARA TELHADO COM INCLINAÇÃO MAIOR QUE 10°, COM ATÉ 2 ÁGUAS, INCLUSO IÇAMENTO. AF_07/2019 | D54: SINAPI | E54: M2 | F54: 211.57 | G54: ='[5]ITENS NOVOS'!I32 -> 72.74 | H54: =F54*G54 -> 15389.602 | I54: =H54/$H$237 -> 0.013197178
A55: 5.7 | B55: 94228 | C55: Calha em chapa de aço galvanizado nº 26, desenvolvimento 86 cm (fundo=32 cm, laterais=15 cm, bordas=12cm) | D55: SINAPI | E55: m | F55: 118.97 | G55: =82.9*1.2663*0.965 -> 101.3021 | H55: =F55*G55 -> 12051.911 | I55: =H55/$H$237 -> 0.010334979
A56: 5.8 | B56: 94219 | C56: CUMEEIRA E ESPIGÃO PARA TELHA CERÂMICA EMBOÇADA COM ARGAMASSA TRAÇO 1:2:9 (CIMENTO, CAL E AREIA), PARA TELHADOS COM MAIS DE 2 ÁGUAS, INCLUSO TRANSPORTE VERTICAL. AF_07/2019 | D56: SINAPI | E56: M | F56: 25.08 | G56: ='[5]ITENS NOVOS'!I34 -> 25.88 | H56: =F56*G56 -> 649.0704 | I56: =H56/$H$237 -> 0.00055660294
F57: 0 | H57: =F57*G57 -> 0 | I57: =H57/$H$237 -> 0
A58: =[5]ORÇAMENTO!A49 -> 6 | C58: =[5]ORÇAMENTO!B49 -> ESQUADRIAS | F58: 0 | H58: =F58*G58 -> 0 | I58: =H58/$H$237 -> 0
A59: =[5]ORÇAMENTO!A50 -> 6.1 | C59: =[5]ORÇAMENTO!B50 -> METÁLICA, ALUMÍNIO C/ VIDRO E MADEIRA | F59: 0 | H59: =F59*G59 -> 0 | I59: =H59/$H$237 -> 0
A60: =[5]ORÇAMENTO!A51 -> 6.1.1 | B60: =[5]ORÇAMENTO!C51 -> 94570 | C60: =[5]ORÇAMENTO!D51 -> JANELA DE ALUMÍNIO DE CORRER COM 2 FOLHAS PARA VIDROS, COM VIDROS, BATENTE, ACABAMENTO COM ACETATO OU BRILHANTE E FERRAGENS. EXCLUSIVE ALIZAR E CONTRAMARCO. FORNECIMENTO E INSTALAÇÃO. AF_12/2019 | D60: =[5]ORÇAMENTO!B51 -> SINAPI | E60: =[5]ORÇAMENTO!E51 -> m² | F60: 22.56 | G60: 771.53126 | H60: =F60*G60 -> 17405.745 | I60: =H60/$H$237 -> 0.014926099
A61: =[5]ORÇAMENTO!A52 -> 6.1.2 | B61: =[5]ORÇAMENTO!C52 -> 94569 | C61: =[5]ORÇAMENTO!D52 -> JANELA DE ALUMÍNIO TIPO MAXIM-AR, COM VIDROS, BATENTE E FERRAGENS. EXCLUSIVE ALIZAR, ACABAMENTO E CONTRAMARCO. FORNECIMENTO E INSTALAÇÃO. AF_12/2019 | D61: =[5]ORÇAMENTO!B52 -> SINAPI | E61: =[5]ORÇAMENTO!E52 -> m² | F61: 10.5 | G61: 1448.9384 | H61: =F61*G61 -> 15213.854 | I61: =H61/$H$237 -> 0.013046467
A62: =[5]ORÇAMENTO!A53 -> 6.1.3 | B62: =[5]ORÇAMENTO!C53 -> 91341 | C62: =[5]ORÇAMENTO!D53 -> PORTA EM ALUMÍNIO DE ABRIR TIPO VENEZIANA COM GUARNIÇÃO, FIXAÇÃO COM PARAFUSOS - FORNECIMENTO E INSTALAÇÃO. AF_12/2019 | D62: =[5]ORÇAMENTO!B53 -> SINAPI | E62: =[5]ORÇAMENTO!E53 -> m² | F62: 7.92 | G62: 969.51727 | H62: =F62*G62 -> 7678.5768 | I62: =H62/$H$237 -> 0.0065846762
A63: =[5]ORÇAMENTO!A54 -> 6.1.4 | B63: =[5]ORÇAMENTO!C54 -> 100701 | C63: =[5]ORÇAMENTO!D54 -> PORTA DE FERRO, DE ABRIR, TIPO GRADE COM CHAPA, COM GUARNIÇÕES. AF_12/2019 | D63: =[5]ORÇAMENTO!B54 -> SINAPI | E63: =[5]ORÇAMENTO!E54 -> m² | F63: 5.31 | G63: 724.12099 | H63: =F63*G63 -> 3845.0825 | I63: =H63/$H$237 -> 0.0032973068
A64: =[5]ORÇAMENTO!A55 -> 6.1.5 | B64: =[5]ORÇAMENTO!C55 -> 12036 | C64: =[5]ORÇAMENTO!D55 -> Portão em ferro, em tubo de aço galvanizado 2" e tela ondulada, malha 3/8". | D64: =[5]ORÇAMENTO!B55 -> ORSE | E64: =[5]ORÇAMENTO!E55 -> m² | F64: 6.62 | G64: 940.87356 | H64: =F64*G64 -> 6228.583 | I64: =H64/$H$237 -> 0.0053412505
A65: =[5]ORÇAMENTO!A56 -> 6.1.6 | B65: =[5]ORÇAMENTO!C56 -> 90841 | C65: =[5]ORÇAMENTO!D56 -> KIT DE PORTA DE MADEIRA PARA PINTURA, SEMI-OCA (LEVE OU MÉDIA), PADRÃO MÉDIO, 60X210CM, ESPESSURA DE 3,5CM, ITENS INCLUSOS: DOBRADIÇAS, MONTAGEM E INSTALAÇÃO DO BATENTE, FECHADURA COM EXECUÇÃO DO FURO - FORNECIMENTO E INSTALAÇÃO. AF_12/2019 | D65: =[5]ORÇAMENTO!B56 -> SINAPI | E65: =[5]ORÇAMENTO!E56 -> unid | F65: 0 | G65: 1013.9517 | H65: =F65*G65 -> 0 | I65: =H65/$H$237 -> 0
A66: =[5]ORÇAMENTO!A57 -> 6.1.7 | B66: =[5]ORÇAMENTO!C57 -> 90842 | C66: =[5]ORÇAMENTO!D57 -> KIT DE PORTA DE MADEIRA PARA PINTURA, SEMI-OCA (LEVE OU MÉDIA), PADRÃO MÉDIO, 70X210CM, ESPESSURA DE 3,5CM, ITENS INCLUSOS: DOBRADIÇAS, MONTAGEM E INSTALAÇÃO DO BATENTE, FECHADURA COM EXECUÇÃO DO FURO - FORNECIMENTO E INSTALAÇÃO. AF_12/2019 | D66: =[5]ORÇAMENTO!B57 -> SINAPI | E66: =[5]ORÇAMENTO!E57 -> unid | F66: 0 | G66: 1022.17 | H66: =F66*G66 -> 0 | I66: =H66/$H$237 -> 0
A67: =[5]ORÇAMENTO!A58 -> 6.1.8 | B67: =[5]ORÇAMENTO!C58 -> 90843 | C67: =[5]ORÇAMENTO!D58 -> KIT DE PORTA DE MADEIRA PARA PINTURA, SEMI-OCA (LEVE OU MÉDIA), PADRÃO MÉDIO, 80X210CM, ESPESSURA DE 3,5CM, ITENS INCLUSOS: DOBRADIÇAS, MONTAGEM E INSTALAÇÃO DO BATENTE, FECHADURA COM EXECUÇÃO DO FURO - FORNECIMENTO E INSTALAÇÃO. AF_12/2019 | D67: =[5]ORÇAMENTO!B58 -> SINAPI | E67: =[5]ORÇAMENTO!E58 -> unid | F67: 8 | G67: 1068.0734 | H67: =F67*G67 -> 8544.5872 | I67: =H67/$H$237 -> 0.0073273136
A68: =[5]ORÇAMENTO!A59 -> 6.1.9 | B68: =[5]ORÇAMENTO!C59 -> 90844 | C68: =[5]ORÇAMENTO!D59 -> KIT DE PORTA DE MADEIRA PARA PINTURA, SEMI-OCA (LEVE OU MÉDIA), PADRÃO MÉDIO, 90X210CM, ESPESSURA DE 3,5CM, ITENS INCLUSOS: DOBRADIÇAS, MONTAGEM E INSTALAÇÃO DO BATENTE, FECHADURA COM EXECUÇÃO DO FURO - FORNECIMENTO E INSTALAÇÃO. AF_12/2019 | D68: =[5]ORÇAMENTO!B59 -> SINAPI | E68: =[5]ORÇAMENTO!E59 -> unid | F68: 34 | G68: 1149.2686 | H68: =F68*G68 -> 39075.131 | I68: =H68/$H$237 -> 0.033508434
A69: =[5]ORÇAMENTO!A60 -> 6.1.10 | B69: =[5]ORÇAMENTO!C60 -> 3629 | C69: =[5]ORÇAMENTO!D60 -> Porta em madeira compensada (canela), lisa e semi-oca, 1,00 x 2,10 m, inclusive batentes e ferragens. | D69: =[5]ORÇAMENTO!B60 -> ORSE | E69: =[5]ORÇAMENTO!E60 -> unid | F69: 0 | G69: 1016.1044 | H69: =F69*G69 -> 0 | I69: =H69/$H$237 -> 0
A70: 6.1.11 | B70: 100674 | C70: JANELA FIXA DE ALUMÍNIO PARA VIDRO, COM VIDRO, BATENTE E FERRAGENS. EXCLUSIVE ACABAMENTO, ALIZAR E CONTRAMARCO. FORNECIMENTO E INSTALAÇÃO. AF_12/2019 | D70: SINAPI | E70: M2 | F70: 17.49 | G70: 1647.35 | H70: =F70*G70 -> 28812.152 | I70: =H70/$H$237 -> 0.024707533
A71: 6.1.12 | B71: 12093 | C71: Gradil em alumínio anodizado branco, com barras de apoio em alumínio anodizado branco de 1"x2" horizontais a cada 5cm com 1,85m e barras externas verticais em alumínio anodizado branco de 1.1/2" x 1.1/2" com 3,05m - Fixado com rebite | D71: ORSE | E71: m2 | F71: 5.5 | G71: 592.45 | H71: =F71*G71 -> 3258.475 | I71: =H71/$H$237 -> 0.0027942682
A72: 6.1.13 | B72: 11955 | C72: Portão em alumínio, cor N/B/P, em perfís búzio quadrado ou lambril, completo inclusive rodízios, perfís e fechadura | D72: ORSE | E72: m2 | F72: 14.775 | G72: 401.54 | H72: =F72*G72 -> 5932.7535 | I72: =H72/$H$237 -> 0.0050875653
A73: 6.1.14 | B73: 1924 | C73: Revestimento com chapa em fórmica brilhante, esp. = 1,3 mm, colada c/ formicola ou similar | D73: ORSE | E73: m2 | F73: 110.85 | G73: 105.72 | H73: =F73*G73 -> 11719.062 | I73: =H73/$H$237 -> 0.010049548
A74: 6.1.15 | B74: 1770 | C74: Batente em madeira de lei l = 0,14 m (caixão), incluindo 02 jogos de alizar | D74: ORSE | E74: m | F74: 20.2 | G74: 80.11 | H74: =F74*G74 -> 1618.222 | I74: =H74/$H$237 -> 0.0013876879
A75: 6.1.16 | B75: 102152 | C75: INSTALAÇÃO DE VIDRO LISO, E = 4 MM, EM ESQUADRIA DE MADEIRA, FIXADO COM BAGUETE. AF_01/2021 | D75: SINAPI | E75: M2 | F75: 4.98 | G75: 270.79 | H75: =F75*G75 -> 1348.5342 | I75: =H75/$H$237 -> 0.0011564202
A76: 6.1.17 | B76: 4723 | C76: Porta em madeira compensada (canela), lisa, semi-ôca, 1.20 x 2.10 m, revestida c/fórmica, inclusive batentes e ferragens | D76: ORSE | E76: un | F76: 3 | G76: 1767.96 | H76: =F76*G76 -> 5303.88 | I76: =H76/$H$237 -> 0.004548282
A77: 6.1.18 | B77: 7149 | C77: Porta em madeira compensada (canela), lisa, semi-ôca, 1.40 x 2.10 m, com duas folhas, inclusive batentes e ferragens | D77: ORSE | E77: un | F77: 4 | G77: 1561.31 | H77: =F77*G77 -> 6245.24 | I77: =H77/$H$237 -> 0.0053555346
A78: 6.1.19 | B78: 7148 | C78: Porta em madeira compensada (canela), lisa, semi-ôca, 2.00 x 2.10 m, com duas folhas, inclusive batentes e ferragens | D78: ORSE | E78: un | F78: 3 | G78: 1445.62 | H78: =F78*G78 -> 4336.86 | I78: =H78/$H$237 -> 0.003719025
F79: 0 | H79: =F79*G79 -> 0 | I79: =H79/$H$237 -> 0
A80: =[5]ORÇAMENTO!A62 -> 6.2 | C80: =[5]ORÇAMENTO!B62 -> VIDRO | F80: 0 | H80: =F80*G80 -> 0 | I80: =H80/$H$237 -> 0
A81: =[5]ORÇAMENTO!A63 -> 6.2.1 | B81: =[5]ORÇAMENTO!C63 -> 13096 | C81: =[5]ORÇAMENTO!D63 -> Porta em vidro temperado 10mm, incolor,inclusive ferragens de fixação e instalação, exclusive puxador. | D81: =[5]ORÇAMENTO!B63 -> ORSE | E81: =[5]ORÇAMENTO!E63 -> m² | F81: 23.1 | G81: 668.37847 | H81: =F81*G81 -> 15439.543 | I81: =H81/$H$237 -> 0.013240004
A82: =[5]ORÇAMENTO!A64 -> 6.2.2 | B82: =[5]ORÇAMENTO!C64 -> 100702 | C82: =[5]ORÇAMENTO!D64 -> PORTA DE CORRER DE ALUMÍNIO, COM DUAS FOLHAS PARA VIDRO, INCLUSO VIDRO LISO INCOLOR, FECHADURA E PUXADOR, SEM ALIZAR. AF_12/2019 | D82: =[5]ORÇAMENTO!B64 -> SINAPI | E82: =[5]ORÇAMENTO!E64 -> m² | F82: 25.08 | G82: 591.96992 | H82: =F82*G82 -> 14846.606 | I82: =H82/$H$237 -> 0.012731538
A83: 6.2.3 | B83: 11347 | C83: Fornecimento e instalação de fachada em pele de vidro, em vidro laminado 3+3 refletivo | D83: ORSE | E83: m² | F83: 16.15 | G83: ='[5]ITENS NOVOS'!I18 -> 1850.25 | H83: =F83*G83 -> 29881.537 | I83: =H83/$H$237 -> 0.025624573
F84: 0 | H84: =F84*G84 -> 0 | I84: =H84/$H$237 -> 0
A85: =[5]ORÇAMENTO!A66 -> 6.3 | C85: =[5]ORÇAMENTO!B66 -> FERRAGENS | F85: 0 | H85: =F85*G85 -> 0 | I85: =H85/$H$237 -> 0
A86: =[5]ORÇAMENTO!A67 -> 6.3.1 | B86: =[5]ORÇAMENTO!C67 -> 9733 | C86: =[5]ORÇAMENTO!D67 -> Puxador duplo para porta, em alumínio polido, d = 1", I = 40mm, ref. 3008, Vesfer | D86: =[5]ORÇAMENTO!B67 -> ORSE | E86: =[5]ORÇAMENTO!E67 -> unid | F86: 2 | G86: 254.33635 | H86: =F86*G86 -> 508.67271 | I86: =H86/$H$237 -> 0.0004362065
A87: =[5]ORÇAMENTO!A68 -> 6.3.2 | B87: =[5]ORÇAMENTO!C68 -> 100705 | C87: =[5]ORÇAMENTO!D68 -> TARJETA TIPO LIVRE/OCUPADO PARA PORTA DE BANHEIRO. AF_12/2019 | D87: =[5]ORÇAMENTO!B68 -> SINAPI | E87: =[5]ORÇAMENTO!E68 -> unid | F87: 6 | G87: 83.44917 | H87: =F87*G87 -> 500.69502 | I87: =H87/$H$237 -> 0.00042936532
F88: 0 | H88: =F88*G88 -> 0 | I88: =H88/$H$237 -> 0
A89: =[5]ORÇAMENTO!A70 -> 7 | C89: =[5]ORÇAMENTO!B70 -> REVESTIMENTO | F89: 0 | H89: =F89*G89 -> 0 | I89: =H89/$H$237 -> 0
A90: =[5]ORÇAMENTO!A71 -> 7.1 | B90: =[5]ORÇAMENTO!C71 -> 87529 | C90: =[5]ORÇAMENTO!D71 -> MASSA ÚNICA, PARA RECEBIMENTO DE PINTURA, EM ARGAMASSA TRAÇO 1:2:8, PREPARO MECÂNICO COM BETONEIRA 400L, APLICADA MANUALMENTE EM FACES INTERNAS DE PAREDES, ESPESSURA DE 20MM, COM EXECUÇÃO DE TALISCAS. AF_06/2014 | D90: =[5]ORÇAMENTO!B71 -> SINAPI | E90: =[5]ORÇAMENTO!E71 -> m² | F90: 1029.49 | G90: 31.619511 | H90: =F90*G90 -> 32551.97 | I90: =H90/$H$237 -> 0.027914572
A91: =[5]ORÇAMENTO!A72 -> 7.2 | B91: =[5]ORÇAMENTO!C72 -> 87879 | C91: =[5]ORÇAMENTO!D72 -> CHAPISCO APLICADO EM ALVENARIAS E ESTRUTURAS DE CONCRETO INTERNAS, COM COLHER DE PEDREIRO. ARGAMASSA TRAÇO 1:3 COM PREPARO EM BETONEIRA 400L. AF_06/2014 | D91: =[5]ORÇAMENTO!B72 -> SINAPI | E91: =[5]ORÇAMENTO!E72 -> m² | F91: 1029.49 | G91: 3.786237 | H91: =F91*G91 -> 3897.8931 | I91: =H91/$H$237 -> 0.0033425939
A92: =[5]ORÇAMENTO!A73 -> 7.3 | B92: =[5]ORÇAMENTO!C73 -> 87273 | C92: =[5]ORÇAMENTO!D73 -> REVESTIMENTO CERÂMICO PARA PAREDES INTERNAS COM PLACAS TIPO ESMALTADA EXTRA DE DIMENSÕES 33X45 CM APLICADAS EM AMBIENTES DE ÁREA MAIOR QUE 5 M² NA ALTURA INTEIRA DAS PAREDES. AF_06/2014 | D92: =[5]ORÇAMENTO!B73 -> SINAPI | E92: =[5]ORÇAMENTO!E73 -> m² | F92: 423.52 | G92: 77.712831 | H92: =F92*G92 -> 32912.938 | I92: =H92/$H$237 -> 0.028224116
A93: =[5]ORÇAMENTO!A74 -> 7.4 | B93: =[5]ORÇAMENTO!C74 -> 12420 | C93: Revestrimento ceramico( porcelanato) 90x90 | D93: =[5]ORÇAMENTO!B74 -> ORSE | E93: =[5]ORÇAMENTO!E74 -> m² | F93: 0 | G93: 507.91293 | H93: =F93*G93 -> 0 | I93: =H93/$H$237 -> 0
A94: 7.5 | B94: 11099 | C94: Revestimento metálico em alumínio composto (Alucobond ou similar) dobrado, e=0,3mm, na cor cobre, 1,00 nx 1,00m, exclusive estrutura metálica - fornecimento e montagem - Obra do Centro de Convenções de Sergipe | D94: ORSE | E94: m² | F94: 116.74 | G94: =260.11*1.2663*0.965 -> 317.84909 | H94: =F94*G94 -> 37105.703 | I94: =H94/$H$237 -> 0.031819573
A95: 7.6 | B95: 9776 | C95: Revestimento cerâmico para piso ou parede, 45 x 45 cm, c/ piso porcelanato marmore bianco, PORTOBELLO ou similar, PEI 5, aplicado com argamassa industrializada ac-iii, rejuntado, exclusive regularização de base ou emboço | D95: ORSE | E95: m² | F95: 99.65 | G95: =68.96*1.2663*0.965 -> 84.267706 | H95: =F95*G95 -> 8397.2769 | I95: =H95/$H$237 -> 0.0072009894
F96: 0 | H96: =F96*G96 -> 0 | I96: =H96/$H$237 -> 0
A97: =[5]ORÇAMENTO!A76 -> 8 | C97: =[5]ORÇAMENTO!B76 -> PAVIMENTAÇÃO | F97: 0 | H97: =F97*G97 -> 0 | I97: =H97/$H$237 -> 0
A98: =[5]ORÇAMENTO!A77 -> 8.1 | B98: =[5]ORÇAMENTO!C77 -> 87620 | C98: =[5]ORÇAMENTO!D77 -> CONTRAPISO EM ARGAMASSA TRAÇO 1:4 (CIMENTO E AREIA), PREPARO MECÂNICO COM BETONEIRA 400 L, APLICADO EM ÁREAS SECAS SOBRE LAJE, ADERIDO, ACABAMENTO NÃO REFORÇADO, ESPESSURA 2CM. AF_07/2021 | D98: =[5]ORÇAMENTO!B77 -> SINAPI | E98: =[5]ORÇAMENTO!E77 -> m² | F98: 774.83 | G98: =[5]ORÇAMENTO!G77*26.63%+[5]ORÇAMENTO!G77 -> 28.23849 | H98: =F98*G98 -> 21880.029 | I98: =H98/$H$237 -> 0.01876297
A99: =[5]ORÇAMENTO!A78 -> 8.2 | B99: =[5]ORÇAMENTO!C78 -> 87263 | C99: =[5]ORÇAMENTO!D78 -> REVESTIMENTO CERÂMICO PARA PISO COM PLACAS TIPO PORCELANATO DE DIMENSÕES 60X60 CM APLICADA EM AMBIENTES DE ÁREA MAIOR QUE 10 M². AF_06/2014 | D99: =[5]ORÇAMENTO!B78 -> SINAPI | E99: =[5]ORÇAMENTO!E78 -> m² | F99: 0 | G99: =[5]ORÇAMENTO!G78*26.63%+[5]ORÇAMENTO!G78 -> 184.01872 | H99: =F99*G99 -> 0 | I99: =H99/$H$237 -> 0
A100: =[5]ORÇAMENTO!A79 -> 8.3 | B100: =[5]ORÇAMENTO!C79 -> 98504 | C100: =[5]ORÇAMENTO!D79 -> PLANTIO DE GRAMA EM PLACAS. AF_05/2018 | D100: =[5]ORÇAMENTO!B79 -> SINAPI | E100: =[5]ORÇAMENTO!E79 -> m² | F100: 176.89 | G100: =[5]ORÇAMENTO!G79*26.63%+[5]ORÇAMENTO!G79 -> 16.550541 | H100: =F100*G100 -> 2927.6252 | I100: =H100/$H$237 -> 0.0025105517
A101: =[5]ORÇAMENTO!A80 -> 8.4 | B101: =[5]ORÇAMENTO!C80 -> 101819 | C101: =[5]ORÇAMENTO!D80 -> RECOMPOSIÇÃO DE PAVIMENTO EM PARALELEPÍPEDOS, REJUNTAMENTO COM ARGAMASSA, COM REAPROVEITAMENTO DOS PARALELEPÍPEDOS, PARA O FECHAMENTO DE VALAS - INCLUSO RETIRADA E COLOCAÇÃO DO MATERIAL. AF_12/2020 | D101: =[5]ORÇAMENTO!B80 -> SINAPI | E101: =[5]ORÇAMENTO!E80 -> m² | F101: 155.13 | G101: =[5]ORÇAMENTO!G80*26.63%+[5]ORÇAMENTO!G80 -> 57.312738 | H101: =F101*G101 -> 8890.925 | I101: =H101/$H$237 -> 0.0076243117
A102: 8.5 | B102: 95241 | C102: LASTRO DE CONCRETO MAGRO, APLICADO EM PISOS, LAJES SOBRE SOLO OU RADIERS, ESPESSURA DE 5 CM. AF_07/2016 | D102: SINAPI | E102: m² | F102: 736.73 | G102: ='[5]ITENS NOVOS'!I21 -> 27.81 | H102: =F102*G102 -> 20488.461 | I102: =H102/$H$237 -> 0.017569647
B103: 4786 | C103: PISO EM GRANILITE, MARMORITE OU GRANITINA, AGREGADO COR PRETO, CINZA, PALHA OU M2 88,00 BRANCO, E= *8* MM (INCLUSO EXECUCAO) | D103: SINAPI | E103: m² | F103: 774.83 | G103: =88*1.2663*0.965 -> 107.5342 | H103: =F103*G103 -> 83320.721 | I103: =H103/$H$237 -> 0.071450737
A104: =[5]ORÇAMENTO!A82 -> 9 | C104: =[5]ORÇAMENTO!B82 -> INSTALAÇÕES HIDRO-SANITÁRIAS-PLUVIAL-INCÊNDIO | F104: 0 | H104: =F104*G104 -> 0 | I104: =H104/$H$237 -> 0
...

Sheet MEM_
C1: MEMÓRIA DE CÁLCULO - QUANTIDADES
C2: Obra: | H2: Proprietário:
C3: CENTRO DE ONCOLOGIA DE SOUSA | H3: Prefeitura Municipal de Sousa
C4: Local: | H4: Responsável Técnico:
C5: RUA LUIZ PEREIRA DA SILVA, S/N, CENTRO, SOUSA-PB
A7: Item | B7: Descrição | D7: Vez | E7: Dados | K7: Resultado | M7: Un.
E8: X1 | F8: X2 | G8: Y1 | H8: Y2 | I8: Z1 | J8: Z2 | K8: Parcial | L8: Total
B10: SERVIÇOS PRELIMINARES
A12: 1.3 | B12: =BM_15!B21 -> Demolição de piso de alta resistência | M12: M2
F13: BANHEIRO | H13: BANHEIRO | K13: TOTAL= | L13: =SUM(L16:L40) -> 736.73
K14: ACUMULADO | L14: 608.61
K15: BM06= | L15: =L13-L14 -> 128.12
B16: PEQUENOS PROCEDIMENTO | D16: 1 | E16: 5.2 | G16: 5.6 | K16: =(E16*G16)+(F16*H16) -> 29.12 | L16: =K16*D16 -> 29.12
B17: SALA DE COLETA | D17: 1 | E17: 5.2 | G17: 5.6 | K17: =(E17*G17)+(F17*H17) -> 29.12 | L17: =K17*D17 -> 29.12
B18: SALA DE OBSERVAÇÃO | D18: 1 | E18: 5.2 | G18: 5.6 | K18: =(E18*G18)+(F18*H18) -> 29.12 | L18: =K18*D18 -> 29.12
B19: SALA DE OBSERVAÇÃO | D19: 1 | E19: 5.2 | G19: 5.6 | K19: =(E19*G19)+(F19*H19) -> 29.12 | L19: =K19*D19 -> 29.12
B20: CIRCULAÇÃO ESQUEDA | D20: 1 | E20: 2 | G20: 20 | K20: =(E20*G20)+(F20*H20) -> 40 | L20: =K20*D20 -> 40
B21: CIRCULAÇÃO ATRAS | D21: 1 | E21: 2 | G21: 34.7 | K21: =(E21*G21)+(F21*H21) -> 69.4 | L21: =K21*D21 -> 69.4
K22: =(E22*G22)+(F22*H22) -> 0 | L22: =K22*D22 -> 0
B23: SALA DE TELEMEDICINA | D23: 1 | E23: 4.3 | G23: 3 | K23: =(E23*G23)+(F23*H23) -> 12.9 | L23: =K23*D23 -> 12.9
B24: SALA DE QUIMIOTERAPIA | D24: 1 | E24: 8.7 | G24: 6 | K24: =(E24*G24)+(F24*H24) -> 52.2 | L24: =K24*D24 -> 52.2
B25: SALA FISIOTERAPIA | D25: 1 | E25: 7.5 | G25: 4 | K25: =(E25*G25)+(F25*H25) -> 30 | L25: =K25*D25 -> 30
B26: CIRCULAÇÃO CENTRAL | D26: 1 | E26: 14.6 | G26: 2.7 | K26: =(E26*G26)+(F26*H26) -> 39.42 | L26: =K26*D26 -> 39.42
B27: CONSULTÓRIO MÉDICO 01 | D27: 1 | E27: 6.3 | F27: 3.9 | G27: 3.9 | H27: 1.4 | K27: =(E27*G27)+(F27*H27) -> 30.03 | L27: =K27*D27 -> 30.03
B28: CONSULTÓRIO MÉDICO 02 | D28: 1 | E28: 6.3 | G28: 3.9 | K28: =(E28*G28)+(F28*H28) -> 24.57 | L28: =K28*D28 -> 24.57
B29: SALA FINANCEIRO | D29: 1 | E29: 3.2 | G29: 3.5 | K29: =(E29*G29)+(F29*H29) -> 11.2 | L29: =K29*D29 -> 11.2
B30: DEPÓSITO | D30: 1 | E30: 5 | G30: 4.2 | K30: =(E30*G30)+(F30*H30) -> 21 | L30: =K30*D30 -> 21
B31: SALA DIRETORIA | D31: 1 | E31: 3.5 | F31: 1.5 | G31: 3 | H31: 1.6 | K31: =(E31*G31)+(F31*H31) -> 12.9 | L31: =K31*D31 -> 12.9
B32: LAVANDERIA | D32: 1 | E32: 4.2 | G32: 3.1 | K32: =(E32*G32)+(F32*H32) -> 13.02 | L32: =K32*D32 -> 13.02
B33: LAVAGEM,ROTULAÇÃO,BARREIRA | D33: 1 | E33: 7 | G33: 4.6 | K33: =(E33*G33)+(F33*H33) -> 32.2 | L33: =K33*D33 -> 32.2
B34: REFEITÓRIO | D34: 1 | E34: 3.7 | G34: 4.2 | K34: =(E34*G34)+(F34*H34) -> 15.54 | L34: =K34*D34 -> 15.54
B35: CIRCULAÇÃO LADO DIREITO | D35: 1 | E35: 34.7 | G35: 1.9 | K35: =(E35*G35)+(F35*H35) -> 65.93 | L35: =K35*D35 -> 65.93
B36: BANHEIRO LADO DIREITO | D36: 1 | E36: 3.5 | G36: 2.7 | K36: =(E36*G36)+(F36*H36) -> 9.45 | L36: =K36*D36 -> 9.45
B37: ASSISTENCIA SOCIAL | D37: 1 | E37: 3.4 | F37: 2.2 | G37: 3.1 | H37: 1 | K37: =(E37*G37)+(F37*H37) -> 12.74 | L37: =K37*D37 -> 12.74
B38: BANHEIRO RECEPÇÃO | D38: 1 | E38: 2.2 | G38: 1 | K38: =(E38*G38)+(F38*H38) -> 2.2 | L38: =K38*D38 -> 2.2
B39: BANHEIRO RECEPÇÃO | D39: 1 | E39: 5.9 | G39: 4.5 | K39: =(E39*G39)+(F39*H39) -> 26.55 | L39: =K39*D39 -> 26.55
B40: RECEPÇÃO | D40: 1 | E40: 15 | G40: 6.6 | K40: =(E40*G40)+(F40*H40) -> 99 | L40: =K40*D40 -> 99
A43: =BM_15!A24 -> 1.6 | B43: =BM_15!B24 -> Remoção de caixão de madeira (aduela) | L43: =SUM(L45:L69) -> 36 | M43: M2
B45: PEQUENOS PROCEDIMENTOS | D45: 1 | E45: 2 | L45: =E45*D45 -> 2
B46: SALA DE COLETA | D46: 1 | E46: 1 | L46: =E46*D46 -> 1
B47: SALA DE OBSERVAÇÃO | D47: 1 | E47: 2 | L47: =E47*D47 -> 2
B48: SALA DE OBSERVAÇÃO | D48: 1 | E48: 2 | L48: =E48*D48 -> 2
B49: GUARDA MATERIAL | D49: 1 | E49: 1 | L49: =E49*D49 -> 1
B50: SALA DE UTILIDADE | D50: 1 | E50: 1 | L50: =E50*D50 -> 1
B51: SALA DE RADIOLOGIA | D51: 1 | E51: 2 | L51: =E51*D51 -> 2
B52: DML | D52: 1 | E52: 1 | L52: =E52*D52 -> 1
B53: SALA DE UTILIDADE | D53: 1 | E53: 1 | L53: =E53*D53 -> 1
B54: SALA DE FISIOTERAPIA | D54: 1 | E54: 2 | L54: =E54*D54 -> 2
B55: CONSULTÓRIO MÉDICO 02 | D55: 1 | E55: 2 | L55: =E55*D55 -> 2
B56: CONSULTÓRIO MÉDICO 01 | D56: 1 | E56: 2 | L56: =E56*D56 -> 2
... B69: ARQUIVO | D69: 1 | E69: 1 | L69: =E69*D69 -> 1
A71: 1.9 | B71: =BM_15!B25 -> REMOÇÃO DE JANELAS, DE FORMA MANUAL, SEM REAPROVEITAMENTO. AF_12/2017 | L71: =SUM(L73:L91) -> 14 | M71: M2
B73: PEQUENOS PROCEDIMENTOS | D73: 1 | E73: 1 | G73: 1 | K73: =E73*G73 -> 1 | L73: =K73*D73 -> 1
B74: WC | D74: 1 | E74: 0.5 | G74: 0.5 | K74: =E74*G74 -> 0.25 | L74: =K74*D74 -> 0.25
B75: SALA DE COLETA | D75: 1 | E75: 1 | G75: 1 | K75: =E75*G75 -> 1 | L75: =K75*D75 -> 1
B76: SALA DE OBSERVAÇÃO | D76: 1 | E76: 1 | G76: 1 | K76: =E76*G76 -> 1 | L76: =K76*D76 -> 1
B77: WC | D77: 1 | E77: 0.5 | G77: 0.5 | K77: =E77*G77 -> 0.25 | L77: =K77*D77 -> 0.25
B78: SALA DE OBSERVAÇÃO | D78: 1 | E78: 1 | G78: 1 | K78: =E78*G78 -> 1 | L78: =K78*D78 -> 1
B79: WC | D79: 1 | E79: 0.5 | G79: 0.5 | K79: =E79*G79 -> 0.25 | L79: =K79*D79 -> 0.25
B80: WC FEM E MASC | D80: 2 | E80: 0.5 | G80: 0.5 | K80: =E80*G80 -> 0.25 | L80: =K80*D80 -> 0.5
B81: CONSULTÓRIO MÉDICO 02 | D81: 1 | E81: 1 | G81: 1 | K81: =E81*G81 -> 1 | L81: =K81*D81 -> 1
B82: CONSULTÓRIO MÉDICO 01 | D82: 1 | E82: 1 | G82: 1 | K82: =E82*G82 -> 1 | L82: =K82*D82 -> 1
B83: SALA DE QUIOTERAPIA | D83: 1 | E83: 1 | G83: 1 | K83: =E83*G83 -> 1 | L83: =K83*D83 -> 1
B84: SALA DE TELEMEDICINA | D84: 1 | E84: 1 | G84: 1 | K84: =E84*G84 -> 1 | L84: =K84*D84 -> 1
... B91: ARQUIVO | D91: 1 | E91: 0.5 | G91: 0.5 | K91: =E91*G91 -> 0.25 | L91: =K91*D91 -> 0.25
A93: 1.10 | B93: =BM_15!B26 -> REMOÇÃO DE FORRO DE GESSO, DE FORMA MANUAL, SEM REAPROVEITAMENTO. AF_12/2017 | L93: =SUM(L95:L103) -> 396.84 | M93: M2
B95: RECEPÇÃO | D95: 1 | E95: 6.7 | G95: 19.2 | K95: =E95*G95 -> 128.64 | L95: =K95*D95 -> 128.64
B96: CIRC. RADIOLOGIA | D96: 1 | E96: 6.2 | G96: 4.1 | K96: =E96*G96 -> 25.42 | L96: =K96*D96 -> 25.42
B97: PEQUENOS PROCEDIMENTO | D97: 1 | E97: 5.2 | G97: 5.6 | K97: =E97*G97 -> 29.12 | L97: =K97*D97 -> 29.12
B98: SALA DE COLETA | D98: 1 | E98: 5.2 | G98: 5.6 | K98: =E98*G98 -> 29.12 | L98: =K98*D98 -> 29.12
B99: SALA DE OBSERVAÇÃO | D99: 1 | E99: 5.2 | G99: 5.6 | K99: =E99*G99 -> 29.12 | L99: =K99*D99 -> 29.12
B100: SALA DE OBSERVAÇÃO | D100: 1 | E100: 5.2 | G100: 5.6 | K100: =E100*G100 -> 29.12 | L100: =K100*D100 -> 29.12
B101: CIRCULAÇÃO | D101: 1 | E101: 2 | G101: 22.9 | K101: =E101*G101 -> 45.8 | L101: =K101*D101 -> 45.8
B102: QUIMIOTERAPIA | D102: 1 | E102: 5.2 | G102: 13 | K102: =E102*G102 -> 67.6 | L102: =K102*D102 -> 67.6
B103: REFEIRORIO | D103: 1 | E103: 3 | G103: 4.3 | K103: =E103*G103 -> 12.9 | L103: =K103*D103 -> 12.9
A105: 1.11 | B105: =BM_15!B27 -> DEMOLIÇÃO DE LAJES, DE FORMA MANUAL, SEM REAPROVEITAMENTO. AF_12/2017 | L105: =SUM(L107:L111) -> 35.364 | M105: M3
B107: RECEPÇÃO | D107: 1 | E107: 6.7 | G107: 19.2 | I107: 0.15 | K107: =E107*G107*I107 -> 19.296 | L107: =K107*D107 -> 19.296
B108: QUIMIOTERAPIA | D108: 1 | E108: 5.2 | G108: 13 | I108: 0.15 | K108: =E108*G108*I108 -> 10.14 | L108: =K108*D108 -> 10.14
B109: CORREDOR CENTRAL | D109: 1 | E109: 4.7 | G109: 4.1 | I109: 0.15 | K109: =E109*G109*I109 -> 2.8905 | L109: =K109*D109 -> 2.8905
B110: BARREIRA LIMPA E SUJA | D110: 1 | E110: 3.9 | G110: 2.3 | I110: 0.15 | K110: =E110*G110*I110 -> 1.3455 | L110: =K110*D110 -> 1.3455
B111: MANIPULAÇÃO | D111: 1 | E111: 4.7 | G111: 2.4 | I111: 0.15 | K111: =E111*G111*I111 -> 1.692 | L111: =K111*D111 -> 1.692
A113: 1.14 | B113: =BM_15!B28 -> REMOÇÃO DE TELHAS, DE FIBROCIMENTO, METÁLICA E CERÂMICA, DE FORMA MANUAL, SEM REAPROVEITAMENTO. AF_12/2017 | L113: =SUM(L115:L119) -> 636.84 | M113: M2
B115: COBERTA A | D115: 1 | E115: 211.67 | K115: =E115 -> 211.67 | L115: =K115*D115 -> 211.67
B116: ENTRADA | D116: 1 | E116: 5 | H116: 11.4 | K116: =E116*H116 -> 57 | L116: =K116*D116 -> 57
B117: COBERTA C | D117: 1 | E117: 159.29 | K117: =E117 -> 159.29 | L117: =K117*D117 -> 159.29
B118: COBERTA C | D118: 1 | E118: 180.53 | K118: =E118 -> 180.53 | L118: =K118*D118 -> 180.53
B119: COBERTA G | D119: 1 | E119: 28.35 | K119: =E119 -> 28.35 | L119: =K119*D119 -> 28.35
A121: 2.0 | B121: =REPROGRAMAÇÃO!C24 -> INFRA ESTRUTURA E SUPERESTRUTURA
A123: =BM_15!A34 -> 2.4 | B123: =BM_15!B34 -> CONCRETO FCK = 25MPA, TRAÇO 1:2,3:2,7 (EM MASSA SECA DE CIMENTO/ AREIA MÉDIA/ BRITA 1) - PREPARO MECÂNICO COM BETONEIRA 600 L. AF_05/2021 | L123: =SUM(L125:L135) -> 12.2958 | M123: M3
B125: V1 | D125: 2 | E125: 6.08 | G125: 0.5 | I125: 0.15 | K125: =E125*G125*I125 -> 0.456 | L125: =K125*D125 -> 0.912
B126: V2 | D126: 2 | E126: 1.28 | G126: 0.3 | I126: 0.15 | K126: =E126*G126*I126 -> 0.0576 | L126: =K126*D126 -> 0.1152
B127: V3 | D127: 2 | E127: 19.23 | G127: 0.5 | I127: 0.15 | K127: =E127*G127*I127 -> 1.44225 | L127: =K127*D127 -> 2.8845
B128: V4 | D128: 2 | E128: 10.9 | G128: 0.5 | I128: 0.15 | K128: =E128*G128*I128 -> 0.8175 | L128: =K128*D128 -> 1.635
B129: V5 | D129: 2 | E129: 39.11 | G129: 0.5 | I129: 0.15 | K129: =E129*G129*I129 -> 2.93325 | L129: =K129*D129 -> 5.8665
B130: V6 | D130: 2 | E130: 1.48 | G130: 0.3 | I130: 0.15 | K130: =E130*G130*I130 -> 0.0666 | L130: =K130*D130 -> 0.1332
B131: V7 | D131: 2 | E131: 1.48 | G131: 0.3 | I131: 0.15 | K131: =E131*G131*I131 -> 0.0666 | L131: =K131*D131 -> 0.1332
B132: V8 | D132: 2 | E132: 1.58 | G132: 0.4 | I132: 0.15 | K132: =E132*G132*I132 -> 0.0948 | L132: =K132*D132 -> 0.1896
B133: V9 | D133: 2 | E133: 1.58 | G133: 0.3 | I133: 0.15 | K133: =E133*G133*I133 -> 0.0711 | L133: =K133*D133 -> 0.1422
B134: V10 | D134: 2 | E134: 1.58 | G134: 0.3 | I134: 0.15 | K134: =E134*G134*I134 -> 0.0711 | L134: =K134*D134 -> 0.1422
B135: V11 | D135: 2 | E135: 1.58 | G135: 0.3 | I135: 0.15 | K135: =E135*G135*I135 -> 0.0711 | L135: =K135*D135 -> 0.1422
...

Sheet MEM_05
C1: MEMÓRIA DE CÁLCULO - QUANTIDADES
C2: Obra: | H2: Proprietário:
C3: CENTRO DE ONCOLOGIA DE SOUSA | H3: Prefeitura Municipal de Sousa
C4: Local: | H4: Responsável Técnico:
C5: RUA LUIZ PEREIRA DA SILVA, S/N, CENTRO, SOUSA-PB
A7: Item | B7: Descrição | D7: Vez | E7: Dados | K7: Resultado | M7: Un.
E8: X1 | F8: X2 | G8: Y1 | H8: Y2 | I8: Z1 | J8: Z2 | K8: Parcial | L8: Total
B10: SERVIÇOS PRELIMINARES
A12: 1.3 | B12: =[6]BM_05!B21 -> Demolição de piso de alta resistência | M12: M2
F13: BANHEIRO | H13: BANHEIRO | K13: TOTAL= | L13: =SUM(L16:L40) -> 736.73
K14: ACUMULADO | L14: 608.61
K15: BM06= | L15: =L13-L14 -> 128.12
B16: PEQUENOS PROCEDIMENTO | D16: 1 | E16: 5.2 | G16: 5.6 | K16: =(E16*G16)+(F16*H16) -> 29.12 | L16: =K16*D16 -> 29.12
B17: SALA DE COLETA | D17: 1 | E17: 5.2 | G17: 5.6 | K17: =(E17*G17)+(F17*H17) -> 29.12 | L17: =K17*D17 -> 29.12
B18: SALA DE OBSERVAÇÃO | D18: 1 | E18: 5.2 | G18: 5.6 | K18: =(E18*G18)+(F18*H18) -> 29.12 | L18: =K18*D18 -> 29.12
B19: SALA DE OBSERVAÇÃO | D19: 1 | E19: 5.2 | G19: 5.6 | K19: =(E19*G19)+(F19*H19) -> 29.12 | L19: =K19*D19 -> 29.12
B20: CIRCULAÇÃO ESQUEDA | D20: 1 | E20: 2 | G20: 20 | K20: =(E20*G20)+(F20*H20) -> 40 | L20: =K20*D20 -> 40
B21: CIRCULAÇÃO ATRAS | D21: 1 | E21: 2 | G21: 34.7 | K21: =(E21*G21)+(F21*H21) -> 69.4 | L21: =K21*D21 -> 69.4
K22: =(E22*G22)+(F22*H22) -> 0 | L22: =K22*D22 -> 0
B23: SALA DE TELEMEDICINA | D23: 1 | E23: 4.3 | G23: 3 | K23: =(E23*G23)+(F23*H23) -> 12.9 | L23: =K23*D23 -> 12.9
B24: SALA DE QUIMIOTERAPIA | D24: 1 | E24: 8.7 | G24: 6 | K24: =(E24*G24)+(F24*H24) -> 52.2 | L24: =K24*D24 -> 52.2
B25: SALA FISIOTERAPIA | D25: 1 | E25: 7.5 | G25: 4 | K25: =(E25*G25)+(F25*H25) -> 30 | L25: =K25*D25 -> 30
B26: CIRCULAÇÃO CENTRAL | D26: 1 | E26: 14.6 | G26: 2.7 | K26: =(E26*G26)+(F26*H26) -> 39.42 | L26: =K26*D26 -> 39.42
B27: CONSULTÓRIO MÉDICO 01 | D27: 1 | E27: 6.3 | F27: 3.9 | G27: 3.9 | H27: 1.4 | K27: =(E27*G27)+(F27*H27) -> 30.03 | L27: =K27*D27 -> 30.03
B28: CONSULTÓRIO MÉDICO 02 | D28: 1 | E28: 6.3 | G28: 3.9 | K28: =(E28*G28)+(F28*H28) -> 24.57 | L28: =K28*D28 -> 24.57
B29: SALA FINANCEIRO | D29: 1 | E29: 3.2 | G29: 3.5 | K29: =(E29*G29)+(F29*H29) -> 11.2 | L29: =K29*D29 -> 11.2
B30: DEPÓSITO | D30: 1 | E30: 5 | G30: 4.2 | K30: =(E30*G30)+(F30*H30) -> 21 | L30: =K30*D30 -> 21
B31: SALA DIRETORIA | D31: 1 | E31: 3.5 | F31: 1.5 | G31: 3 | H31: 1.6 | K31: =(E31*G31)+(F31*H31) -> 12.9 | L31: =K31*D31 -> 12.9
B32: LAVANDERIA | D32: 1 | E32: 4.2 | G32: 3.1 | K32: =(E32*G32)+(F32*H32) -> 13.02 | L32: =K32*D32 -> 13.02
B33: LAVAGEM,ROTULAÇÃO,BARREIRA | D33: 1 | E33: 7 | G33: 4.6 | K33: =(E33*G33)+(F33*H33) -> 32.2 | L33: =K33*D33 -> 32.2
B34: REFEITÓRIO | D34: 1 | E34: 3.7 | G34: 4.2 | K34: =(E34*G34)+(F34*H34) -> 15.54 | L34: =K34*D34 -> 15.54
B35: CIRCULAÇÃO LADO DIREITO | D35: 1 | E35: 34.7 | G35: 1.9 | K35: =(E35*G35)+(F35*H35) -> 65.93 | L35: =K35*D35 -> 65.93
B36: BANHEIRO LADO DIREITO | D36: 1 | E36: 3.5 | G36: 2.7 | K36: =(E36*G36)+(F36*H36) -> 9.45 | L36: =K36*D36 -> 9.45
B37: ASSISTENCIA SOCIAL | D37: 1 | E37: 3.4 | F37: 2.2 | G37: 3.1 | H37: 1 | K37: =(E37*G37)+(F37*H37) -> 12.74 | L37: =K37*D37 -> 12.74
B38: BANHEIRO RECEPÇÃO | D38: 1 | E38: 2.2 | G38: 1 | K38: =(E38*G38)+(F38*H38) -> 2.2 | L38: =K38*D38 -> 2.2
B39: BANHEIRO RECEPÇÃO | D39: 1 | E39: 5.9 | G39: 4.5 | K39: =(E39*G39)+(F39*H39) -> 26.55 | L39: =K39*D39 -> 26.55
B40: RECEPÇÃO | D40: 1 | E40: 15 | G40: 6.6 | K40: =(E40*G40)+(F40*H40) -> 99 | L40: =K40*D40 -> 99
A44: =[6]BM_05!A51 -> 5 | B44: =[6]BM_05!B51 -> COBERTURAS E PROTEÇÕES
A46: =[6]BM_05!A52 -> 5.1 | B46: =[6]BM_05!B52 -> TRAMA DE MADEIRA COMPOSTA POR RIPAS, CAIBROS E TERÇAS PARA TELHADOS DE ATÉ 2 ÁGUAS PARA TELHA DE ENCAIXE DE CERÂMICA OU DE CONCRETO, INCLUSO TRANSPORTE VERTICAL. AF_07/2019
K47: BM06= | L47: =SUM(L48:L51) -> 150.03
B48: SALA DE QUIOTERAPIA | D48: 1 | E48: 8.6 | G48: 13.2 | K48: =E48*G48 -> 113.52 | L48: =K48*D48 -> 113.52
B49: BANHEIRO QUIOTERAPIA | D49: 1 | E49: 1.6 | G49: 2.2 | K49: =E49*G49 -> 3.52 | L49: =K49*D49 -> 3.52
B50: SALA TELEMEDICINA | D50: 1 | E50: 4.4 | G50: 2.8 | K50: =E50*G50 -> 12.32 | L50: =K50*D50 -> 12.32
B51: SALA DIRETORIA E FINANCEIRO | D51: 1 | E51: 5.3 | G51: 3.9 | K51: =E51*G51 -> 20.67 | L51: =K51*D51 -> 20.67
A53: 5.2 | B53: =[6]BM_05!B53 -> TELHAMENTO COM TELHA CERÂMICA CAPA-CANAL, TIPO COLONIAL, COM ATÉ 2 ÁGUAS, INCLUSO TRANSPORTE VERTICAL. AF_07/2019
K54: BM06= | L54: =SUM(L55:L58) -> 150.03
B55: SALA DE QUIOTERAPIA | D55: 1 | E55: 8.6 | G55: 13.2 | K55: =E55*G55 -> 113.52 | L55: =K55*D55 -> 113.52
B56: BANHEIRO QUIOTERAPIA | D56: 1 | E56: 1.6 | G56: 2.2 | K56: =E56*G56 -> 3.52 | L56: =K56*D56 -> 3.52
B57: SALA TELEMEDICINA | D57: 1 | E57: 4.4 | G57: 2.8 | K57: =E57*G57 -> 12.32 | L57: =K57*D57 -> 12.32
B58: SALA DIRETORIA E FINANCEIRO | D58: 1 | E58: 5.3 | G58: 3.9 | K58: =E58*G58 -> 20.67 | L58: =K58*D58 -> 20.67
A61: =[6]BM_05!A83 -> 8 | B61: =[6]BM_05!B83 -> PAVIMENTAÇÃO
A62: =[6]BM_05!A84 -> 8.1 | B62: =[6]BM_05!B84 -> CONTRAPISO EM ARGAMASSA TRAÇO 1:4 (CIMENTO E AREIA), PREPARO MECÂNICO COM BETONEIRA 400 L, APLICADO EM ÁREAS SECAS SOBRE LAJE, ADERIDO, ACABAMENTO NÃO REFORÇADO, ESPESSURA 2CM. AF_07/2021
F64: BANHEIRO | H64: BANHEIRO | K64: TOTAL= | L64: =SUM(L67:L91) -> 736.73
K65: ACUMULADO | L65: 231.18
K66: BM06= | L66: =L64-L65 -> 505.55
B67: PEQUENOS PROCEDIMENTO | D67: 1 | E67: 5.2 | G67: 5.6 | K67: =(E67*G67)+(F67*H67) -> 29.12 | L67: =K67*D67 -> 29.12
B68: SALA DE COLETA | D68: 1 | E68: 5.2 | G68: 5.6 | K68: =(E68*G68)+(F68*H68) -> 29.12 | L68: =K68*D68 -> 29.12
B69: SALA DE OBSERVAÇÃO | D69: 1 | E69: 5.2 | G69: 5.6 | K69: =(E69*G69)+(F69*H69) -> 29.12 | L69: =K69*D69 -> 29.12
B70: SALA DE OBSERVAÇÃO | D70: 1 | E70: 5.2 | G70: 5.6 | K70: =(E70*G70)+(F70*H70) -> 29.12 | L70: =K70*D70 -> 29.12
B71: CIRCULAÇÃO ESQUEDA | D71: 1 | E71: 2 | G71: 20 | K71: =(E71*G71)+(F71*H71) -> 40 | L71: =K71*D71 -> 40
B72: CIRCULAÇÃO ATRAS | D72: 1 | E72: 2 | G72: 34.7 | K72: =(E72*G72)+(F72*H72) -> 69.4 | L72: =K72*D72 -> 69.4
K73: =(E73*G73)+(F73*H73) -> 0 | L73: =K73*D73 -> 0
B74: SALA DE TELEMEDICINA | D74: 1 | E74: 4.3 | G74: 3 | K74: =(E74*G74)+(F74*H74) -> 12.9 | L74: =K74*D74 -> 12.9
B75: SALA DE QUIMIOTERAPIA | D75: 1 | E75: 8.7 | G75: 6 | K75: =(E75*G75)+(F75*H75) -> 52.2 | L75: =K75*D75 -> 52.2
B76: SALA FISIOTERAPIA | D76: 1 | E76: 7.5 | G76: 4 | K76: =(E76*G76)+(F76*H76) -> 30 | L76: =K76*D76 -> 30
B77: CIRCULAÇÃO CENTRAL | D77: 1 | E77: 14.6 | G77: 2.7 | K77: =(E77*G77)+(F77*H77) -> 39.42 | L77: =K77*D77 -> 39.42
B78: CONSULTÓRIO MÉDICO 01 | D78: 1 | E78: 6.3 | F78: 3.9 | G78: 3.9 | H78: 1.4 | K78: =(E78*G78)+(F78*H78) -> 30.03 | L78: =K78*D78 -> 30.03
B79: CONSULTÓRIO MÉDICO 02 | D79: 1 | E79: 6.3 | G79: 3.9 | K79: =(E79*G79)+(F79*H79) -> 24.57 | L79: =K79*D79 -> 24.57
B80: SALA FINANCEIRO | D80: 1 | E80: 3.2 | G80: 3.5 | K80: =(E80*G80)+(F80*H80) -> 11.2 | L80: =K80*D80 -> 11.2
B81: DEPÓSITO | D81: 1 | E81: 5 | G81: 4.2 | K81: =(E81*G81)+(F81*H81) -> 21 | L81: =K81*D81 -> 21
B82: SALA DIRETORIA | D82: 1 | E82: 3.5 | F82: 1.5 | G82: 3 | H82: 1.6 | K82: =(E82*G82)+(F82*H82) -> 12.9 | L82: =K82*D82 -> 12.9
B83: LAVANDERIA | D83: 1 | E83: 4.2 | G83: 3.1 | K83: =(E83*G83)+(F83*H83) -> 13.02 | L83: =K83*D83 -> 13.02
B84: LAVAGEM,ROTULAÇÃO,BARREIRA | D84: 1 | E84: 7 | G84: 4.6 | K84: =(E84*G84)+(F84*H84) -> 32.2 | L84: =K84*D84 -> 32.2
B85: REFEITÓRIO | D85: 1 | E85: 3.7 | G85: 4.2 | K85: =(E85*G85)+(F85*H85) -> 15.54 | L85: =K85*D85 -> 15.54
B86: CIRCULAÇÃO LADO DIREITO | D86: 1 | E86: 34.7 | G86: 1.9 | K86: =(E86*G86)+(F86*H86) -> 65.93 | L86: =K86*D86 -> 65.93
B87: BANHEIRO LADO DIREITO | D87: 1 | E87: 3.5 | G87: 2.7 | K87: =(E87*G87)+(F87*H87) -> 9.45 | L87: =K87*D87 -> 9.45
B88: ASSISTENCIA SOCIAL | D88: 1 | E88: 3.4 | F88: 2.2 | G88: 3.1 | H88: 1 | K88: =(E88*G88)+(F88*H88) -> 12.74 | L88: =K88*D88 -> 12.74
B89: BANHEIRO RECEPÇÃO | D89: 1 | E89: 2.2 | G89: 1 | K89: =(E89*G89)+(F89*H89) -> 2.2 | L89: =K89*D89 -> 2.2
B90: BANHEIRO RECEPÇÃO | D90: 1 | E90: 5.9 | G90: 4.5 | K90: =(E90*G90)+(F90*H90) -> 26.55 | L90: =K90*D90 -> 26.55
B91: RECEPÇÃO | D91: 1 | E91: 15 | G91: 6.6 | K91: =(E91*G91)+(F91*H91) -> 99 | L91: =K91*D91 -> 99
A94: 9.2 | B94: =[6]BM_05!B120 -> SISTEMA PREDIAL DE ÁGUA FRIA - NBR 5626
A95: =[6]BM_05!A121 -> 9.2.1 | B95: =[6]BM_05!B121 -> TUBO, PVC, SOLDÁVEL, DN 60MM, INSTALADO EM PRUMADA DE ÁGUA - FORNECIMENTO E INSTALAÇÃO. AF_12/2014
B97: REDE DE DISTRIBUIÇÃO GERAL | L97: 23
A99: =[6]BM_05!A122 -> 9.2.2 | B99: =[6]BM_05!B122 -> TUBO, PVC, SOLDÁVEL, DN 50MM, INSTALADO EM PRUMADA DE ÁGUA - FORNECIMENTO E INSTALAÇÃO. AF_12/2014
B101: REDE DE DISTRIBUIÇÃO GERAL | L101: 166
A103: =[6]BM_05!A123 -> 9.2.3 | B103: =[6]BM_05!B123 -> TUBO, PVC, SOLDÁVEL, DN 25MM, INSTALADO EM RAMAL OU SUB-RAMAL DE ÁGUA - FORNECIMENTO E INSTALAÇÃO. AF_12/2014
L104: =SUM(L105:L129) -> 231.9
B105: PEQUENOS PROCEDIMENTOS | D105: 1 | E105: 7.8 | L105: =D105*E105 -> 7.8
B106: SALA COLETA DE SANGUE | D106: 1 | E106: 6.5 | L106: =D106*E106 -> 6.5
B107: SALA DE OBSERVAÇÃO | D107: 1 | E107: 13.3 | L107: =D107*E107 -> 13.3
B108: SALA DE OBSERVAÇÃO 2 | D108: 1 | E108: 13.3 | L108: =D108*E108 -> 13.3
B109: CIRCULAÇÃO LADO ESQUERDO | D109: 1 | L109: =D109*E109 -> 0
B110: POSTO DE ENFERMAGEM | D110: 1 | L110: =D110*E110 -> 0
B111: SALA DE UTILIDADES | D111: 1 | E111: 2.1 | L111: =D111*E111 -> 2.1
B112: WC FEM. | D112: 1 | E112: 6.8 | L112: =D112*E112 -> 6.8
B113: WC MASC. | D113: 1 | E113: 3.6 | L113: =D113*E113 -> 3.6
B114: SALA DE UTILIDADES | D114: 1 | E114: 2.6 | L114: =D114*E114 -> 2.6
B115: SALA DE TELEMEDICINA | D115: 1 | E115: 2.3 | L115: =D115*E115 -> 2.3
B116: BANHEIRO QUIOTERAPIA | D116: 1 | E116: 11 | L116: =D116*E116 -> 11
B117: CONSULTORIO E BANHEIRO 01 | D117: 1 | E117: 22 | L117: =D117*E117 -> 22
...
